Workbook
Name __shared_2_1_0: """ROUND([.A1]*[.C1]/[.B1];2)"""
Name __shared_2_2_0: """ROUND([.A1]*[.C1]/[.B1];2)"""
Name __shared_2_3_0: """[.A1]+[.$E$100]"""
Name __shared_4_14_0: """[.A1]*[.$D$24]"""
Name __shared_4_15_0: """[.A1]*[.$E$24]"""
Name __shared_4_16_0: """[.A1]*[.$F$24]"""
Name __shared_4_17_0: """[.A1]*[.$G$24]"""
Name __shared_4_18_0: """[.A1]*[.$H$24]"""
Name __shared_4_19_0: """SUM([.A1:.A7])"""
Name __shared_4_21_0: """[.A1]*[.$D$24]"""
Name __shared_4_22_0: """[.A1]*[.$E$24]"""
Name __shared_4_23_0: """[.A1]*[.$F$24]"""
Name __shared_4_24_0: """[.A1]*[.$G$24]"""
Name __shared_4_25_0: """[.A1]*[.$H$24]"""
Name __shared_4_26_0: """SUM([.A1:.A8])"""
Name __shared_4_3_0: """ROUND([.$D$24]*[.A1];2)"""
Name __shared_4_4_0: """[.$E$24]*[.A1]"""
Name __shared_4_5_0: """[.$F$24]*[.A1]"""
Name __shared_4_6_0: """[.$G$24]*[.A1]"""
Name __shared_4_7_0: """[.$H$24]*[.A1]"""
Name __shared_6_0_0: """[.A1]*[.B1]"""
Name __shared_6_1_0: """[.A1]*[.B1]"""
Name __shared_7_0_0: """ROUND([.$D$24]*[.A1];2)"""
Name __shared_7_1_0: """[.$E$24]*[.A1]"""
Name __shared_7_10_0: """[.A1]*[.$E$24]"""
Name __shared_7_11_0: """[.A1]*[.$F$24]"""
Name __shared_7_12_0: """[.A1]*[.$G$24]"""
Name __shared_7_13_0: """[.A1]*[.$H$24]"""
Name __shared_7_14_0: """SUM([.A1:.A7])"""
Name __shared_7_15_0: """[.A1]*[.$D$24]"""
Name __shared_7_16_0: """[.A1]*[.$E$24]"""
Name __shared_7_17_0: """[.A1]*[.$F$24]"""
Name __shared_7_18_0: """[.A1]*[.$G$24]"""
Name __shared_7_19_0: """[.A1]*[.$H$24]"""
Name __shared_7_2_0: """[.$F$24]*[.A1]"""
Name __shared_7_20_0: """SUM([.A1:.A8])"""
Name __shared_7_3_0: """[.$G$24]*[.A1]"""
Name __shared_7_4_0: """[.$H$24]*[.A1]"""
Name __shared_7_9_0: """[.A1]*[.$D$24]"""
Name __shared_9_13_0: """[.A1]*[.$D$24]"""
Name __shared_9_14_0: """[.A1]*[.$E$24]"""
Name __shared_9_15_0: """[.A1]*[.$F$24]"""
Name __shared_9_16_0: """[.A1]*[.$G$24]"""
Name __shared_9_17_0: """[.A1]*[.$H$24]"""
Name __shared_9_18_0: """SUM([.A1:.A7])"""
Name __shared_9_2_0: """ROUND([.$D$24]*[.A1];2)"""
Name __shared_9_20_0: """[.A1]*[.$D$24]"""
Name __shared_9_21_0: """[.A1]*[.$E$24]"""
Name __shared_9_22_0: """[.A1]*[.$F$24]"""
Name __shared_9_23_0: """[.A1]*[.$G$24]"""
Name __shared_9_24_0: """[.A1]*[.$H$24]"""
Name __shared_9_25_0: """SUM([.A1:.A8])"""
Name __shared_9_3_0: """[.$E$24]*[.A1]"""
Name __shared_9_4_0: """[.$F$24]*[.A1]"""
Name __shared_9_5_0: """[.$G$24]*[.A1]"""
Name __shared_9_6_0: """[.$H$24]*[.A1]"""
Name COFINS: #REF!
Name COFINS: #REF!
Name COFINS: #REF!
Name COFINS: #REF!

Sheet Consolidada
A1: PROPOSTA DE PREÇOS
A3: SERVIÇO DE APOIO ÀS MICRO E PEQUENAS EMPRESAS DO ESTADO DO RIO GRANDE DO SUL – Sebrae RS
A4: PREGÃO ELETRÔNICO Nº 53/2022
A5: Processo Administrativo n° 21042.009963/2022-76
A6: DATA DA ABERTURA: 22/11/2022 | F6: HORA: 09:00h
A7: IDENTIFICAÇÃO DO PROPONENTE:
A9: RAZÃO SOCIAL: LIDERANÇA LIMPEZA E CONSERVAÇÃO LTDA
A10: CNPJ: 00.482.840/0001-38
A11: ENDEREÇO: Rua Antonio Mariano de Souza, 775 - Ipiranga - São José/SC - CEP 88111-510
A12: FONE/FAX: 48 3733-3101
A13: E-MAIL: licitacoes@lideranca.com.br
A14: AGENCIA E Nº. DA CONTA NO BANCO DO BRASIL: BB 001 - Ag 3125-9 e CC 75669-5
A16: OBJETO:
A18: CONTRATAÇÃO DE EMPRESA ESPECIALIZADA NA PRESTAÇÃO DE SERVIÇOS DE LIMPEZA E DE AUXILIAR DE MANUTENÇÃO PREDIAL PARA AS UNIDADES REGIONAIS DO SEBRAE RS, conforme especificações estabelecidas neste Edital e seus Anexos.
A20: CONDIÇÕES GERAIS:
A22: As relações empregado/empregador, concernentes ao controle de frequência, disciplina, folha de pagamento e demais obrigações de Lei serão sempre de inteira e exclusiva responsabilidade desta empresa.
A24: PREÇO DO SERVIÇO:
A26: Item | B26: DESCRIÇÃO | C26: Quantidade | D26: Valor Unitário | E26: Valor Mensal | F26: Valor Total 12 Meses
A27: 1 | B27: =Canoas!A11 -> Servente 30 horas Canoas | C27: 1 | D27: =Canoas!E118 -> 3620.59 | E27: =C27*D27 -> 3620.59 | F27: =E27*12 -> 43447.08 | J27: Valor estimado
A28: 2 | B28: ='CX Sul'!A11 -> Servente 44 horas Caxias do Sul | C28: 1 | D28: ='CX Sul'!E118 -> 4875.35 | E28: =C28*D28 -> 4875.35 | F28: =E28*12 -> 58504.2
A29: 3 | B29: ='CX Man'!A11 -> Manutenção 44 horas Caxias do Sul | C29: 1 | D29: ='CX Man'!E118 -> 3679.61 | E29: =C29*D29 -> 3679.61 | F29: =E29*12 -> 44155.32
A30: 4 | B30: =CD!A11 -> Servente 30 horas Centro de Distribuição | C30: 1 | D30: =CD!E118 -> 3600.51 | E30: =C30*D30 -> 3600.51 | F30: =E30*12 -> 43206.12
A31: 5 | B31: =Erechim!A11 -> Servente 30 horas Erechim | C31: 1 | D31: =Erechim!E118 -> 3559.49 | E31: =C31*D31 -> 3559.49 | F31: =E31*12 -> 42713.88
A32: 6 | B32: =Gravataí!A11 -> Servente 30 horas Gravataí | C32: 1 | D32: =Gravataí!E118 -> 3587.14 | E32: =C32*D32 -> 3587.14 | F32: =E32*12 -> 43045.68
A33: 7 | B33: =Ijuí!A11 -> Servente 40 horas Ijuí | C33: 1 | D33: =Ijuí!E118 -> 4418.25 | E33: =C33*D33 -> 4418.25 | F33: =E33*12 -> 53019
A34: 8 | B34: =Lajeado!A11 -> Servente 30 horas Lajeado | C34: 1 | D34: =Lajeado!E118 -> 3610.63 | E34: =C34*D34 -> 3610.63 | F34: =E34*12 -> 43327.56
A35: 9 | B35: ='Composição de Custos'!A16 -> Auxiliar de Limpeza | C35: 1 | D35: ='Composição de Custos'!E130 -> 43.08 | E35: =C35*D35 -> 43.08 | F35: =E35*12 -> 516.96
A36: 10 | B36: =#REF! -> #REF! | C36: 1 | D36: =#REF! -> #REF! | E36: =C36*D36 -> #REF! | F36: =E36*12 -> #REF!
A37: 11 | B37: ='Nov Ham'!A11 -> Servente 30 horas Novo Hamburgo | C37: 1 | D37: ='Nov Ham'!E118 -> 3570.57 | E37: =C37*D37 -> 3570.57 | F37: =E37*12 -> 42846.84
A38: 12 | B38: ='Pass Fun'!A11 -> Servente 30 horas Passo Fundo | C38: 1 | D38: ='Pass Fun'!E118 -> 3615.89 | E38: =C38*D38 -> 3615.89 | F38: =E38*12 -> 43390.68
A39: 13 | B39: =Pelotas!A11 -> Servente 30 horas Pelotas | C39: 1 | D39: =Pelotas!E118 -> 3651.12 | E39: =C39*D39 -> 3651.12 | F39: =E39*12 -> 43813.44
A40: 14 | B40: ='Sat Crz'!A11 -> Servente 30 horas Santa Cruz do Sul | C40: 1 | D40: ='Sat Crz'!E118 -> 3563.01 | E40: =C40*D40 -> 3563.01 | F40: =E40*12 -> 42756.12
A41: 15 | B41: ='Sta Mr'!A11 -> Servente 30 horas Santa Maria | C41: 1 | D41: ='Sta Mr'!E118 -> 3671.72 | E41: =C41*D41 -> 3671.72 | F41: =E41*12 -> 44060.64
A42: 16 | B42: =Livram!A11 -> Servente 30 horas Santana do Livramento | C42: 1 | D42: =Livram!E118 -> 3528.95 | E42: =C42*D42 -> 3528.95 | F42: =E42*12 -> 42347.4
A43: 17 | B43: ='Sao Leopo'!A11 -> Servente 30 horas São Leopoldo | C43: 1 | D43: ='Sao Leopo'!E118 -> 3604.14 | E43: =C43*D43 -> 3604.14 | F43: =E43*12 -> 43249.68
A44: VALOR TOTAL | E44: =ROUND(SUM(E27:E43),2) -> #REF! | F44: =ROUND(SUM(F27:F43),2) -> #REF!
A45: =[1]!VExtensoFree(F44) -> #NAME?
A46: A validade de proposta será de 180 (cento e oitenta) dias da sua apresentação. | I46: Lance | J46: 745561.8
A47: Convenção coletiva utilizada: SIND DAS EMPR DE ASSEIO E CONSERVACAO DO EST DO R G S, CNPJ n. 87.078.325/0001-75 e SINDICATO DOS TRABALHADORES EM EMP. DE ASSEIO, CONSERV, ZELADORIA, RECICL DE LIXO, LIMPEZA URB, AMBIENTAL E DE AREAS VERDES E EMP. DE SER TERCEIRIZ., CNPJ n. 10.141.903/0001-46, de 01º de janeiro de 2022 a 31 de dezembro de 2022 e a data-base da categoria em 01º de janeiro REGISTRO NO MTE: RS000043/2022.
A48: Declaro estarem incluídos nos preços cotados todos os impostos, taxas, fretes, seguros, custos operacionais, encargos previdenciários, trabalhistas, sociais, tributários, comerciais, bem como quaisquer outras despesas, diretas e indiretas, incidentes sobre o objeto do Pregão, nada mais sendo lícito pleitear a esse título.
A49: Declaramos que concordamos com todos os termos do edital e anexos.
A50: São José/SC, 22 de novembro de 2022.
A53: Liderança Limpeza e Conservação Ltda
A54: CNPJ: 00.482.840/0001-38
A55: Willian Lopes de Aguiar
A56: Representante Legal

Sheet Canoas
A1: PLANILHA DE FORMAÇÃO DE PREÇOS PARA APRESENTAÇÃO DA PROPOSTA
A3: Discriminação dos Serviços
A4: A | B4: Data de apresentação da proposta | E4: 44887
A5: B | B5: Município | E5: Canoas/RS
A6: C | B6: Ano do Acordo, Convenção ou Dissídio Coletivo | E6: 2022
A7: D | B7: Nº de meses de execução contratual | E7: 12
A9: Identificação do Serviço
A10: Tipo de Serviço | C10: Unidade de Medida | D10: Quantidade total a contratar (em função da unidade de medida)
A11: Servente 30 horas Canoas | C11: POSTO | D11: 1
A13: Dados para composição dos custos referentes à mão de obra
A14: 1 | B14: Tipo de serviço (mesmo serviço com características distintas) | E14: Asseio e Conservação
A15: 2 | B15: Classificação Brasileira de Ocupações (CBO) | E15: 5143
A16: 3 | B16: Salário Nominativo da Categoria Profissional | E16: 1431.04
A17: 4 | B17: Categoria profissional (vinculada à execução contratual) | E17: =A11 -> Servente 30 horas Canoas
A18: 5 | B18: Data base da categoria (dia/mês/ano) | E18: 44562
A20: MÓDULO 1 - COMPOSIÇÃO DA REMUNERAÇÃO
A21: 1 | B21: COMPOSIÇÃO DA REMUNERAÇÃO | D21: % | E21: VALOR (R$)
A22: A | B22: Salário Base | D22: 0 | E22: =ROUND((E16/220)*150,2) -> 975.71
A23: B | B23: Adicional de Insalubridade | D23: 0.4 | E23: =E16*D23 -> 572.416
A24: C | B24: Adicional de Periculosidade | D24: 0 | E24: 0
A25: D | B25: Adicional Noturno | D25: 0 | E25: 0
A26: C | B26: Hora Noturna Reduzida | D26: 0 | E26: 0
A27: D | B27: Feriado Trabalhado | D27: 0 | E27: 0
A28: E | B28: Outros | D28: 0 | E28: 0
A29: F | B29: Reflexo sobre o D.S.R | D29: 0 | E29: 0
A30: Subtotal módulo 1 (incide encargos sociais e trabalhistas) | E30: =SUM(E22:E29) -> 1548.126
A32: MÓDULO 2 – ENCARGOS E BENEFÍCIOS ANUAIS, MENSAIS E DIÁRIOS
A33: Submódulo 2.1 - 13º Salário, Férias e Adicional de Férias | D33: % | E33: VALOR (R$)
A34: A | B34: 13 (Décimo-terceiro) salário | D34: 0.0833 | E34: =ROUND(D34*$E$30,2) -> 128.96
A35: B | B35: Férias e Adicional de Férias | D35: 0.1111 | E35: =ROUND(D35*$E$30,2) -> 172
A36: TOTAL SUBMÓDULO 2.1 | D36: =SUM(D34:D35) -> 0.1944 | E36: =SUM(E34:E35) -> 300.96
A38: Submódulo 2.2 - GPS, FGTS e Outras Contribuições | D38: % | E38: VALOR (R$)
A39: A | B39: INSS | D39: 0.2 | E39: =ROUND(D39*($E$30+$E$36),2) -> 369.82
A40: B | B40: Salário Educação | D40: 0.025 | E40: =ROUND(D40*($E$30+$E$36),2) -> 46.23
A41: C | B41: SAT (Seguro Acidente de Trabalho) | D41: 0.0333 | E41: =ROUND(D41*($E$30+$E$36),2) -> 61.57
A42: D | B42: SESC ou SESI | D42: 0.015 | E42: =ROUND(D42*($E$30+$E$36),2) -> 27.74
A43: E | B43: SENAI - SENAC | D43: 0.01 | E43: =ROUND(D43*($E$30+$E$36),2) -> 18.49
A44: F | B44: SEBRAE | D44: 0.006 | E44: =ROUND(D44*($E$30+$E$36),2) -> 11.09
A45: G | B45: INCRA | D45: 0.002 | E45: =ROUND(D45*($E$30+$E$36),2) -> 3.7
A46: H | B46: FGTS | D46: 0.08 | E46: =ROUND(D46*($E$30+$E$36),2) -> 147.93
A47: TOTAL SUBMÓDULO 2.2 | D47: =SUM(D39:D46) -> 0.3713 | E47: =SUM(E39:E46) -> 686.57
A49: Submódulo 2.3 - Benefícios Mensais e Diários | D49: % | E49: VALOR (R$)
A50: A | B50: ="Auxílio Transporte Público: [ (Valor da Tarifa: R$ "&F50&" x "&G50&" dias trabalhados x 2 passagens por dia) - (Salário base x 6% de desconto legal) ]" -> Auxílio Transporte Público: [ (Valor da Tarifa: R$ 4,8 x 21 dias trabalhados x 2 passagens por dia) - (Salário base x 6% de desconto legal) ] | D50: - | E50: =IF(ROUND((G50*2*F50)-(0.06*E22),2)<=0,0,ROUND((G50*2*F50)-(0.06*E22),2)) -> 143.06 | F50: 4.8 | G50: 21
A51: B | B51: ="Auxílio Alimentação (Vales, cesta básica etc.): [ (Valor do V.A: R$ "&F51&" x "&G51&" vale por mês) - desconto legal de "&H51*100&"%]" -> Auxílio Alimentação (Vales, cesta básica etc.): [ (Valor do V.A: R$ 11 x 21 vale por mês) - desconto legal de 19%] | D51: - | E51: =ROUND((F51*G51)-(F51*G51*H51),2) -> 187.11 | F51: 11 | G51: 21 | H51: 0.19
A52: C | B52: Benefício Social familiar | D52: - | E52: 18.5
A53: D | B53: Outros | D53: - | E53: 0
A54: TOTAL SUBMÓDULO 2.3 | E54: =SUM(E50:E53) -> 348.67
A56: QUADRO-RESUMO DO MÓDULO 2 - ENCARGOS, BENEFÍCIOS ANUAIS, MENSAIS E DIÁRIOS
A57: Módulo 2 - Encargos, Benefícios Anuais, Mensais e Diários | E57: VALOR (R$)
A58: 2.1 | B58: 13º Salário, Férias e Adicional de Férias | E58: =E36 -> 300.96
A59: 2.2 | B59: GPS, FGTS e Outras Contribuições | E59: =E47 -> 686.57
A60: 2.3 | B60: Benefícios Mensais e Diários | E60: =E54 -> 348.67
A61: TOTAL DO MÓDULO 2 | E61: =SUM(E58:E60) -> 1336.2
A63: MÓDULO 3 – PROVISÃO PARA RESCISÃO
A64: 3 | B64: PROVISÃO PARA RESCISÃO | D64: % | E64: VALOR (R$)
A65: A | B65: Aviso Prévio Indenizado | D65: 0.0042 | E65: =ROUND(D65*$E$30,2) -> 6.5
A66: B | B66: Incidência do FGTS sobre Aviso Prévio Indenizado | D66: =D46*D65 -> 0.000336 | E66: =ROUND(D66*$E$30,2) -> 0.52
A67: C | B67: Multa do FGTS e Contribuição Social sobre o Aviso Prévio Indenizado | D67: 0.0349 | E67: =ROUND(D67*$E$30,2) -> 54.03
A68: D | B68: Aviso Prévio Trabalhado | D68: ='Memória Encargos'!C50 -> 0.0019 | E68: =ROUND(D68*$E$30,2) -> 2.94
A69: E | B69: Incidência dos encargos do submódulo 2.2 sobre Aviso Prévio Trabalhado | D69: =D47*D68 -> 0.00070547 | E69: =ROUND(D69*$E$30,2) -> 1.09
A70: F | B70: Multa do FGTS e Contribuição Social sobre o Aviso Prévio Trabalhado | D70: ='Memória Encargos'!C62 -> 0.0051 | E70: =ROUND(D70*$E$30,2) -> 7.9
A71: TOTAL DO MÓDULO 3 | D71: =SUM(D65:D70) -> 0.04714147 | E71: =SUM(E65:E70) -> 72.98
A73: MÓDULO 4 – CUSTO DE REPOSIÇÃO DO PROFISSIONAL AUSENTE
B74: Submódulo 4.1 - Substituto nas Ausências Legais | D74: % | E74: VALOR (R$)
A75: A | B75: Substituto na cobertura de Férias | D75: 0.0093 | E75: =ROUND(D75*$E$30,2) -> 14.4
A76: B | B76: Substituto na cobertura de Ausências Legais | D76: 0.0056 | E76: =ROUND(D76*$E$30,2) -> 8.67
A77: C | B77: Substituto na cobertura de Licença-Paternidade | D77: 0.0006 | E77: =ROUND(D77*$E$30,2) -> 0.93
A78: D | B78: Substituto na cobertura de Ausência por acidente de trabalho | D78: 0.0033 | E78: =ROUND(D78*$E$30,2) -> 5.11
A79: E | B79: Substituto na cobertura de Afastamento Maternidade | D79: 0.0004 | E79: =ROUND(D79*$E$30,2) -> 0.62
A80: TOTAL SUBMÓDULO 4.1 | D80: =SUM(D75:D79) -> 0.0192 | E80: =SUM(E75:E79) -> 29.73
A82: Submódulo 4.2 - Substituto na Intrajornada | D82: % | E82: VALOR (R$)
A83: A | B83: Substituto na cobertura de Intervalo para repouso ou alimentação | D83: 0 | E83: =ROUND(D83*$E$30,2) -> 0
A84: TOTAL SUBMÓDULO 4.2 | D84: =SUM(D83) -> 0 | E84: =ROUND(SUM(E83:E83),2) -> 0
J85: Diz que estas vendo a questão dos calculos e insalubridade...
A86: QUADRO-RESUMO DO MÓDULO 4 - CUSTO DE REPOSIÇÃO DO PROFISSIONAL AUSENTE
A87: Módulo 4 - Custo de Reposição do Profissional Ausente | E87: VALOR (R$)
A88: 4.1 | B88: Substituto nas Ausências Legais | E88: =E80 -> 29.73
A89: 4.2 | B89: Substituto na Intrajornada | E89: =E84 -> 0
A90: TOTAL DO MÓDULO 4 | E90: =SUM(E88:E89) -> 29.73
A92: MÓDULO 5 – INSUMOS DIVERSOS
A93: 5 | B93: INSUMOS DIVERSOS | E93: VALOR (R$)
A94: A | B94: Uniforme/EPIs | D94: - | E94: =Materiais!F20 -> 0
A95: B | B95: Materiais | D95: - | E95: =Materiais!F40 -> 0
A96: C | B96: Equipamentos | D96: - | E96: =Materiais!F59 -> 0 | H96: =(E36+E47+E71+E80)/E30 -> 0.70423208
A97: TOTAL DO MÓDULO 5 | D97: - | E97: =SUM(E94:E96) -> 0 | H97: =(E36+E47+E71+E80+E101+E102)/E30 -> 0.87142132
A99: MÓDULO 6 – CUSTOS INDIRETOS, TRIBUTOS E LUCRO
A100: 6 | B100: CUSTOS INDIRETOS, TRIBUTOS E LUCRO | D100: % | E100: VALOR (R$) | I100: Mensal | J100: Global
A101: A | B101: Custos Indiretos | D101: 0.03 | E101: =ROUND(E116*D101,2) -> 89.61 | H101: Estimado
A102: B | B102: Lucro | D102: 0.055 | E102: =ROUND((E116+E101)*D102,2) -> 169.22 | H102: Proposta | I102: =Consolidada!F44 -> #REF!
A103: C | B103: TRIBUTOS | K103: Lance | L103: 745561.8
A104: C.1 | B104: PIS - Opção pelo Lucro Real - utilizada a média de recolhimento dos últimos 12 meses | D104: ='Apuração SPED'!F16 -> 0.013110871 | E104: =ROUND((($E$116+$E$101+$E$102)/(1-($D$104+$D$105+$D$106)))*D104,2) -> 47.47
A105: C.2 | B105: COFINS - Opção pelo Lucro Real - utilizada a média de recolhimento dos últimos 12 meses | D105: ='Apuração SPED'!F33 -> 0.060385251 | E105: =ROUND((($E$116+$E$101+$E$102)/(1-($D$104+$D$105+$D$106)))*D105,2) -> 218.63
A106: C.3 | B106: ISS - Alíquota vigente no local da prestação dos serviços | D106: 0.03 | E106: =ROUND((($E$116+$E$101+$E$102)/(1-($D$104+$D$105+$D$106)))*D106,2) -> 108.62
A107: TOTAL DO MÓDULO 6 | D107: =SUM(D101:D106) -> 0.18849612 | E107: =SUM(E101:E106) -> 633.55
A109: QUADRO RESUMO DO CUSTO POR EMPREGADO
A110: Mão de Obra vinculada à execução contratual (valor por empregado) | E110: VALOR (R$)
A111: A | B111: MÓDULO 1 - COMPOSIÇÃO DA REMUNERAÇÃO | E111: =E30 -> 1548.126
A112: B | B112: MÓDULO 2 – ENCARGOS E BENEFÍCIOS ANUAIS, MENSAIS E DIÁRIOS | E112: =E61 -> 1336.2
A113: C | B113: MÓDULO 3 – PROVISÃO PARA RESCISÃO | E113: =E71 -> 72.98
A114: D | B114: MÓDULO 4 – CUSTO DE REPOSIÇÃO DO PROFISSIONAL AUSENTE | E114: =E90 -> 29.73
...

Sheet Uniforme e EPIs
A1: Item | B1: Descrição Uniforme | C1: Unidade | D1: Quantidade | E1: Depreciação | F1: Unitário | G1: Total | H1: Mensal
A2: 1 | B2: Calça tecido brim azul marinho | C2: Unidade | D2: 3 | E2: 6 | F2: 14 | G2: =ROUND(D2*F2,2) -> 42 | H2: =ROUND(G2/E2,2) -> 7
A3: 2 | B3: Camiseta cinza manga-curta gola redonda, em algodão.Com a logomarca da empresa. | C3: Unidade | D3: 4 | E3: 6 | F3: 15 | G3: =ROUND(D3*F3,2) -> 60 | H3: =ROUND(G3/E3,2) -> 10
A4: 3 | B4: Camiseta cinza manga-longa, gola redonda, em algodão. .Com a logomarca da empresa. | C4: Unidade | D4: 2 | E4: 6 | F4: 17 | G4: =ROUND(D4*F4,2) -> 34 | H4: =ROUND(G4/E4,2) -> 5.67
A5: 4 | B5: Blusão de lã gola V .Com a logomarca da empresa. | C5: Unidade | D5: 1 | E5: 6 | F5: 20 | G5: =ROUND(D5*F5,2) -> 20 | H5: =ROUND(G5/E5,2) -> 3.33
A6: 5 | B6: Japona forrada de nylon com bolso e touca. | C6: unidade | D6: 1 | E6: 12 | F6: 25 | G6: =ROUND(D6*F6,2) -> 25 | H6: =ROUND(G6/E6,2) -> 2.08
A7: 6 | B7: Tênis profissional com sola antiderrapante, preto. | C7: unidade | D7: 1 | E7: 12 | F7: 30 | G7: =ROUND(D7*F7,2) -> 30 | H7: =ROUND(G7/E7,2) -> 2.5
A8: Valor Total Mensal por Colaborador | H8: =ROUND(SUM(H2:H7),20) -> 30.58

Sheet CX Sul
A1: PLANILHA DE FORMAÇÃO DE PREÇOS PARA APRESENTAÇÃO DA PROPOSTA
A3: Discriminação dos Serviços
A4: A | B4: Data de apresentação da proposta | E4: 44887
A5: B | B5: Município | E5: Caxias do Sul/RS
A6: C | B6: Ano do Acordo, Convenção ou Dissídio Coletivo | E6: 2022
A7: D | B7: Nº de meses de execução contratual | E7: 12
A9: Identificação do Serviço
A10: Tipo de Serviço | C10: Unidade de Medida | D10: Quantidade total a contratar (em função da unidade de medida)
A11: Servente 44 horas Caxias do Sul | C11: POSTO | D11: 1
A13: Dados para composição dos custos referentes à mão de obra
A14: 1 | B14: Tipo de serviço (mesmo serviço com características distintas) | E14: Asseio e Conservação
A15: 2 | B15: Classificação Brasileira de Ocupações (CBO) | E15: 5143
A16: 3 | B16: Salário Nominativo da Categoria Profissional | E16: 1431.04
A17: 4 | B17: Categoria profissional (vinculada à execução contratual) | E17: =A11 -> Servente 44 horas Caxias do Sul
A18: 5 | B18: Data base da categoria (dia/mês/ano) | E18: 44562
A20: MÓDULO 1 - COMPOSIÇÃO DA REMUNERAÇÃO
A21: 1 | B21: COMPOSIÇÃO DA REMUNERAÇÃO | D21: % | E21: VALOR (R$)
A22: A | B22: Salário Base | D22: 0 | E22: =ROUND((E16/220)*220,2) -> 1431.04
A23: B | B23: Adicional de Insalubridade | D23: 0.4 | E23: =E16*D23 -> 572.416
A24: C | B24: Adicional de Periculosidade | D24: 0 | E24: 0
A25: D | B25: Adicional Noturno | D25: 0 | E25: 0
A26: C | B26: Hora Noturna Reduzida | D26: 0 | E26: 0
A27: D | B27: Feriado Trabalhado | D27: 0 | E27: 0
A28: E | B28: Outros | D28: 0 | E28: 0
A29: F | B29: Reflexo sobre o D.S.R | D29: 0 | E29: 0
A30: Subtotal módulo 1 (incide encargos sociais e trabalhistas) | E30: =SUM(E22:E29) -> 2003.456
A32: MÓDULO 2 – ENCARGOS E BENEFÍCIOS ANUAIS, MENSAIS E DIÁRIOS
A33: Submódulo 2.1 - 13º Salário, Férias e Adicional de Férias | D33: % | E33: VALOR (R$)
A34: A | B34: 13 (Décimo-terceiro) salário | D34: 0.0833 | E34: =ROUND(D34*$E$30,2) -> 166.89
A35: B | B35: Férias e Adicional de Férias | D35: 0.1111 | E35: =ROUND(D35*$E$30,2) -> 222.58
A36: TOTAL SUBMÓDULO 2.1 | D36: =SUM(D34:D35) -> 0.1944 | E36: =SUM(E34:E35) -> 389.47
A38: Submódulo 2.2 - GPS, FGTS e Outras Contribuições | D38: % | E38: VALOR (R$)
A39: A | B39: INSS | D39: 0.2 | E39: =ROUND(D39*($E$30+$E$36),2) -> 478.59
A40: B | B40: Salário Educação | D40: 0.025 | E40: =ROUND(D40*($E$30+$E$36),2) -> 59.82
A41: C | B41: SAT (Seguro Acidente de Trabalho) | D41: 0.0333 | E41: =ROUND(D41*($E$30+$E$36),2) -> 79.68
A42: D | B42: SESC ou SESI | D42: 0.015 | E42: =ROUND(D42*($E$30+$E$36),2) -> 35.89
A43: E | B43: SENAI - SENAC | D43: 0.01 | E43: =ROUND(D43*($E$30+$E$36),2) -> 23.93
A44: F | B44: SEBRAE | D44: 0.006 | E44: =ROUND(D44*($E$30+$E$36),2) -> 14.36
A45: G | B45: INCRA | D45: 0.002 | E45: =ROUND(D45*($E$30+$E$36),2) -> 4.79
A46: H | B46: FGTS | D46: 0.08 | E46: =ROUND(D46*($E$30+$E$36),2) -> 191.43
A47: TOTAL SUBMÓDULO 2.2 | D47: =SUM(D39:D46) -> 0.3713 | E47: =SUM(E39:E46) -> 888.49
A49: Submódulo 2.3 - Benefícios Mensais e Diários | D49: % | E49: VALOR (R$)
A50: A | B50: ="Auxílio Transporte Público: [ (Valor da Tarifa: R$ "&F50&" x "&G50&" dias trabalhados x 2 passagens por dia) - (Salário base x 6% de desconto legal) ]" -> Auxílio Transporte Público: [ (Valor da Tarifa: R$ 6,1 x 21 dias trabalhados x 2 passagens por dia) - (Salário base x 6% de desconto legal) ] | D50: - | E50: =IF(ROUND((G50*2*F50)-(0.06*E22),2)<=0,0,ROUND((G50*2*F50)-(0.06*E22),2)) -> 170.34 | F50: 6.1 | G50: 21
A51: B | B51: ="Auxílio Alimentação (Vales, cesta básica etc.): [ (Valor do V.A: R$ "&F51&" x "&G51&" vale por mês) - desconto legal de "&H51*100&"%]" -> Auxílio Alimentação (Vales, cesta básica etc.): [ (Valor do V.A: R$ 22 x 21 vale por mês) - desconto legal de 19%] | D51: - | E51: =ROUND((F51*G51)-(F51*G51*H51),2) -> 374.22 | F51: 22 | G51: 21 | H51: 0.19
A52: C | B52: Benefício Social familiar | D52: - | E52: 18.5
A53: D | B53: Outros | D53: - | E53: 0
A54: TOTAL SUBMÓDULO 2.3 | E54: =SUM(E50:E53) -> 563.06
A56: QUADRO-RESUMO DO MÓDULO 2 - ENCARGOS, BENEFÍCIOS ANUAIS, MENSAIS E DIÁRIOS
A57: Módulo 2 - Encargos, Benefícios Anuais, Mensais e Diários | E57: VALOR (R$)
A58: 2.1 | B58: 13º Salário, Férias e Adicional de Férias | E58: =E36 -> 389.47
A59: 2.2 | B59: GPS, FGTS e Outras Contribuições | E59: =E47 -> 888.49
A60: 2.3 | B60: Benefícios Mensais e Diários | E60: =E54 -> 563.06
A61: TOTAL DO MÓDULO 2 | E61: =SUM(E58:E60) -> 1841.02
A63: MÓDULO 3 – PROVISÃO PARA RESCISÃO
A64: 3 | B64: PROVISÃO PARA RESCISÃO | D64: % | E64: VALOR (R$)
A65: A | B65: Aviso Prévio Indenizado | D65: 0.0042 | E65: =ROUND(D65*$E$30,2) -> 8.41
A66: B | B66: Incidência do FGTS sobre Aviso Prévio Indenizado | D66: =D46*D65 -> 0.000336 | E66: =ROUND(D66*$E$30,2) -> 0.67
A67: C | B67: Multa do FGTS e Contribuição Social sobre o Aviso Prévio Indenizado | D67: 0.0349 | E67: =ROUND(D67*$E$30,2) -> 69.92
A68: D | B68: Aviso Prévio Trabalhado | D68: ='Memória Encargos'!C50 -> 0.0019 | E68: =ROUND(D68*$E$30,2) -> 3.81
A69: E | B69: Incidência dos encargos do submódulo 2.2 sobre Aviso Prévio Trabalhado | D69: =D47*D68 -> 0.00070547 | E69: =ROUND(D69*$E$30,2) -> 1.41
A70: F | B70: Multa do FGTS e Contribuição Social sobre o Aviso Prévio Trabalhado | D70: ='Memória Encargos'!C62 -> 0.0051 | E70: =ROUND(D70*$E$30,2) -> 10.22
A71: TOTAL DO MÓDULO 3 | D71: =SUM(D65:D70) -> 0.04714147 | E71: =SUM(E65:E70) -> 94.44
A73: MÓDULO 4 – CUSTO DE REPOSIÇÃO DO PROFISSIONAL AUSENTE
B74: Submódulo 4.1 - Substituto nas Ausências Legais | D74: % | E74: VALOR (R$)
A75: A | B75: Substituto na cobertura de Férias | D75: 0.0093 | E75: =ROUND(D75*$E$30,2) -> 18.63
A76: B | B76: Substituto na cobertura de Ausências Legais | D76: 0.0056 | E76: =ROUND(D76*$E$30,2) -> 11.22
A77: C | B77: Substituto na cobertura de Licença-Paternidade | D77: 0.0006 | E77: =ROUND(D77*$E$30,2) -> 1.2
A78: D | B78: Substituto na cobertura de Ausência por acidente de trabalho | D78: 0.0033 | E78: =ROUND(D78*$E$30,2) -> 6.61
A79: E | B79: Substituto na cobertura de Afastamento Maternidade | D79: 0.0004 | E79: =ROUND(D79*$E$30,2) -> 0.8
A80: TOTAL SUBMÓDULO 4.1 | D80: =SUM(D75:D79) -> 0.0192 | E80: =SUM(E75:E79) -> 38.46
A82: Submódulo 4.2 - Substituto na Intrajornada | D82: % | E82: VALOR (R$)
A83: A | B83: Substituto na cobertura de Intervalo para repouso ou alimentação | D83: 0 | E83: =ROUND(D83*$E$30,2) -> 0
A84: TOTAL SUBMÓDULO 4.2 | D84: =SUM(D83) -> 0 | E84: =ROUND(SUM(E83:E83),2) -> 0
A86: QUADRO-RESUMO DO MÓDULO 4 - CUSTO DE REPOSIÇÃO DO PROFISSIONAL AUSENTE
A87: Módulo 4 - Custo de Reposição do Profissional Ausente | E87: VALOR (R$)
A88: 4.1 | B88: Substituto nas Ausências Legais | E88: =E80 -> 38.46
A89: 4.2 | B89: Substituto na Intrajornada | E89: =E84 -> 0
A90: TOTAL DO MÓDULO 4 | E90: =SUM(E88:E89) -> 38.46
A92: MÓDULO 5 – INSUMOS DIVERSOS
A93: 5 | B93: INSUMOS DIVERSOS | E93: VALOR (R$)
A94: A | B94: Uniforme/EPIs | D94: - | E94: =Materiais!F20 -> 0
A95: B | B95: Materiais | D95: - | E95: =Materiais!F40 -> 0
A96: C | B96: Equipamentos | D96: - | E96: =Materiais!F59 -> 0 | H96: =(E36+E47+E71+E80)/E30 -> 0.70421312
A97: TOTAL DO MÓDULO 5 | D97: - | E97: =SUM(E94:E96) -> 0 | H97: =(E36+E47+E71+E80+E101+E102)/E30 -> 0.87623586
A99: MÓDULO 6 – CUSTOS INDIRETOS, TRIBUTOS E LUCRO
A100: 6 | B100: CUSTOS INDIRETOS, TRIBUTOS E LUCRO | D100: % | E100: VALOR (R$) | I100: Mensal | J100: Global
A101: A | B101: Custos Indiretos | D101: 0.03 | E101: =ROUND(E116*D101,2) -> 119.32 | H101: Estimado
A102: B | B102: Lucro | D102: 0.055 | E102: =ROUND((E116+E101)*D102,2) -> 225.32 | H102: Proposta | I102: =Consolidada!F44 -> #REF!
A103: C | B103: TRIBUTOS | K103: Lance | L103: 745561.8
A104: C.1 | B104: PIS - Opção pelo Lucro Real - utilizada a média de recolhimento dos últimos 12 meses | D104: ='Apuração SPED'!F16 -> 0.013110871 | E104: =ROUND((($E$116+$E$101+$E$102)/(1-($D$104+$D$105+$D$106)))*D104,2) -> 63.92
A105: C.2 | B105: COFINS - Opção pelo Lucro Real - utilizada a média de recolhimento dos últimos 12 meses | D105: ='Apuração SPED'!F33 -> 0.060385251 | E105: =ROUND((($E$116+$E$101+$E$102)/(1-($D$104+$D$105+$D$106)))*D105,2) -> 294.4
A106: C.3 | B106: ISS - Alíquota vigente no local da prestação dos serviços | D106: 0.04 | E106: =ROUND((($E$116+$E$101+$E$102)/(1-($D$104+$D$105+$D$106)))*D106,2) -> 195.01
A107: TOTAL DO MÓDULO 6 | D107: =SUM(D101:D106) -> 0.19849612 | E107: =SUM(E101:E106) -> 897.97
A109: QUADRO RESUMO DO CUSTO POR EMPREGADO
A110: Mão de Obra vinculada à execução contratual (valor por empregado) | E110: VALOR (R$)
A111: A | B111: MÓDULO 1 - COMPOSIÇÃO DA REMUNERAÇÃO | E111: =E30 -> 2003.456
A112: B | B112: MÓDULO 2 – ENCARGOS E BENEFÍCIOS ANUAIS, MENSAIS E DIÁRIOS | E112: =E61 -> 1841.02
A113: C | B113: MÓDULO 3 – PROVISÃO PARA RESCISÃO | E113: =E71 -> 94.44
A114: D | B114: MÓDULO 4 – CUSTO DE REPOSIÇÃO DO PROFISSIONAL AUSENTE | E114: =E90 -> 38.46
A115: E | B115: MÓDULO 5 – INSUMOS DIVERSOS | E115: =E97 -> 0
...

Sheet CX Man
A1: PLANILHA DE FORMAÇÃO DE PREÇOS PARA APRESENTAÇÃO DA PROPOSTA
A3: Discriminação dos Serviços
A4: A | B4: Data de apresentação da proposta | E4: 44887
A5: B | B5: Município | E5: Caxias do Sul/RS
A6: C | B6: Ano do Acordo, Convenção ou Dissídio Coletivo | E6: 2022
A7: D | B7: Nº de meses de execução contratual | E7: 12
A9: Identificação do Serviço
A10: Tipo de Serviço | C10: Unidade de Medida | D10: Quantidade total a contratar (em função da unidade de medida)
A11: Manutenção 44 horas Caxias do Sul | C11: POSTO | D11: 1
A13: Dados para composição dos custos referentes à mão de obra
A14: 1 | B14: Tipo de serviço (mesmo serviço com características distintas) | E14: Asseio e Conservação
A15: 2 | B15: Classificação Brasileira de Ocupações (CBO) | E15: 5143
A16: 3 | B16: Salário Nominativo da Categoria Profissional | E16: 1431.04
A17: 4 | B17: Categoria profissional (vinculada à execução contratual) | E17: =A11 -> Manutenção 44 horas Caxias do Sul
A18: 5 | B18: Data base da categoria (dia/mês/ano) | E18: 44562
A20: MÓDULO 1 - COMPOSIÇÃO DA REMUNERAÇÃO
A21: 1 | B21: COMPOSIÇÃO DA REMUNERAÇÃO | D21: % | E21: VALOR (R$)
A22: A | B22: Salário Base | D22: 0 | E22: =ROUND((E16/220)*220,2) -> 1431.04
A23: B | B23: Adicional de Insalubridade | D23: 0 | E23: =E16*D23 -> 0
A24: C | B24: Adicional de Periculosidade | D24: 0 | E24: 0
A25: D | B25: Adicional Noturno | D25: 0 | E25: 0
A26: C | B26: Hora Noturna Reduzida | D26: 0 | E26: 0
A27: D | B27: Feriado Trabalhado | D27: 0 | E27: 0
A28: E | B28: Outros | D28: 0 | E28: 0
A29: F | B29: Reflexo sobre o D.S.R | D29: 0 | E29: 0
A30: Subtotal módulo 1 (incide encargos sociais e trabalhistas) | E30: =SUM(E22:E29) -> 1431.04
A32: MÓDULO 2 – ENCARGOS E BENEFÍCIOS ANUAIS, MENSAIS E DIÁRIOS
A33: Submódulo 2.1 - 13º Salário, Férias e Adicional de Férias | D33: % | E33: VALOR (R$)
A34: A | B34: 13 (Décimo-terceiro) salário | D34: 0.0833 | E34: =ROUND(D34*$E$30,2) -> 119.21
A35: B | B35: Férias e Adicional de Férias | D35: 0.1111 | E35: =ROUND(D35*$E$30,2) -> 158.99
A36: TOTAL SUBMÓDULO 2.1 | D36: =SUM(D34:D35) -> 0.1944 | E36: =SUM(E34:E35) -> 278.2
A38: Submódulo 2.2 - GPS, FGTS e Outras Contribuições | D38: % | E38: VALOR (R$)
A39: A | B39: INSS | D39: 0.2 | E39: =ROUND(D39*($E$30+$E$36),2) -> 341.85
A40: B | B40: Salário Educação | D40: 0.025 | E40: =ROUND(D40*($E$30+$E$36),2) -> 42.73
A41: C | B41: SAT (Seguro Acidente de Trabalho) | D41: 0.0333 | E41: =ROUND(D41*($E$30+$E$36),2) -> 56.92
A42: D | B42: SESC ou SESI | D42: 0.015 | E42: =ROUND(D42*($E$30+$E$36),2) -> 25.64
A43: E | B43: SENAI - SENAC | D43: 0.01 | E43: =ROUND(D43*($E$30+$E$36),2) -> 17.09
A44: F | B44: SEBRAE | D44: 0.006 | E44: =ROUND(D44*($E$30+$E$36),2) -> 10.26
A45: G | B45: INCRA | D45: 0.002 | E45: =ROUND(D45*($E$30+$E$36),2) -> 3.42
A46: H | B46: FGTS | D46: 0.08 | E46: =ROUND(D46*($E$30+$E$36),2) -> 136.74
A47: TOTAL SUBMÓDULO 2.2 | D47: =SUM(D39:D46) -> 0.3713 | E47: =SUM(E39:E46) -> 634.65
A49: Submódulo 2.3 - Benefícios Mensais e Diários | D49: % | E49: VALOR (R$)
A50: A | B50: ="Auxílio Transporte Público: [ (Valor da Tarifa: R$ "&F50&" x "&G50&" dias trabalhados x 2 passagens por dia) - (Salário base x 6% de desconto legal) ]" -> Auxílio Transporte Público: [ (Valor da Tarifa: R$ 6,1 x 21 dias trabalhados x 2 passagens por dia) - (Salário base x 6% de desconto legal) ] | D50: - | E50: =IF(ROUND((G50*2*F50)-(0.06*E22),2)<=0,0,ROUND((G50*2*F50)-(0.06*E22),2)) -> 170.34 | F50: 6.1 | G50: 21
A51: B | B51: ="Auxílio Alimentação (Vales, cesta básica etc.): [ (Valor do V.A: R$ "&F51&" x "&G51&" vale por mês) - desconto legal de "&H51*100&"%]" -> Auxílio Alimentação (Vales, cesta básica etc.): [ (Valor do V.A: R$ 22 x 21 vale por mês) - desconto legal de 19%] | D51: - | E51: =ROUND((F51*G51)-(F51*G51*H51),2) -> 374.22 | F51: 22 | G51: 21 | H51: 0.19
A52: C | B52: Benefício Social familiar | D52: - | E52: 18.5
A53: D | B53: Outros | D53: - | E53: 0
A54: TOTAL SUBMÓDULO 2.3 | E54: =SUM(E50:E53) -> 563.06
A56: QUADRO-RESUMO DO MÓDULO 2 - ENCARGOS, BENEFÍCIOS ANUAIS, MENSAIS E DIÁRIOS
A57: Módulo 2 - Encargos, Benefícios Anuais, Mensais e Diários | E57: VALOR (R$)
A58: 2.1 | B58: 13º Salário, Férias e Adicional de Férias | E58: =E36 -> 278.2
A59: 2.2 | B59: GPS, FGTS e Outras Contribuições | E59: =E47 -> 634.65
A60: 2.3 | B60: Benefícios Mensais e Diários | E60: =E54 -> 563.06
A61: TOTAL DO MÓDULO 2 | E61: =SUM(E58:E60) -> 1475.91
A63: MÓDULO 3 – PROVISÃO PARA RESCISÃO
A64: 3 | B64: PROVISÃO PARA RESCISÃO | D64: % | E64: VALOR (R$)
A65: A | B65: Aviso Prévio Indenizado | D65: 0.0042 | E65: =ROUND(D65*$E$30,2) -> 6.01
A66: B | B66: Incidência do FGTS sobre Aviso Prévio Indenizado | D66: =D46*D65 -> 0.000336 | E66: =ROUND(D66*$E$30,2) -> 0.48
A67: C | B67: Multa do FGTS e Contribuição Social sobre o Aviso Prévio Indenizado | D67: 0.0349 | E67: =ROUND(D67*$E$30,2) -> 49.94
A68: D | B68: Aviso Prévio Trabalhado | D68: ='Memória Encargos'!C50 -> 0.0019 | E68: =ROUND(D68*$E$30,2) -> 2.72
A69: E | B69: Incidência dos encargos do submódulo 2.2 sobre Aviso Prévio Trabalhado | D69: =D47*D68 -> 0.00070547 | E69: =ROUND(D69*$E$30,2) -> 1.01
A70: F | B70: Multa do FGTS e Contribuição Social sobre o Aviso Prévio Trabalhado | D70: ='Memória Encargos'!C62 -> 0.0051 | E70: =ROUND(D70*$E$30,2) -> 7.3
A71: TOTAL DO MÓDULO 3 | D71: =SUM(D65:D70) -> 0.04714147 | E71: =SUM(E65:E70) -> 67.46
A73: MÓDULO 4 – CUSTO DE REPOSIÇÃO DO PROFISSIONAL AUSENTE
B74: Submódulo 4.1 - Substituto nas Ausências Legais | D74: % | E74: VALOR (R$)
A75: A | B75: Substituto na cobertura de Férias | D75: 0.0093 | E75: =ROUND(D75*$E$30,2) -> 13.31
A76: B | B76: Substituto na cobertura de Ausências Legais | D76: 0.0056 | E76: =ROUND(D76*$E$30,2) -> 8.01
A77: C | B77: Substituto na cobertura de Licença-Paternidade | D77: 0.0006 | E77: =ROUND(D77*$E$30,2) -> 0.86
A78: D | B78: Substituto na cobertura de Ausência por acidente de trabalho | D78: 0.0033 | E78: =ROUND(D78*$E$30,2) -> 4.72
A79: E | B79: Substituto na cobertura de Afastamento Maternidade | D79: 0.0004 | E79: =ROUND(D79*$E$30,2) -> 0.57
A80: TOTAL SUBMÓDULO 4.1 | D80: =SUM(D75:D79) -> 0.0192 | E80: =SUM(E75:E79) -> 27.47
A82: Submódulo 4.2 - Substituto na Intrajornada | D82: % | E82: VALOR (R$)
A83: A | B83: Substituto na cobertura de Intervalo para repouso ou alimentação | D83: 0 | E83: =ROUND(D83*$E$30,2) -> 0
A84: TOTAL SUBMÓDULO 4.2 | D84: =SUM(D83) -> 0 | E84: =ROUND(SUM(E83:E83),2) -> 0
A86: QUADRO-RESUMO DO MÓDULO 4 - CUSTO DE REPOSIÇÃO DO PROFISSIONAL AUSENTE
A87: Módulo 4 - Custo de Reposição do Profissional Ausente | E87: VALOR (R$)
A88: 4.1 | B88: Substituto nas Ausências Legais | E88: =E80 -> 27.47
A89: 4.2 | B89: Substituto na Intrajornada | E89: =E84 -> 0
A90: TOTAL DO MÓDULO 4 | E90: =SUM(E88:E89) -> 27.47
A92: MÓDULO 5 – INSUMOS DIVERSOS
A93: 5 | B93: INSUMOS DIVERSOS | E93: VALOR (R$)
A94: A | B94: Uniforme/EPIs | D94: - | E94: =Materiais!F20 -> 0
A95: B | B95: Materiais | D95: - | E95: 0
A96: C | B96: Equipamentos | D96: - | E96: =Materiais!F59 -> 0 | H96: =(E36+E47+E71+E80)/E30 -> 0.70422909
A97: TOTAL DO MÓDULO 5 | D97: - | E97: =SUM(E94:E96) -> 0 | H97: =(E36+E47+E71+E80+E101+E102)/E30 -> 0.88599899
A99: MÓDULO 6 – CUSTOS INDIRETOS, TRIBUTOS E LUCRO
A100: 6 | B100: CUSTOS INDIRETOS, TRIBUTOS E LUCRO | D100: % | E100: VALOR (R$) | I100: Mensal | J100: Global
A101: A | B101: Custos Indiretos | D101: 0.03 | E101: =ROUND(E116*D101,2) -> 90.06 | H101: Estimado
A102: B | B102: Lucro | D102: 0.055 | E102: =ROUND((E116+E101)*D102,2) -> 170.06 | H102: Proposta | I102: =Consolidada!F44 -> #REF!
A103: C | B103: TRIBUTOS | K103: Lance | L103: 745561.8
A104: C.1 | B104: PIS - Opção pelo Lucro Real - utilizada a média de recolhimento dos últimos 12 meses | D104: ='Apuração SPED'!F16 -> 0.013110871 | E104: =ROUND((($E$116+$E$101+$E$102)/(1-($D$104+$D$105+$D$106)))*D104,2) -> 48.24
A105: C.2 | B105: COFINS - Opção pelo Lucro Real - utilizada a média de recolhimento dos últimos 12 meses | D105: ='Apuração SPED'!F33 -> 0.060385251 | E105: =ROUND((($E$116+$E$101+$E$102)/(1-($D$104+$D$105+$D$106)))*D105,2) -> 222.19
A106: C.3 | B106: ISS - Alíquota vigente no local da prestação dos serviços | D106: 0.04 | E106: =ROUND((($E$116+$E$101+$E$102)/(1-($D$104+$D$105+$D$106)))*D106,2) -> 147.18
A107: TOTAL DO MÓDULO 6 | D107: =SUM(D101:D106) -> 0.19849612 | E107: =SUM(E101:E106) -> 677.73
A109: QUADRO RESUMO DO CUSTO POR EMPREGADO
A110: Mão de Obra vinculada à execução contratual (valor por empregado) | E110: VALOR (R$)
A111: A | B111: MÓDULO 1 - COMPOSIÇÃO DA REMUNERAÇÃO | E111: =E30 -> 1431.04
A112: B | B112: MÓDULO 2 – ENCARGOS E BENEFÍCIOS ANUAIS, MENSAIS E DIÁRIOS | E112: =E61 -> 1475.91
A113: C | B113: MÓDULO 3 – PROVISÃO PARA RESCISÃO | E113: =E71 -> 67.46
A114: D | B114: MÓDULO 4 – CUSTO DE REPOSIÇÃO DO PROFISSIONAL AUSENTE | E114: =E90 -> 27.47
A115: E | B115: MÓDULO 5 – INSUMOS DIVERSOS | E115: =E97 -> 0
...

Sheet CD
A1: PLANILHA DE FORMAÇÃO DE PREÇOS PARA APRESENTAÇÃO DA PROPOSTA
A3: Discriminação dos Serviços
A4: A | B4: Data de apresentação da proposta | E4: 44887
A5: B | B5: Município | E5: Porto Alegre
A6: C | B6: Ano do Acordo, Convenção ou Dissídio Coletivo | E6: 2022
A7: D | B7: Nº de meses de execução contratual | E7: 12
A9: Identificação do Serviço
A10: Tipo de Serviço | C10: Unidade de Medida | D10: Quantidade total a contratar (em função da unidade de medida)
A11: Servente 30 horas Centro de Distribuição | C11: POSTO | D11: 1
A13: Dados para composição dos custos referentes à mão de obra
A14: 1 | B14: Tipo de serviço (mesmo serviço com características distintas) | E14: Asseio e Conservação
A15: 2 | B15: Classificação Brasileira de Ocupações (CBO) | E15: 5143
A16: 3 | B16: Salário Nominativo da Categoria Profissional | E16: 1431.04
A17: 4 | B17: Categoria profissional (vinculada à execução contratual) | E17: =A11 -> Servente 30 horas Centro de Distribuição
A18: 5 | B18: Data base da categoria (dia/mês/ano) | E18: 44562
A20: MÓDULO 1 - COMPOSIÇÃO DA REMUNERAÇÃO
A21: 1 | B21: COMPOSIÇÃO DA REMUNERAÇÃO | D21: % | E21: VALOR (R$)
A22: A | B22: Salário Base | D22: 0 | E22: =ROUND((E16/220)*150,2) -> 975.71
A23: B | B23: Adicional de Insalubridade | D23: 0.4 | E23: =E16*D23 -> 572.416
A24: C | B24: Adicional de Periculosidade | D24: 0 | E24: 0
A25: D | B25: Adicional Noturno | D25: 0 | E25: 0
A26: C | B26: Hora Noturna Reduzida | D26: 0 | E26: 0
A27: D | B27: Feriado Trabalhado | D27: 0 | E27: 0
A28: E | B28: Outros | D28: 0 | E28: 0
A29: F | B29: Reflexo sobre o D.S.R | D29: 0 | E29: 0
A30: Subtotal módulo 1 (incide encargos sociais e trabalhistas) | E30: =SUM(E22:E29) -> 1548.126
A32: MÓDULO 2 – ENCARGOS E BENEFÍCIOS ANUAIS, MENSAIS E DIÁRIOS
A33: Submódulo 2.1 - 13º Salário, Férias e Adicional de Férias | D33: % | E33: VALOR (R$)
A34: A | B34: 13 (Décimo-terceiro) salário | D34: 0.0833 | E34: =ROUND(D34*$E$30,2) -> 128.96
A35: B | B35: Férias e Adicional de Férias | D35: 0.1111 | E35: =ROUND(D35*$E$30,2) -> 172
A36: TOTAL SUBMÓDULO 2.1 | D36: =SUM(D34:D35) -> 0.1944 | E36: =SUM(E34:E35) -> 300.96
A38: Submódulo 2.2 - GPS, FGTS e Outras Contribuições | D38: % | E38: VALOR (R$)
A39: A | B39: INSS | D39: 0.2 | E39: =ROUND(D39*($E$30+$E$36),2) -> 369.82
A40: B | B40: Salário Educação | D40: 0.025 | E40: =ROUND(D40*($E$30+$E$36),2) -> 46.23
A41: C | B41: SAT (Seguro Acidente de Trabalho) | D41: 0.0333 | E41: =ROUND(D41*($E$30+$E$36),2) -> 61.57
A42: D | B42: SESC ou SESI | D42: 0.015 | E42: =ROUND(D42*($E$30+$E$36),2) -> 27.74
A43: E | B43: SENAI - SENAC | D43: 0.01 | E43: =ROUND(D43*($E$30+$E$36),2) -> 18.49
A44: F | B44: SEBRAE | D44: 0.006 | E44: =ROUND(D44*($E$30+$E$36),2) -> 11.09
A45: G | B45: INCRA | D45: 0.002 | E45: =ROUND(D45*($E$30+$E$36),2) -> 3.7
A46: H | B46: FGTS | D46: 0.08 | E46: =ROUND(D46*($E$30+$E$36),2) -> 147.93
A47: TOTAL SUBMÓDULO 2.2 | D47: =SUM(D39:D46) -> 0.3713 | E47: =SUM(E39:E46) -> 686.57
A49: Submódulo 2.3 - Benefícios Mensais e Diários | D49: % | E49: VALOR (R$)
A50: A | B50: ="Auxílio Transporte Público: [ (Valor da Tarifa: R$ "&F50&" x "&G50&" dias trabalhados x 2 passagens por dia) - (Salário base x 6% de desconto legal) ]" -> Auxílio Transporte Público: [ (Valor da Tarifa: R$ 4,8 x 21 dias trabalhados x 2 passagens por dia) - (Salário base x 6% de desconto legal) ] | D50: - | E50: =IF(ROUND((G50*2*F50)-(0.06*E22),2)<=0,0,ROUND((G50*2*F50)-(0.06*E22),2)) -> 143.06 | F50: 4.8 | G50: 21
A51: B | B51: ="Auxílio Alimentação (Vales, cesta básica etc.): [ (Valor do V.A: R$ "&F51&" x "&G51&" vale por mês) - desconto legal de "&H51*100&"%]" -> Auxílio Alimentação (Vales, cesta básica etc.): [ (Valor do V.A: R$ 11 x 21 vale por mês) - desconto legal de 19%] | D51: - | E51: =ROUND((F51*G51)-(F51*G51*H51),2) -> 187.11 | F51: 11 | G51: 21 | H51: 0.19
A52: C | B52: Benefício Social familiar | D52: - | E52: 18.5
A53: D | B53: Outros | D53: - | E53: 0
A54: TOTAL SUBMÓDULO 2.3 | E54: =SUM(E50:E53) -> 348.67
A56: QUADRO-RESUMO DO MÓDULO 2 - ENCARGOS, BENEFÍCIOS ANUAIS, MENSAIS E DIÁRIOS
A57: Módulo 2 - Encargos, Benefícios Anuais, Mensais e Diários | E57: VALOR (R$)
A58: 2.1 | B58: 13º Salário, Férias e Adicional de Férias | E58: =E36 -> 300.96
A59: 2.2 | B59: GPS, FGTS e Outras Contribuições | E59: =E47 -> 686.57
A60: 2.3 | B60: Benefícios Mensais e Diários | E60: =E54 -> 348.67
A61: TOTAL DO MÓDULO 2 | E61: =SUM(E58:E60) -> 1336.2
A63: MÓDULO 3 – PROVISÃO PARA RESCISÃO
A64: 3 | B64: PROVISÃO PARA RESCISÃO | D64: % | E64: VALOR (R$)
A65: A | B65: Aviso Prévio Indenizado | D65: 0.0042 | E65: =ROUND(D65*$E$30,2) -> 6.5
A66: B | B66: Incidência do FGTS sobre Aviso Prévio Indenizado | D66: =D46*D65 -> 0.000336 | E66: =ROUND(D66*$E$30,2) -> 0.52
A67: C | B67: Multa do FGTS e Contribuição Social sobre o Aviso Prévio Indenizado | D67: 0.0349 | E67: =ROUND(D67*$E$30,2) -> 54.03
A68: D | B68: Aviso Prévio Trabalhado | D68: ='Memória Encargos'!C50 -> 0.0019 | E68: =ROUND(D68*$E$30,2) -> 2.94
A69: E | B69: Incidência dos encargos do submódulo 2.2 sobre Aviso Prévio Trabalhado | D69: =D47*D68 -> 0.00070547 | E69: =ROUND(D69*$E$30,2) -> 1.09
A70: F | B70: Multa do FGTS e Contribuição Social sobre o Aviso Prévio Trabalhado | D70: ='Memória Encargos'!C62 -> 0.0051 | E70: =ROUND(D70*$E$30,2) -> 7.9
A71: TOTAL DO MÓDULO 3 | D71: =SUM(D65:D70) -> 0.04714147 | E71: =SUM(E65:E70) -> 72.98
A73: MÓDULO 4 – CUSTO DE REPOSIÇÃO DO PROFISSIONAL AUSENTE
B74: Submódulo 4.1 - Substituto nas Ausências Legais | D74: % | E74: VALOR (R$)
A75: A | B75: Substituto na cobertura de Férias | D75: 0.0093 | E75: =ROUND(D75*$E$30,2) -> 14.4
A76: B | B76: Substituto na cobertura de Ausências Legais | D76: 0.0056 | E76: =ROUND(D76*$E$30,2) -> 8.67
A77: C | B77: Substituto na cobertura de Licença-Paternidade | D77: 0.0006 | E77: =ROUND(D77*$E$30,2) -> 0.93
A78: D | B78: Substituto na cobertura de Ausência por acidente de trabalho | D78: 0.0033 | E78: =ROUND(D78*$E$30,2) -> 5.11
A79: E | B79: Substituto na cobertura de Afastamento Maternidade | D79: 0.0004 | E79: =ROUND(D79*$E$30,2) -> 0.62
A80: TOTAL SUBMÓDULO 4.1 | D80: =SUM(D75:D79) -> 0.0192 | E80: =SUM(E75:E79) -> 29.73
A82: Submódulo 4.2 - Substituto na Intrajornada | D82: % | E82: VALOR (R$)
A83: A | B83: Substituto na cobertura de Intervalo para repouso ou alimentação | D83: 0 | E83: =ROUND(D83*$E$30,2) -> 0
A84: TOTAL SUBMÓDULO 4.2 | D84: =SUM(D83) -> 0 | E84: =ROUND(SUM(E83:E83),2) -> 0
A86: QUADRO-RESUMO DO MÓDULO 4 - CUSTO DE REPOSIÇÃO DO PROFISSIONAL AUSENTE
A87: Módulo 4 - Custo de Reposição do Profissional Ausente | E87: VALOR (R$)
A88: 4.1 | B88: Substituto nas Ausências Legais | E88: =E80 -> 29.73
A89: 4.2 | B89: Substituto na Intrajornada | E89: =E84 -> 0
A90: TOTAL DO MÓDULO 4 | E90: =SUM(E88:E89) -> 29.73
A92: MÓDULO 5 – INSUMOS DIVERSOS
A93: 5 | B93: INSUMOS DIVERSOS | E93: VALOR (R$)
A94: A | B94: Uniforme/EPIs | D94: - | E94: =Materiais!F20 -> 0
A95: B | B95: Materiais | D95: - | E95: =Materiais!F40 -> 0
A96: C | B96: Equipamentos | D96: - | E96: =Materiais!F59 -> 0 | H96: =(E36+E47+E71+E80)/E30 -> 0.70423208
A97: TOTAL DO MÓDULO 5 | D97: - | E97: =SUM(E94:E96) -> 0 | H97: =(E36+E47+E71+E80+E101+E102)/E30 -> 0.87142132
A99: MÓDULO 6 – CUSTOS INDIRETOS, TRIBUTOS E LUCRO
A100: 6 | B100: CUSTOS INDIRETOS, TRIBUTOS E LUCRO | D100: % | E100: VALOR (R$) | I100: Mensal | J100: Global
A101: A | B101: Custos Indiretos | D101: 0.03 | E101: =ROUND(E116*D101,2) -> 89.61 | H101: Estimado
A102: B | B102: Lucro | D102: 0.055 | E102: =ROUND((E116+E101)*D102,2) -> 169.22 | H102: Proposta | I102: =Consolidada!F44 -> #REF!
A103: C | B103: TRIBUTOS | K103: Lance | L103: 745561.8
A104: C.1 | B104: PIS - Opção pelo Lucro Real - utilizada a média de recolhimento dos últimos 12 meses | D104: ='Apuração SPED'!F16 -> 0.013110871 | E104: =ROUND((($E$116+$E$101+$E$102)/(1-($D$104+$D$105+$D$106)))*D104,2) -> 47.21
A105: C.2 | B105: COFINS - Opção pelo Lucro Real - utilizada a média de recolhimento dos últimos 12 meses | D105: ='Apuração SPED'!F33 -> 0.060385251 | E105: =ROUND((($E$116+$E$101+$E$102)/(1-($D$104+$D$105+$D$106)))*D105,2) -> 217.42
A106: C.3 | B106: ISS - Alíquota vigente no local da prestação dos serviços | D106: 0.025 | E106: =ROUND((($E$116+$E$101+$E$102)/(1-($D$104+$D$105+$D$106)))*D106,2) -> 90.01
A107: TOTAL DO MÓDULO 6 | D107: =SUM(D101:D106) -> 0.18349612 | E107: =SUM(E101:E106) -> 613.47
A109: QUADRO RESUMO DO CUSTO POR EMPREGADO
A110: Mão de Obra vinculada à execução contratual (valor por empregado) | E110: VALOR (R$)
A111: A | B111: MÓDULO 1 - COMPOSIÇÃO DA REMUNERAÇÃO | E111: =E30 -> 1548.126
A112: B | B112: MÓDULO 2 – ENCARGOS E BENEFÍCIOS ANUAIS, MENSAIS E DIÁRIOS | E112: =E61 -> 1336.2
A113: C | B113: MÓDULO 3 – PROVISÃO PARA RESCISÃO | E113: =E71 -> 72.98
A114: D | B114: MÓDULO 4 – CUSTO DE REPOSIÇÃO DO PROFISSIONAL AUSENTE | E114: =E90 -> 29.73
A115: E | B115: MÓDULO 5 – INSUMOS DIVERSOS | E115: =E97 -> 0
...

Sheet Erechim
A1: PLANILHA DE FORMAÇÃO DE PREÇOS PARA APRESENTAÇÃO DA PROPOSTA
A3: Discriminação dos Serviços
A4: A | B4: Data de apresentação da proposta | E4: 44887
A5: B | B5: Município | E5: Erechim/RS
A6: C | B6: Ano do Acordo, Convenção ou Dissídio Coletivo | E6: 2022
A7: D | B7: Nº de meses de execução contratual | E7: 12
A9: Identificação do Serviço
A10: Tipo de Serviço | C10: Unidade de Medida | D10: Quantidade total a contratar (em função da unidade de medida)
A11: Servente 30 horas Erechim | C11: POSTO | D11: 1
A13: Dados para composição dos custos referentes à mão de obra
A14: 1 | B14: Tipo de serviço (mesmo serviço com características distintas) | E14: Asseio e Conservação
A15: 2 | B15: Classificação Brasileira de Ocupações (CBO) | E15: 5143
A16: 3 | B16: Salário Nominativo da Categoria Profissional | E16: 1431.04
A17: 4 | B17: Categoria profissional (vinculada à execução contratual) | E17: =A11 -> Servente 30 horas Erechim
A18: 5 | B18: Data base da categoria (dia/mês/ano) | E18: 44562
A20: MÓDULO 1 - COMPOSIÇÃO DA REMUNERAÇÃO
A21: 1 | B21: COMPOSIÇÃO DA REMUNERAÇÃO | D21: % | E21: VALOR (R$)
A22: A | B22: Salário Base | D22: 0 | E22: =ROUND((E16/220)*150,2) -> 975.71
A23: B | B23: Adicional de Insalubridade | D23: 0.4 | E23: =E16*D23 -> 572.416
A24: C | B24: Adicional de Periculosidade | D24: 0 | E24: 0
A25: D | B25: Adicional Noturno | D25: 0 | E25: 0
A26: C | B26: Hora Noturna Reduzida | D26: 0 | E26: 0
A27: D | B27: Feriado Trabalhado | D27: 0 | E27: 0
A28: E | B28: Outros | D28: 0 | E28: 0
A29: F | B29: Reflexo sobre o D.S.R | D29: 0 | E29: 0
A30: Subtotal módulo 1 (incide encargos sociais e trabalhistas) | E30: =SUM(E22:E29) -> 1548.126
A32: MÓDULO 2 – ENCARGOS E BENEFÍCIOS ANUAIS, MENSAIS E DIÁRIOS
A33: Submódulo 2.1 - 13º Salário, Férias e Adicional de Férias | D33: % | E33: VALOR (R$)
A34: A | B34: 13 (Décimo-terceiro) salário | D34: 0.0833 | E34: =ROUND(D34*$E$30,2) -> 128.96
A35: B | B35: Férias e Adicional de Férias | D35: 0.1111 | E35: =ROUND(D35*$E$30,2) -> 172
A36: TOTAL SUBMÓDULO 2.1 | D36: =SUM(D34:D35) -> 0.1944 | E36: =SUM(E34:E35) -> 300.96
A38: Submódulo 2.2 - GPS, FGTS e Outras Contribuições | D38: % | E38: VALOR (R$)
A39: A | B39: INSS | D39: 0.2 | E39: =ROUND(D39*($E$30+$E$36),2) -> 369.82
A40: B | B40: Salário Educação | D40: 0.025 | E40: =ROUND(D40*($E$30+$E$36),2) -> 46.23
A41: C | B41: SAT (Seguro Acidente de Trabalho) | D41: 0.0333 | E41: =ROUND(D41*($E$30+$E$36),2) -> 61.57
A42: D | B42: SESC ou SESI | D42: 0.015 | E42: =ROUND(D42*($E$30+$E$36),2) -> 27.74
A43: E | B43: SENAI - SENAC | D43: 0.01 | E43: =ROUND(D43*($E$30+$E$36),2) -> 18.49
A44: F | B44: SEBRAE | D44: 0.006 | E44: =ROUND(D44*($E$30+$E$36),2) -> 11.09
A45: G | B45: INCRA | D45: 0.002 | E45: =ROUND(D45*($E$30+$E$36),2) -> 3.7
A46: H | B46: FGTS | D46: 0.08 | E46: =ROUND(D46*($E$30+$E$36),2) -> 147.93
A47: TOTAL SUBMÓDULO 2.2 | D47: =SUM(D39:D46) -> 0.3713 | E47: =SUM(E39:E46) -> 686.57
A49: Submódulo 2.3 - Benefícios Mensais e Diários | D49: % | E49: VALOR (R$)
A50: A | B50: ="Auxílio Transporte Público: [ (Valor da Tarifa: R$ "&F50&" x "&G50&" dias trabalhados x 2 passagens por dia) - (Salário base x 6% de desconto legal) ]" -> Auxílio Transporte Público: [ (Valor da Tarifa: R$ 3,6 x 21 dias trabalhados x 2 passagens por dia) - (Salário base x 6% de desconto legal) ] | D50: - | E50: =IF(ROUND((G50*2*F50)-(0.06*E22),2)<=0,0,ROUND((G50*2*F50)-(0.06*E22),2)) -> 92.66 | F50: 3.6 | G50: 21
A51: B | B51: ="Auxílio Alimentação (Vales, cesta básica etc.): [ (Valor do V.A: R$ "&F51&" x "&G51&" vale por mês) - desconto legal de "&H51*100&"%]" -> Auxílio Alimentação (Vales, cesta básica etc.): [ (Valor do V.A: R$ 11 x 21 vale por mês) - desconto legal de 19%] | D51: - | E51: =ROUND((F51*G51)-(F51*G51*H51),2) -> 187.11 | F51: 11 | G51: 21 | H51: 0.19
A52: C | B52: Benefício Social familiar | D52: - | E52: 18.5
A53: D | B53: Outros | D53: - | E53: 0
A54: TOTAL SUBMÓDULO 2.3 | E54: =SUM(E50:E53) -> 298.27
A56: QUADRO-RESUMO DO MÓDULO 2 - ENCARGOS, BENEFÍCIOS ANUAIS, MENSAIS E DIÁRIOS
A57: Módulo 2 - Encargos, Benefícios Anuais, Mensais e Diários | E57: VALOR (R$)
A58: 2.1 | B58: 13º Salário, Férias e Adicional de Férias | E58: =E36 -> 300.96
A59: 2.2 | B59: GPS, FGTS e Outras Contribuições | E59: =E47 -> 686.57
A60: 2.3 | B60: Benefícios Mensais e Diários | E60: =E54 -> 298.27
A61: TOTAL DO MÓDULO 2 | E61: =SUM(E58:E60) -> 1285.8
A63: MÓDULO 3 – PROVISÃO PARA RESCISÃO
A64: 3 | B64: PROVISÃO PARA RESCISÃO | D64: % | E64: VALOR (R$)
A65: A | B65: Aviso Prévio Indenizado | D65: 0.0042 | E65: =ROUND(D65*$E$30,2) -> 6.5
A66: B | B66: Incidência do FGTS sobre Aviso Prévio Indenizado | D66: =D46*D65 -> 0.000336 | E66: =ROUND(D66*$E$30,2) -> 0.52
A67: C | B67: Multa do FGTS e Contribuição Social sobre o Aviso Prévio Indenizado | D67: 0.0349 | E67: =ROUND(D67*$E$30,2) -> 54.03
A68: D | B68: Aviso Prévio Trabalhado | D68: ='Memória Encargos'!C50 -> 0.0019 | E68: =ROUND(D68*$E$30,2) -> 2.94
A69: E | B69: Incidência dos encargos do submódulo 2.2 sobre Aviso Prévio Trabalhado | D69: =D47*D68 -> 0.00070547 | E69: =ROUND(D69*$E$30,2) -> 1.09
A70: F | B70: Multa do FGTS e Contribuição Social sobre o Aviso Prévio Trabalhado | D70: ='Memória Encargos'!C62 -> 0.0051 | E70: =ROUND(D70*$E$30,2) -> 7.9
A71: TOTAL DO MÓDULO 3 | D71: =SUM(D65:D70) -> 0.04714147 | E71: =SUM(E65:E70) -> 72.98
A73: MÓDULO 4 – CUSTO DE REPOSIÇÃO DO PROFISSIONAL AUSENTE
B74: Submódulo 4.1 - Substituto nas Ausências Legais | D74: % | E74: VALOR (R$)
A75: A | B75: Substituto na cobertura de Férias | D75: 0.0093 | E75: =ROUND(D75*$E$30,2) -> 14.4
A76: B | B76: Substituto na cobertura de Ausências Legais | D76: 0.0056 | E76: =ROUND(D76*$E$30,2) -> 8.67
A77: C | B77: Substituto na cobertura de Licença-Paternidade | D77: 0.0006 | E77: =ROUND(D77*$E$30,2) -> 0.93
A78: D | B78: Substituto na cobertura de Ausência por acidente de trabalho | D78: 0.0033 | E78: =ROUND(D78*$E$30,2) -> 5.11
A79: E | B79: Substituto na cobertura de Afastamento Maternidade | D79: 0.0004 | E79: =ROUND(D79*$E$30,2) -> 0.62
A80: TOTAL SUBMÓDULO 4.1 | D80: =SUM(D75:D79) -> 0.0192 | E80: =SUM(E75:E79) -> 29.73
A82: Submódulo 4.2 - Substituto na Intrajornada | D82: % | E82: VALOR (R$)
A83: A | B83: Substituto na cobertura de Intervalo para repouso ou alimentação | D83: 0 | E83: =ROUND(D83*$E$30,2) -> 0
A84: TOTAL SUBMÓDULO 4.2 | D84: =SUM(D83) -> 0 | E84: =ROUND(SUM(E83:E83),2) -> 0
A86: QUADRO-RESUMO DO MÓDULO 4 - CUSTO DE REPOSIÇÃO DO PROFISSIONAL AUSENTE
A87: Módulo 4 - Custo de Reposição do Profissional Ausente | E87: VALOR (R$)
A88: 4.1 | B88: Substituto nas Ausências Legais | E88: =E80 -> 29.73
A89: 4.2 | B89: Substituto na Intrajornada | E89: =E84 -> 0
A90: TOTAL DO MÓDULO 4 | E90: =SUM(E88:E89) -> 29.73
A92: MÓDULO 5 – INSUMOS DIVERSOS
A93: 5 | B93: INSUMOS DIVERSOS | E93: VALOR (R$)
A94: A | B94: Uniforme/EPIs | D94: - | E94: =Materiais!F20 -> 0
A95: B | B95: Materiais | D95: - | E95: =Materiais!F40 -> 0
A96: C | B96: Equipamentos | D96: - | E96: =Materiais!F59 -> 0 | H96: =(E36+E47+E71+E80)/E30 -> 0.70423208
A97: TOTAL DO MÓDULO 5 | D97: - | E97: =SUM(E94:E96) -> 0 | H97: =(E36+E47+E71+E80+E101+E102)/E30 -> 0.86859855
A99: MÓDULO 6 – CUSTOS INDIRETOS, TRIBUTOS E LUCRO
A100: 6 | B100: CUSTOS INDIRETOS, TRIBUTOS E LUCRO | D100: % | E100: VALOR (R$) | I100: Mensal | J100: Global
A101: A | B101: Custos Indiretos | D101: 0.03 | E101: =ROUND(E116*D101,2) -> 88.1 | H101: Estimado
A102: B | B102: Lucro | D102: 0.055 | E102: =ROUND((E116+E101)*D102,2) -> 166.36 | H102: Proposta | I102: =Consolidada!F44 -> #REF!
A103: C | B103: TRIBUTOS | K103: Lance | L103: 745561.8
A104: C.1 | B104: PIS - Opção pelo Lucro Real - utilizada a média de recolhimento dos últimos 12 meses | D104: ='Apuração SPED'!F16 -> 0.013110871 | E104: =ROUND((($E$116+$E$101+$E$102)/(1-($D$104+$D$105+$D$106)))*D104,2) -> 46.67
A105: C.2 | B105: COFINS - Opção pelo Lucro Real - utilizada a média de recolhimento dos últimos 12 meses | D105: ='Apuração SPED'!F33 -> 0.060385251 | E105: =ROUND((($E$116+$E$101+$E$102)/(1-($D$104+$D$105+$D$106)))*D105,2) -> 214.94
A106: C.3 | B106: ISS - Alíquota vigente no local da prestação dos serviços | D106: 0.03 | E106: =ROUND((($E$116+$E$101+$E$102)/(1-($D$104+$D$105+$D$106)))*D106,2) -> 106.78
A107: TOTAL DO MÓDULO 6 | D107: =SUM(D101:D106) -> 0.18849612 | E107: =SUM(E101:E106) -> 622.85
A109: QUADRO RESUMO DO CUSTO POR EMPREGADO
A110: Mão de Obra vinculada à execução contratual (valor por empregado) | E110: VALOR (R$)
A111: A | B111: MÓDULO 1 - COMPOSIÇÃO DA REMUNERAÇÃO | E111: =E30 -> 1548.126
A112: B | B112: MÓDULO 2 – ENCARGOS E BENEFÍCIOS ANUAIS, MENSAIS E DIÁRIOS | E112: =E61 -> 1285.8
A113: C | B113: MÓDULO 3 – PROVISÃO PARA RESCISÃO | E113: =E71 -> 72.98
A114: D | B114: MÓDULO 4 – CUSTO DE REPOSIÇÃO DO PROFISSIONAL AUSENTE | E114: =E90 -> 29.73
A115: E | B115: MÓDULO 5 – INSUMOS DIVERSOS | E115: =E97 -> 0
...

Sheet Gravataí
A1: PLANILHA DE FORMAÇÃO DE PREÇOS PARA APRESENTAÇÃO DA PROPOSTA
A3: Discriminação dos Serviços
A4: A | B4: Data de apresentação da proposta | E4: 44887
A5: B | B5: Município | E5: Gravataí/RS
A6: C | B6: Ano do Acordo, Convenção ou Dissídio Coletivo | E6: 2022
A7: D | B7: Nº de meses de execução contratual | E7: 12
A9: Identificação do Serviço
A10: Tipo de Serviço | C10: Unidade de Medida | D10: Quantidade total a contratar (em função da unidade de medida)
A11: Servente 30 horas Gravataí | C11: POSTO | D11: 1
A13: Dados para composição dos custos referentes à mão de obra
A14: 1 | B14: Tipo de serviço (mesmo serviço com características distintas) | E14: Asseio e Conservação
A15: 2 | B15: Classificação Brasileira de Ocupações (CBO) | E15: 5143
A16: 3 | B16: Salário Nominativo da Categoria Profissional | E16: 1431.04
A17: 4 | B17: Categoria profissional (vinculada à execução contratual) | E17: =A11 -> Servente 30 horas Gravataí
A18: 5 | B18: Data base da categoria (dia/mês/ano) | E18: 44562
A20: MÓDULO 1 - COMPOSIÇÃO DA REMUNERAÇÃO
A21: 1 | B21: COMPOSIÇÃO DA REMUNERAÇÃO | D21: % | E21: VALOR (R$)
A22: A | B22: Salário Base | D22: 0 | E22: =ROUND((E16/220)*150,2) -> 975.71
A23: B | B23: Adicional de Insalubridade | D23: 0.4 | E23: =E16*D23 -> 572.416
A24: C | B24: Adicional de Periculosidade | D24: 0 | E24: 0
A25: D | B25: Adicional Noturno | D25: 0 | E25: 0
A26: C | B26: Hora Noturna Reduzida | D26: 0 | E26: 0
A27: D | B27: Feriado Trabalhado | D27: 0 | E27: 0
A28: E | B28: Outros | D28: 0 | E28: 0
A29: F | B29: Reflexo sobre o D.S.R | D29: 0 | E29: 0
A30: Subtotal módulo 1 (incide encargos sociais e trabalhistas) | E30: =SUM(E22:E29) -> 1548.126
A32: MÓDULO 2 – ENCARGOS E BENEFÍCIOS ANUAIS, MENSAIS E DIÁRIOS
A33: Submódulo 2.1 - 13º Salário, Férias e Adicional de Férias | D33: % | E33: VALOR (R$)
A34: A | B34: 13 (Décimo-terceiro) salário | D34: 0.0833 | E34: =ROUND(D34*$E$30,2) -> 128.96
A35: B | B35: Férias e Adicional de Férias | D35: 0.1111 | E35: =ROUND(D35*$E$30,2) -> 172
A36: TOTAL SUBMÓDULO 2.1 | D36: =SUM(D34:D35) -> 0.1944 | E36: =SUM(E34:E35) -> 300.96
A38: Submódulo 2.2 - GPS, FGTS e Outras Contribuições | D38: % | E38: VALOR (R$)
A39: A | B39: INSS | D39: 0.2 | E39: =ROUND(D39*($E$30+$E$36),2) -> 369.82
A40: B | B40: Salário Educação | D40: 0.025 | E40: =ROUND(D40*($E$30+$E$36),2) -> 46.23
A41: C | B41: SAT (Seguro Acidente de Trabalho) | D41: 0.0333 | E41: =ROUND(D41*($E$30+$E$36),2) -> 61.57
A42: D | B42: SESC ou SESI | D42: 0.015 | E42: =ROUND(D42*($E$30+$E$36),2) -> 27.74
A43: E | B43: SENAI - SENAC | D43: 0.01 | E43: =ROUND(D43*($E$30+$E$36),2) -> 18.49
A44: F | B44: SEBRAE | D44: 0.006 | E44: =ROUND(D44*($E$30+$E$36),2) -> 11.09
A45: G | B45: INCRA | D45: 0.002 | E45: =ROUND(D45*($E$30+$E$36),2) -> 3.7
A46: H | B46: FGTS | D46: 0.08 | E46: =ROUND(D46*($E$30+$E$36),2) -> 147.93
A47: TOTAL SUBMÓDULO 2.2 | D47: =SUM(D39:D46) -> 0.3713 | E47: =SUM(E39:E46) -> 686.57
A49: Submódulo 2.3 - Benefícios Mensais e Diários | D49: % | E49: VALOR (R$)
A50: A | B50: ="Auxílio Transporte Público: [ (Valor da Tarifa: R$ "&F50&" x "&G50&" dias trabalhados x 2 passagens por dia) - (Salário base x 6% de desconto legal) ]" -> Auxílio Transporte Público: [ (Valor da Tarifa: R$ 3,75 x 21 dias trabalhados x 2 passagens por dia) - (Salário base x 6% de desconto legal) ] | D50: - | E50: =IF(ROUND((G50*2*F50)-(0.06*E22),2)<=0,0,ROUND((G50*2*F50)-(0.06*E22),2)) -> 98.96 | F50: 3.75 | G50: 21
A51: B | B51: ="Auxílio Alimentação (Vales, cesta básica etc.): [ (Valor do V.A: R$ "&F51&" x "&G51&" vale por mês) - desconto legal de "&H51*100&"%]" -> Auxílio Alimentação (Vales, cesta básica etc.): [ (Valor do V.A: R$ 11 x 21 vale por mês) - desconto legal de 19%] | D51: - | E51: =ROUND((F51*G51)-(F51*G51*H51),2) -> 187.11 | F51: 11 | G51: 21 | H51: 0.19
A52: C | B52: Benefício Social familiar | D52: - | E52: 18.5
A53: D | B53: Outros | D53: - | E53: 0
A54: TOTAL SUBMÓDULO 2.3 | E54: =SUM(E50:E53) -> 304.57
A56: QUADRO-RESUMO DO MÓDULO 2 - ENCARGOS, BENEFÍCIOS ANUAIS, MENSAIS E DIÁRIOS
A57: Módulo 2 - Encargos, Benefícios Anuais, Mensais e Diários | E57: VALOR (R$)
A58: 2.1 | B58: 13º Salário, Férias e Adicional de Férias | E58: =E36 -> 300.96
A59: 2.2 | B59: GPS, FGTS e Outras Contribuições | E59: =E47 -> 686.57
A60: 2.3 | B60: Benefícios Mensais e Diários | E60: =E54 -> 304.57
A61: TOTAL DO MÓDULO 2 | E61: =SUM(E58:E60) -> 1292.1
A63: MÓDULO 3 – PROVISÃO PARA RESCISÃO
A64: 3 | B64: PROVISÃO PARA RESCISÃO | D64: % | E64: VALOR (R$)
A65: A | B65: Aviso Prévio Indenizado | D65: 0.0042 | E65: =ROUND(D65*$E$30,2) -> 6.5
A66: B | B66: Incidência do FGTS sobre Aviso Prévio Indenizado | D66: =D46*D65 -> 0.000336 | E66: =ROUND(D66*$E$30,2) -> 0.52
A67: C | B67: Multa do FGTS e Contribuição Social sobre o Aviso Prévio Indenizado | D67: 0.0349 | E67: =ROUND(D67*$E$30,2) -> 54.03
A68: D | B68: Aviso Prévio Trabalhado | D68: ='Memória Encargos'!C50 -> 0.0019 | E68: =ROUND(D68*$E$30,2) -> 2.94
A69: E | B69: Incidência dos encargos do submódulo 2.2 sobre Aviso Prévio Trabalhado | D69: =D47*D68 -> 0.00070547 | E69: =ROUND(D69*$E$30,2) -> 1.09
A70: F | B70: Multa do FGTS e Contribuição Social sobre o Aviso Prévio Trabalhado | D70: ='Memória Encargos'!C62 -> 0.0051 | E70: =ROUND(D70*$E$30,2) -> 7.9
A71: TOTAL DO MÓDULO 3 | D71: =SUM(D65:D70) -> 0.04714147 | E71: =SUM(E65:E70) -> 72.98
A73: MÓDULO 4 – CUSTO DE REPOSIÇÃO DO PROFISSIONAL AUSENTE
B74: Submódulo 4.1 - Substituto nas Ausências Legais | D74: % | E74: VALOR (R$)
A75: A | B75: Substituto na cobertura de Férias | D75: 0.0093 | E75: =ROUND(D75*$E$30,2) -> 14.4
A76: B | B76: Substituto na cobertura de Ausências Legais | D76: 0.0056 | E76: =ROUND(D76*$E$30,2) -> 8.67
A77: C | B77: Substituto na cobertura de Licença-Paternidade | D77: 0.0006 | E77: =ROUND(D77*$E$30,2) -> 0.93
A78: D | B78: Substituto na cobertura de Ausência por acidente de trabalho | D78: 0.0033 | E78: =ROUND(D78*$E$30,2) -> 5.11
A79: E | B79: Substituto na cobertura de Afastamento Maternidade | D79: 0.0004 | E79: =ROUND(D79*$E$30,2) -> 0.62
A80: TOTAL SUBMÓDULO 4.1 | D80: =SUM(D75:D79) -> 0.0192 | E80: =SUM(E75:E79) -> 29.73
A82: Submódulo 4.2 - Substituto na Intrajornada | D82: % | E82: VALOR (R$)
A83: A | B83: Substituto na cobertura de Intervalo para repouso ou alimentação | D83: 0 | E83: =ROUND(D83*$E$30,2) -> 0
A84: TOTAL SUBMÓDULO 4.2 | D84: =SUM(D83) -> 0 | E84: =ROUND(SUM(E83:E83),2) -> 0
A86: QUADRO-RESUMO DO MÓDULO 4 - CUSTO DE REPOSIÇÃO DO PROFISSIONAL AUSENTE
A87: Módulo 4 - Custo de Reposição do Profissional Ausente | E87: VALOR (R$)
A88: 4.1 | B88: Substituto nas Ausências Legais | E88: =E80 -> 29.73
A89: 4.2 | B89: Substituto na Intrajornada | E89: =E84 -> 0
A90: TOTAL DO MÓDULO 4 | E90: =SUM(E88:E89) -> 29.73
A92: MÓDULO 5 – INSUMOS DIVERSOS
A93: 5 | B93: INSUMOS DIVERSOS | E93: VALOR (R$)
A94: A | B94: Uniforme/EPIs | D94: - | E94: =Materiais!F20 -> 0
A95: B | B95: Materiais | D95: - | E95: =Materiais!F40 -> 0
A96: C | B96: Equipamentos | D96: - | E96: =Materiais!F59 -> 0 | H96: =(E36+E47+E71+E80)/E30 -> 0.70423208
A97: TOTAL DO MÓDULO 5 | D97: - | E97: =SUM(E94:E96) -> 0 | H97: =(E36+E47+E71+E80+E101+E102)/E30 -> 0.86895382
A99: MÓDULO 6 – CUSTOS INDIRETOS, TRIBUTOS E LUCRO
A100: 6 | B100: CUSTOS INDIRETOS, TRIBUTOS E LUCRO | D100: % | E100: VALOR (R$) | I100: Mensal | J100: Global
A101: A | B101: Custos Indiretos | D101: 0.03 | E101: =ROUND(E116*D101,2) -> 88.29 | H101: Estimado
A102: B | B102: Lucro | D102: 0.055 | E102: =ROUND((E116+E101)*D102,2) -> 166.72 | H102: Proposta | I102: =Consolidada!F44 -> #REF!
A103: C | B103: TRIBUTOS | K103: Lance | L103: 745561.8
A104: C.1 | B104: PIS - Opção pelo Lucro Real - utilizada a média de recolhimento dos últimos 12 meses | D104: ='Apuração SPED'!F16 -> 0.013110871 | E104: =ROUND((($E$116+$E$101+$E$102)/(1-($D$104+$D$105+$D$106)))*D104,2) -> 47.03
A105: C.2 | B105: COFINS - Opção pelo Lucro Real - utilizada a média de recolhimento dos últimos 12 meses | D105: ='Apuração SPED'!F33 -> 0.060385251 | E105: =ROUND((($E$116+$E$101+$E$102)/(1-($D$104+$D$105+$D$106)))*D105,2) -> 216.61
A106: C.3 | B106: ISS - Alíquota vigente no local da prestação dos serviços | D106: 0.035 | E106: =ROUND((($E$116+$E$101+$E$102)/(1-($D$104+$D$105+$D$106)))*D106,2) -> 125.55
A107: TOTAL DO MÓDULO 6 | D107: =SUM(D101:D106) -> 0.19349612 | E107: =SUM(E101:E106) -> 644.2
A109: QUADRO RESUMO DO CUSTO POR EMPREGADO
A110: Mão de Obra vinculada à execução contratual (valor por empregado) | E110: VALOR (R$)
A111: A | B111: MÓDULO 1 - COMPOSIÇÃO DA REMUNERAÇÃO | E111: =E30 -> 1548.126
A112: B | B112: MÓDULO 2 – ENCARGOS E BENEFÍCIOS ANUAIS, MENSAIS E DIÁRIOS | E112: =E61 -> 1292.1
A113: C | B113: MÓDULO 3 – PROVISÃO PARA RESCISÃO | E113: =E71 -> 72.98
A114: D | B114: MÓDULO 4 – CUSTO DE REPOSIÇÃO DO PROFISSIONAL AUSENTE | E114: =E90 -> 29.73
A115: E | B115: MÓDULO 5 – INSUMOS DIVERSOS | E115: =E97 -> 0
...

Sheet Ijuí
A1: PLANILHA DE FORMAÇÃO DE PREÇOS PARA APRESENTAÇÃO DA PROPOSTA
A3: Discriminação dos Serviços
A4: A | B4: Data de apresentação da proposta | E4: 44887
A5: B | B5: Município | E5: Ijuí/RS
A6: C | B6: Ano do Acordo, Convenção ou Dissídio Coletivo | E6: 2022
A7: D | B7: Nº de meses de execução contratual | E7: 12
A9: Identificação do Serviço
A10: Tipo de Serviço | C10: Unidade de Medida | D10: Quantidade total a contratar (em função da unidade de medida)
A11: Servente 40 horas Ijuí | C11: POSTO | D11: 1
A13: Dados para composição dos custos referentes à mão de obra
A14: 1 | B14: Tipo de serviço (mesmo serviço com características distintas) | E14: Asseio e Conservação
A15: 2 | B15: Classificação Brasileira de Ocupações (CBO) | E15: 5143
A16: 3 | B16: Salário Nominativo da Categoria Profissional | E16: 1431.04
A17: 4 | B17: Categoria profissional (vinculada à execução contratual) | E17: =A11 -> Servente 40 horas Ijuí
A18: 5 | B18: Data base da categoria (dia/mês/ano) | E18: 44562
A20: MÓDULO 1 - COMPOSIÇÃO DA REMUNERAÇÃO
A21: 1 | B21: COMPOSIÇÃO DA REMUNERAÇÃO | D21: % | E21: VALOR (R$)
A22: A | B22: Salário Base | D22: 0 | E22: =ROUND((E16/220)*200,2) -> 1300.95
A23: B | B23: Adicional de Insalubridade | D23: 0.4 | E23: =E16*D23 -> 572.416
A24: C | B24: Adicional de Periculosidade | D24: 0 | E24: 0
A25: D | B25: Adicional Noturno | D25: 0 | E25: 0
A26: C | B26: Hora Noturna Reduzida | D26: 0 | E26: 0
A27: D | B27: Feriado Trabalhado | D27: 0 | E27: 0
A28: E | B28: Outros | D28: 0 | E28: 0
A29: F | B29: Reflexo sobre o D.S.R | D29: 0 | E29: 0
A30: Subtotal módulo 1 (incide encargos sociais e trabalhistas) | E30: =SUM(E22:E29) -> 1873.366
A32: MÓDULO 2 – ENCARGOS E BENEFÍCIOS ANUAIS, MENSAIS E DIÁRIOS
A33: Submódulo 2.1 - 13º Salário, Férias e Adicional de Férias | D33: % | E33: VALOR (R$)
A34: A | B34: 13 (Décimo-terceiro) salário | D34: 0.0833 | E34: =ROUND(D34*$E$30,2) -> 156.05
A35: B | B35: Férias e Adicional de Férias | D35: 0.1111 | E35: =ROUND(D35*$E$30,2) -> 208.13
A36: TOTAL SUBMÓDULO 2.1 | D36: =SUM(D34:D35) -> 0.1944 | E36: =SUM(E34:E35) -> 364.18
A38: Submódulo 2.2 - GPS, FGTS e Outras Contribuições | D38: % | E38: VALOR (R$)
A39: A | B39: INSS | D39: 0.2 | E39: =ROUND(D39*($E$30+$E$36),2) -> 447.51
A40: B | B40: Salário Educação | D40: 0.025 | E40: =ROUND(D40*($E$30+$E$36),2) -> 55.94
A41: C | B41: SAT (Seguro Acidente de Trabalho) | D41: 0.0333 | E41: =ROUND(D41*($E$30+$E$36),2) -> 74.51
A42: D | B42: SESC ou SESI | D42: 0.015 | E42: =ROUND(D42*($E$30+$E$36),2) -> 33.56
A43: E | B43: SENAI - SENAC | D43: 0.01 | E43: =ROUND(D43*($E$30+$E$36),2) -> 22.38
A44: F | B44: SEBRAE | D44: 0.006 | E44: =ROUND(D44*($E$30+$E$36),2) -> 13.43
A45: G | B45: INCRA | D45: 0.002 | E45: =ROUND(D45*($E$30+$E$36),2) -> 4.48
A46: H | B46: FGTS | D46: 0.08 | E46: =ROUND(D46*($E$30+$E$36),2) -> 179
A47: TOTAL SUBMÓDULO 2.2 | D47: =SUM(D39:D46) -> 0.3713 | E47: =SUM(E39:E46) -> 830.81
A49: Submódulo 2.3 - Benefícios Mensais e Diários | D49: % | E49: VALOR (R$)
A50: A | B50: ="Auxílio Transporte Público: [ (Valor da Tarifa: R$ "&F50&" x "&G50&" dias trabalhados x 2 passagens por dia) - (Salário base x 6% de desconto legal) ]" -> Auxílio Transporte Público: [ (Valor da Tarifa: R$ 4,25 x 21 dias trabalhados x 2 passagens por dia) - (Salário base x 6% de desconto legal) ] | D50: - | E50: =IF(ROUND((G50*2*F50)-(0.06*E22),2)<=0,0,ROUND((G50*2*F50)-(0.06*E22),2)) -> 100.44 | F50: 4.25 | G50: 21
A51: B | B51: ="Auxílio Alimentação (Vales, cesta básica etc.): [ (Valor do V.A: R$ "&F51&" x "&G51&" vale por mês) - desconto legal de "&H51*100&"%]" -> Auxílio Alimentação (Vales, cesta básica etc.): [ (Valor do V.A: R$ 22 x 21 vale por mês) - desconto legal de 19%] | D51: - | E51: =ROUND((F51*G51)-(F51*G51*H51),2) -> 374.22 | F51: 22 | G51: 21 | H51: 0.19
A52: C | B52: Benefício Social familiar | D52: - | E52: 18.5
A53: D | B53: Outros | D53: - | E53: 0
A54: TOTAL SUBMÓDULO 2.3 | E54: =SUM(E50:E53) -> 493.16
A56: QUADRO-RESUMO DO MÓDULO 2 - ENCARGOS, BENEFÍCIOS ANUAIS, MENSAIS E DIÁRIOS
A57: Módulo 2 - Encargos, Benefícios Anuais, Mensais e Diários | E57: VALOR (R$)
A58: 2.1 | B58: 13º Salário, Férias e Adicional de Férias | E58: =E36 -> 364.18
A59: 2.2 | B59: GPS, FGTS e Outras Contribuições | E59: =E47 -> 830.81
A60: 2.3 | B60: Benefícios Mensais e Diários | E60: =E54 -> 493.16
A61: TOTAL DO MÓDULO 2 | E61: =SUM(E58:E60) -> 1688.15
A63: MÓDULO 3 – PROVISÃO PARA RESCISÃO
A64: 3 | B64: PROVISÃO PARA RESCISÃO | D64: % | E64: VALOR (R$)
A65: A | B65: Aviso Prévio Indenizado | D65: 0.0042 | E65: =ROUND(D65*$E$30,2) -> 7.87
A66: B | B66: Incidência do FGTS sobre Aviso Prévio Indenizado | D66: =D46*D65 -> 0.000336 | E66: =ROUND(D66*$E$30,2) -> 0.63
A67: C | B67: Multa do FGTS e Contribuição Social sobre o Aviso Prévio Indenizado | D67: 0.0349 | E67: =ROUND(D67*$E$30,2) -> 65.38
A68: D | B68: Aviso Prévio Trabalhado | D68: ='Memória Encargos'!C50 -> 0.0019 | E68: =ROUND(D68*$E$30,2) -> 3.56
A69: E | B69: Incidência dos encargos do submódulo 2.2 sobre Aviso Prévio Trabalhado | D69: =D47*D68 -> 0.00070547 | E69: =ROUND(D69*$E$30,2) -> 1.32
A70: F | B70: Multa do FGTS e Contribuição Social sobre o Aviso Prévio Trabalhado | D70: ='Memória Encargos'!C62 -> 0.0051 | E70: =ROUND(D70*$E$30,2) -> 9.55
A71: TOTAL DO MÓDULO 3 | D71: =SUM(D65:D70) -> 0.04714147 | E71: =SUM(E65:E70) -> 88.31
A73: MÓDULO 4 – CUSTO DE REPOSIÇÃO DO PROFISSIONAL AUSENTE
B74: Submódulo 4.1 - Substituto nas Ausências Legais | D74: % | E74: VALOR (R$)
A75: A | B75: Substituto na cobertura de Férias | D75: 0.0093 | E75: =ROUND(D75*$E$30,2) -> 17.42
A76: B | B76: Substituto na cobertura de Ausências Legais | D76: 0.0056 | E76: =ROUND(D76*$E$30,2) -> 10.49
A77: C | B77: Substituto na cobertura de Licença-Paternidade | D77: 0.0006 | E77: =ROUND(D77*$E$30,2) -> 1.12
A78: D | B78: Substituto na cobertura de Ausência por acidente de trabalho | D78: 0.0033 | E78: =ROUND(D78*$E$30,2) -> 6.18
A79: E | B79: Substituto na cobertura de Afastamento Maternidade | D79: 0.0004 | E79: =ROUND(D79*$E$30,2) -> 0.75
A80: TOTAL SUBMÓDULO 4.1 | D80: =SUM(D75:D79) -> 0.0192 | E80: =SUM(E75:E79) -> 35.96
A82: Submódulo 4.2 - Substituto na Intrajornada | D82: % | E82: VALOR (R$)
A83: A | B83: Substituto na cobertura de Intervalo para repouso ou alimentação | D83: 0 | E83: =ROUND(D83*$E$30,2) -> 0
A84: TOTAL SUBMÓDULO 4.2 | D84: =SUM(D83) -> 0 | E84: =ROUND(SUM(E83:E83),2) -> 0
A86: QUADRO-RESUMO DO MÓDULO 4 - CUSTO DE REPOSIÇÃO DO PROFISSIONAL AUSENTE
A87: Módulo 4 - Custo de Reposição do Profissional Ausente | E87: VALOR (R$)
A88: 4.1 | B88: Substituto nas Ausências Legais | E88: =E80 -> 35.96
A89: 4.2 | B89: Substituto na Intrajornada | E89: =E84 -> 0
A90: TOTAL DO MÓDULO 4 | E90: =SUM(E88:E89) -> 35.96
A92: MÓDULO 5 – INSUMOS DIVERSOS
A93: 5 | B93: INSUMOS DIVERSOS | E93: VALOR (R$)
A94: A | B94: Uniforme/EPIs | D94: - | E94: =Materiais!F20 -> 0
A95: B | B95: Materiais | D95: - | E95: =Materiais!F40 -> 0
A96: C | B96: Equipamentos | D96: - | E96: =Materiais!F59 -> 0 | H96: =(E36+E47+E71+E80)/E30 -> 0.70421904
A97: TOTAL DO MÓDULO 5 | D97: - | E97: =SUM(E94:E96) -> 0 | H97: =(E36+E47+E71+E80+E101+E102)/E30 -> 0.87469827
A99: MÓDULO 6 – CUSTOS INDIRETOS, TRIBUTOS E LUCRO
A100: 6 | B100: CUSTOS INDIRETOS, TRIBUTOS E LUCRO | D100: % | E100: VALOR (R$) | I100: Mensal | J100: Global
A101: A | B101: Custos Indiretos | D101: 0.03 | E101: =ROUND(E116*D101,2) -> 110.57 | H101: Estimado
A102: B | B102: Lucro | D102: 0.055 | E102: =ROUND((E116+E101)*D102,2) -> 208.8 | H102: Proposta | I102: =Consolidada!F44 -> #REF!
A103: C | B103: TRIBUTOS | K103: Lance | L103: 745561.8
A104: C.1 | B104: PIS - Opção pelo Lucro Real - utilizada a média de recolhimento dos últimos 12 meses | D104: ='Apuração SPED'!F16 -> 0.013110871 | E104: =ROUND((($E$116+$E$101+$E$102)/(1-($D$104+$D$105+$D$106)))*D104,2) -> 57.93
A105: C.2 | B105: COFINS - Opção pelo Lucro Real - utilizada a média de recolhimento dos últimos 12 meses | D105: ='Apuração SPED'!F33 -> 0.060385251 | E105: =ROUND((($E$116+$E$101+$E$102)/(1-($D$104+$D$105+$D$106)))*D105,2) -> 266.8
A106: C.3 | B106: ISS - Alíquota vigente no local da prestação dos serviços | D106: 0.02 | E106: =ROUND((($E$116+$E$101+$E$102)/(1-($D$104+$D$105+$D$106)))*D106,2) -> 88.36
A107: TOTAL DO MÓDULO 6 | D107: =SUM(D101:D106) -> 0.17849612 | E107: =SUM(E101:E106) -> 732.46
A109: QUADRO RESUMO DO CUSTO POR EMPREGADO
A110: Mão de Obra vinculada à execução contratual (valor por empregado) | E110: VALOR (R$)
A111: A | B111: MÓDULO 1 - COMPOSIÇÃO DA REMUNERAÇÃO | E111: =E30 -> 1873.366
A112: B | B112: MÓDULO 2 – ENCARGOS E BENEFÍCIOS ANUAIS, MENSAIS E DIÁRIOS | E112: =E61 -> 1688.15
A113: C | B113: MÓDULO 3 – PROVISÃO PARA RESCISÃO | E113: =E71 -> 88.31
A114: D | B114: MÓDULO 4 – CUSTO DE REPOSIÇÃO DO PROFISSIONAL AUSENTE | E114: =E90 -> 35.96
A115: E | B115: MÓDULO 5 – INSUMOS DIVERSOS | E115: =E97 -> 0
...

Sheet Lajeado
A1: PLANILHA DE FORMAÇÃO DE PREÇOS PARA APRESENTAÇÃO DA PROPOSTA
A3: Discriminação dos Serviços
A4: A | B4: Data de apresentação da proposta | E4: 44887
A5: B | B5: Município | E5: Lajeado/RS
A6: C | B6: Ano do Acordo, Convenção ou Dissídio Coletivo | E6: 2022
A7: D | B7: Nº de meses de execução contratual | E7: 12
A9: Identificação do Serviço
A10: Tipo de Serviço | C10: Unidade de Medida | D10: Quantidade total a contratar (em função da unidade de medida)
A11: Servente 30 horas Lajeado | C11: POSTO | D11: 1
A13: Dados para composição dos custos referentes à mão de obra
A14: 1 | B14: Tipo de serviço (mesmo serviço com características distintas) | E14: Asseio e Conservação
A15: 2 | B15: Classificação Brasileira de Ocupações (CBO) | E15: 5143
A16: 3 | B16: Salário Nominativo da Categoria Profissional | E16: 1431.04
A17: 4 | B17: Categoria profissional (vinculada à execução contratual) | E17: =A11 -> Servente 30 horas Lajeado
A18: 5 | B18: Data base da categoria (dia/mês/ano) | E18: 44562
A20: MÓDULO 1 - COMPOSIÇÃO DA REMUNERAÇÃO
A21: 1 | B21: COMPOSIÇÃO DA REMUNERAÇÃO | D21: % | E21: VALOR (R$)
A22: A | B22: Salário Base | D22: 0 | E22: =ROUND((E16/220)*150,2) -> 975.71
A23: B | B23: Adicional de Insalubridade | D23: 0.4 | E23: =E16*D23 -> 572.416
A24: C | B24: Adicional de Periculosidade | D24: 0 | E24: 0
A25: D | B25: Adicional Noturno | D25: 0 | E25: 0
A26: C | B26: Hora Noturna Reduzida | D26: 0 | E26: 0
A27: D | B27: Feriado Trabalhado | D27: 0 | E27: 0
A28: E | B28: Outros | D28: 0 | E28: 0
A29: F | B29: Reflexo sobre o D.S.R | D29: 0 | E29: 0
A30: Subtotal módulo 1 (incide encargos sociais e trabalhistas) | E30: =SUM(E22:E29) -> 1548.126
A32: MÓDULO 2 – ENCARGOS E BENEFÍCIOS ANUAIS, MENSAIS E DIÁRIOS
A33: Submódulo 2.1 - 13º Salário, Férias e Adicional de Férias | D33: % | E33: VALOR (R$)
A34: A | B34: 13 (Décimo-terceiro) salário | D34: 0.0833 | E34: =ROUND(D34*$E$30,2) -> 128.96
A35: B | B35: Férias e Adicional de Férias | D35: 0.1111 | E35: =ROUND(D35*$E$30,2) -> 172
A36: TOTAL SUBMÓDULO 2.1 | D36: =SUM(D34:D35) -> 0.1944 | E36: =SUM(E34:E35) -> 300.96
A38: Submódulo 2.2 - GPS, FGTS e Outras Contribuições | D38: % | E38: VALOR (R$)
A39: A | B39: INSS | D39: 0.2 | E39: =ROUND(D39*($E$30+$E$36),2) -> 369.82
A40: B | B40: Salário Educação | D40: 0.025 | E40: =ROUND(D40*($E$30+$E$36),2) -> 46.23
A41: C | B41: SAT (Seguro Acidente de Trabalho) | D41: 0.0333 | E41: =ROUND(D41*($E$30+$E$36),2) -> 61.57
A42: D | B42: SESC ou SESI | D42: 0.015 | E42: =ROUND(D42*($E$30+$E$36),2) -> 27.74
A43: E | B43: SENAI - SENAC | D43: 0.01 | E43: =ROUND(D43*($E$30+$E$36),2) -> 18.49
A44: F | B44: SEBRAE | D44: 0.006 | E44: =ROUND(D44*($E$30+$E$36),2) -> 11.09
A45: G | B45: INCRA | D45: 0.002 | E45: =ROUND(D45*($E$30+$E$36),2) -> 3.7
A46: H | B46: FGTS | D46: 0.08 | E46: =ROUND(D46*($E$30+$E$36),2) -> 147.93
A47: TOTAL SUBMÓDULO 2.2 | D47: =SUM(D39:D46) -> 0.3713 | E47: =SUM(E39:E46) -> 686.57
A49: Submódulo 2.3 - Benefícios Mensais e Diários | D49: % | E49: VALOR (R$)
A50: A | B50: ="Auxílio Transporte Público: [ (Valor da Tarifa: R$ "&F50&" x "&G50&" dias trabalhados x 2 passagens por dia) - (Salário base x 6% de desconto legal) ]" -> Auxílio Transporte Público: [ (Valor da Tarifa: R$ 5 x 21 dias trabalhados x 2 passagens por dia) - (Salário base x 6% de desconto legal) ] | D50: - | E50: =IF(ROUND((G50*2*F50)-(0.06*E22),2)<=0,0,ROUND((G50*2*F50)-(0.06*E22),2)) -> 151.46 | F50: 5 | G50: 21
A51: B | B51: ="Auxílio Alimentação (Vales, cesta básica etc.): [ (Valor do V.A: R$ "&F51&" x "&G51&" vale por mês) - desconto legal de "&H51*100&"%]" -> Auxílio Alimentação (Vales, cesta básica etc.): [ (Valor do V.A: R$ 11 x 21 vale por mês) - desconto legal de 19%] | D51: - | E51: =ROUND((F51*G51)-(F51*G51*H51),2) -> 187.11 | F51: 11 | G51: 21 | H51: 0.19
A52: C | B52: Benefício Social familiar | D52: - | E52: 18.5
A53: D | B53: Outros | D53: - | E53: 0
A54: TOTAL SUBMÓDULO 2.3 | E54: =SUM(E50:E53) -> 357.07
A56: QUADRO-RESUMO DO MÓDULO 2 - ENCARGOS, BENEFÍCIOS ANUAIS, MENSAIS E DIÁRIOS
A57: Módulo 2 - Encargos, Benefícios Anuais, Mensais e Diários | E57: VALOR (R$)
A58: 2.1 | B58: 13º Salário, Férias e Adicional de Férias | E58: =E36 -> 300.96
A59: 2.2 | B59: GPS, FGTS e Outras Contribuições | E59: =E47 -> 686.57
A60: 2.3 | B60: Benefícios Mensais e Diários | E60: =E54 -> 357.07
A61: TOTAL DO MÓDULO 2 | E61: =SUM(E58:E60) -> 1344.6
A63: MÓDULO 3 – PROVISÃO PARA RESCISÃO
A64: 3 | B64: PROVISÃO PARA RESCISÃO | D64: % | E64: VALOR (R$)
A65: A | B65: Aviso Prévio Indenizado | D65: 0.0042 | E65: =ROUND(D65*$E$30,2) -> 6.5
A66: B | B66: Incidência do FGTS sobre Aviso Prévio Indenizado | D66: =D46*D65 -> 0.000336 | E66: =ROUND(D66*$E$30,2) -> 0.52
A67: C | B67: Multa do FGTS e Contribuição Social sobre o Aviso Prévio Indenizado | D67: 0.0349 | E67: =ROUND(D67*$E$30,2) -> 54.03
A68: D | B68: Aviso Prévio Trabalhado | D68: ='Memória Encargos'!C50 -> 0.0019 | E68: =ROUND(D68*$E$30,2) -> 2.94
A69: E | B69: Incidência dos encargos do submódulo 2.2 sobre Aviso Prévio Trabalhado | D69: =D47*D68 -> 0.00070547 | E69: =ROUND(D69*$E$30,2) -> 1.09
A70: F | B70: Multa do FGTS e Contribuição Social sobre o Aviso Prévio Trabalhado | D70: ='Memória Encargos'!C62 -> 0.0051 | E70: =ROUND(D70*$E$30,2) -> 7.9
A71: TOTAL DO MÓDULO 3 | D71: =SUM(D65:D70) -> 0.04714147 | E71: =SUM(E65:E70) -> 72.98
A73: MÓDULO 4 – CUSTO DE REPOSIÇÃO DO PROFISSIONAL AUSENTE
B74: Submódulo 4.1 - Substituto nas Ausências Legais | D74: % | E74: VALOR (R$)
A75: A | B75: Substituto na cobertura de Férias | D75: 0.0093 | E75: =ROUND(D75*$E$30,2) -> 14.4
A76: B | B76: Substituto na cobertura de Ausências Legais | D76: 0.0056 | E76: =ROUND(D76*$E$30,2) -> 8.67
A77: C | B77: Substituto na cobertura de Licença-Paternidade | D77: 0.0006 | E77: =ROUND(D77*$E$30,2) -> 0.93
A78: D | B78: Substituto na cobertura de Ausência por acidente de trabalho | D78: 0.0033 | E78: =ROUND(D78*$E$30,2) -> 5.11
A79: E | B79: Substituto na cobertura de Afastamento Maternidade | D79: 0.0004 | E79: =ROUND(D79*$E$30,2) -> 0.62
A80: TOTAL SUBMÓDULO 4.1 | D80: =SUM(D75:D79) -> 0.0192 | E80: =SUM(E75:E79) -> 29.73
A82: Submódulo 4.2 - Substituto na Intrajornada | D82: % | E82: VALOR (R$)
A83: A | B83: Substituto na cobertura de Intervalo para repouso ou alimentação | D83: 0 | E83: =ROUND(D83*$E$30,2) -> 0
A84: TOTAL SUBMÓDULO 4.2 | D84: =SUM(D83) -> 0 | E84: =ROUND(SUM(E83:E83),2) -> 0
A86: QUADRO-RESUMO DO MÓDULO 4 - CUSTO DE REPOSIÇÃO DO PROFISSIONAL AUSENTE
A87: Módulo 4 - Custo de Reposição do Profissional Ausente | E87: VALOR (R$)
A88: 4.1 | B88: Substituto nas Ausências Legais | E88: =E80 -> 29.73
A89: 4.2 | B89: Substituto na Intrajornada | E89: =E84 -> 0
A90: TOTAL DO MÓDULO 4 | E90: =SUM(E88:E89) -> 29.73
A92: MÓDULO 5 – INSUMOS DIVERSOS
A93: 5 | B93: INSUMOS DIVERSOS | E93: VALOR (R$)
A94: A | B94: Uniforme/EPIs | D94: - | E94: =Materiais!F20 -> 0
A95: B | B95: Materiais | D95: - | E95: =Materiais!F40 -> 0
A96: C | B96: Equipamentos | D96: - | E96: =Materiais!F59 -> 0 | H96: =(E36+E47+E71+E80)/E30 -> 0.70423208
A97: TOTAL DO MÓDULO 5 | D97: - | E97: =SUM(E94:E96) -> 0 | H97: =(E36+E47+E71+E80+E101+E102)/E30 -> 0.8718864
A99: MÓDULO 6 – CUSTOS INDIRETOS, TRIBUTOS E LUCRO
A100: 6 | B100: CUSTOS INDIRETOS, TRIBUTOS E LUCRO | D100: % | E100: VALOR (R$) | I100: Mensal | J100: Global
A101: A | B101: Custos Indiretos | D101: 0.03 | E101: =ROUND(E116*D101,2) -> 89.86 | H101: Estimado
A102: B | B102: Lucro | D102: 0.055 | E102: =ROUND((E116+E101)*D102,2) -> 169.69 | H102: Proposta | I102: =Consolidada!F44 -> #REF!
A103: C | B103: TRIBUTOS | K103: Lance | L103: 745561.8
A104: C.1 | B104: PIS - Opção pelo Lucro Real - utilizada a média de recolhimento dos últimos 12 meses | D104: ='Apuração SPED'!F16 -> 0.013110871 | E104: =ROUND((($E$116+$E$101+$E$102)/(1-($D$104+$D$105+$D$106)))*D104,2) -> 47.34
A105: C.2 | B105: COFINS - Opção pelo Lucro Real - utilizada a média de recolhimento dos últimos 12 meses | D105: ='Apuração SPED'!F33 -> 0.060385251 | E105: =ROUND((($E$116+$E$101+$E$102)/(1-($D$104+$D$105+$D$106)))*D105,2) -> 218.03
A106: C.3 | B106: ISS - Alíquota vigente no local da prestação dos serviços | D106: 0.025 | E106: =ROUND((($E$116+$E$101+$E$102)/(1-($D$104+$D$105+$D$106)))*D106,2) -> 90.27
A107: TOTAL DO MÓDULO 6 | D107: =SUM(D101:D106) -> 0.18349612 | E107: =SUM(E101:E106) -> 615.19
A109: QUADRO RESUMO DO CUSTO POR EMPREGADO
A110: Mão de Obra vinculada à execução contratual (valor por empregado) | E110: VALOR (R$)
A111: A | B111: MÓDULO 1 - COMPOSIÇÃO DA REMUNERAÇÃO | E111: =E30 -> 1548.126
A112: B | B112: MÓDULO 2 – ENCARGOS E BENEFÍCIOS ANUAIS, MENSAIS E DIÁRIOS | E112: =E61 -> 1344.6
A113: C | B113: MÓDULO 3 – PROVISÃO PARA RESCISÃO | E113: =E71 -> 72.98
A114: D | B114: MÓDULO 4 – CUSTO DE REPOSIÇÃO DO PROFISSIONAL AUSENTE | E114: =E90 -> 29.73
A115: E | B115: MÓDULO 5 – INSUMOS DIVERSOS | E115: =E97 -> 0
...

Sheet Composição de Custos
A2: Pregão Eletrônico nº 046/2026
A4: ANEXO III - MODELO DE PLANILHA DE CUSTOS
A6: Discriminação dos Serviços
A7: A | B7: Data de apresentação da proposta (dia/mês/ano) | E7: xx/xx/2026
A8: B | B8: Município/UF
A9: C | B9: Ano do Acordo, Convenção ou Dissídio Coletivo
A10: D | B10: Nº de meses de execução contratual | E10: 12
A11: E | B11: Convenção Coletiva de Trabalho
A12: F | B12: Regime de Tributação
A14: Identificação do Serviço
A15: Tipo de Serviço | C15: Unidade de Medida | D15: Quantidade total a contratar (em função da unidade de medida)
A16: Auxiliar de Limpeza | C16: POSTO | D16: 1
A18: Dados para composição dos custos referentes à mão de obra
A19: 1 | B19: Tipo de serviço (mesmo serviço com características distintas) | E19: Limpeza e Conservação
A20: 2 | B20: Classificação Brasileira de Ocupações (CBO)
A21: 3 | B21: Salário Nominativo da Categoria Profissional | E21: 0
A22: 4 | B22: Categoria profissional (vinculada à execução contratual) | E22: 220
A23: 5 | B23: Data base da categoria (dia/mês/ano)
A25: MÓDULO 1 - COMPOSIÇÃO DA REMUNERAÇÃO
A26: 1 | B26: COMPOSIÇÃO DA REMUNERAÇÃO | D26: % | E26: VALOR (R$)
A27: A | B27: Salário Base | D27: 0 | E27: 0
A28: B | B28: Adicional de Insalubridade | D28: 0.4 | E28: 0
A29: C | B29: Adicional de Periculosidade | D29: 0 | E29: 0
A30: D | B30: Adicional Noturno | D30: 0 | E30: 0
A31: C | B31: Hora Noturna Reduzida | D31: 0 | E31: 0
A32: D | B32: Feriado Trabalhado | D32: 0 | E32: 0
A33: E | B33: Outros | D33: 0 | E33: 0
A34: Subtotal módulo 1 (incide encargos sociais e trabalhistas) | E34: =SUM(E27:E33) -> 0
A36: MÓDULO 2 – ENCARGOS E BENEFÍCIOS ANUAIS, MENSAIS E DIÁRIOS
A37: Submódulo 2.1 - 13º Salário, Férias e Adicional de Férias | D37: % | E37: VALOR (R$)
A38: A | B38: 13 (Décimo-terceiro) salário | D38: 0.0833 | E38: =ROUND(D38*$E$34,2) -> 0
A39: B | B39: Férias e Adicional de Férias | D39: 0.121 | E39: =ROUND(D39*$E$34,2) -> 0
A40: Subtotal | D40: =SUM(D38:D39) -> 0.2043
A41: C | B41: Incidência dos encargos do submodulo 2.2 sobre o 13° salário, férias e adicional de férias. | D41: 0.0782
A42: TOTAL SUBMÓDULO 2.1 | D42: =D40+D41 -> 0.2825 | E42: =SUM(E38:E39) -> 0
A44: Submódulo 2.2 - GPS, FGTS e Outras Contribuições | D44: % | E44: VALOR (R$)
A45: A | B45: INSS | D45: 0 | E45: =ROUND(D45*($E$34+$E$42),2) -> 0
A46: B | B46: Salário Educação | D46: 0 | E46: =ROUND(D46*($E$34+$E$42),2) -> 0
A47: C | B47: SAT (Seguro Acidente de Trabalho) | D47: 0 | E47: =ROUND(D47*($E$34+$E$42),2) -> 0
A48: D | B48: SESC ou SESI | D48: 0 | E48: =ROUND(D48*($E$34+$E$42),2) -> 0
A49: E | B49: SENAI - SENAC | D49: 0 | E49: =ROUND(D49*($E$34+$E$42),2) -> 0
A50: F | B50: SEBRAE | D50: 0 | E50: =ROUND(D50*($E$34+$E$42),2) -> 0
A51: G | B51: INCRA | D51: 0 | E51: =ROUND(D51*($E$34+$E$42),2) -> 0
A52: H | B52: FGTS | D52: 0 | E52: =ROUND(D52*($E$34+$E$42),2) -> 0
A53: TOTAL SUBMÓDULO 2.2 | D53: =SUM(D45:D52) -> 0 | E53: =SUM(E45:E52) -> 0
A55: Submódulo 2.3 - Benefícios Mensais e Diários | D55: Valores e Precentuais | E55: VALOR (R$)
A56: A | B56: Auxílio Transporte Público:(Valor do VT x dias trabalhados) - (Salario base X Desconto Legal 6%) | E56: =(D57*D58*25.42)-(E21*6%) -> 0 | F56: 4.8 | G56: 22
B57: A.1) Valor da tarifa do transporte coletivo no município de prestação de serviços: | D57: 0
B58: A.2) Quantidade de passagens por dia por empregado: | D58: 2
A59: B | B59: Auxílio Alimentação (Vales, cesta básica etc.): (Valor do VA x dias trabalhados - Desconto Legal CCT) | E59: =ROUND((D60*D61)-(D60*D61*D62),2) -> 0 | F59: 23.68 | G59: 22 | H59: 0.19
B60: B.1) Valor do Vale Alimentação,Cesta básica, etc. | D60: 0
B61: B.2) Quantidade de Vale Alimentação por empregado por dia trabalhado | D61: 25.42
B62: B.3) Desconto legal CCT | D62: 0.2
A63: C | B63: Benefício Social familiar | D63: - | E63: =(D57*D58*22)-(E21*6%) -> 0
A64: D | B64: Outros | D64: - | E64: 0
A65: TOTAL SUBMÓDULO 2.3 | E65: =SUM(E56:E64) -> 0
A67: QUADRO-RESUMO DO MÓDULO 2 - ENCARGOS, BENEFÍCIOS ANUAIS, MENSAIS E DIÁRIOS
A68: Módulo 2 - Encargos, Benefícios Anuais, Mensais e Diários | E68: VALOR (R$)
A69: 2.1 | B69: 13º Salário, Férias e Adicional de Férias | E69: =E42 -> 0
A70: 2.2 | B70: GPS, FGTS e Outras Contribuições | E70: =E53 -> 0
A71: 2.3 | B71: Benefícios Mensais e Diários | E71: =E65 -> 0
A72: TOTAL DO MÓDULO 2 | E72: =SUM(E69:E71) -> 0
A74: MÓDULO 3 – PROVISÃO PARA RESCISÃO
A75: 3 | B75: PROVISÃO PARA RESCISÃO | D75: % | E75: VALOR (R$)
A76: A | B76: Aviso Prévio Indenizado | D76: 0.0042 | E76: =ROUND(D76*$E$34,2) -> 0
A77: B | B77: Incidência do FGTS sobre Aviso Prévio Indenizado | D77: =D52*D76 -> 0 | E77: =ROUND(D77*$E$34,2) -> 0
A78: C | B78: Multa do FGTS e Contribuição Social sobre o Aviso Prévio Indenizado | D78: 0.0349 | E78: =ROUND(D78*$E$34,2) -> 0
A79: D | B79: Aviso Prévio Trabalhado | D79: ='Memória Encargos'!C50 -> 0.0019 | E79: =ROUND(D79*$E$34,2) -> 0
A80: E | B80: Incidência dos encargos do submódulo 2.2 sobre Aviso Prévio Trabalhado | D80: =D53*D79 -> 0 | E80: =ROUND(D80*$E$34,2) -> 0
A81: F | B81: Multa do FGTS e Contribuição Social sobre o Aviso Prévio Trabalhado | D81: ='Memória Encargos'!C62 -> 0.0051 | E81: =ROUND(D81*$E$34,2) -> 0
A82: TOTAL DO MÓDULO 3 | D82: =SUM(D76:D81) -> 0.0461 | E82: =SUM(E76:E81) -> 0
A84: MÓDULO 4 – CUSTO DE REPOSIÇÃO DO PROFISSIONAL AUSENTE
B85: Submódulo 4.1 - Substituto nas Ausências Legais | D85: % | E85: VALOR (R$)
A86: A | B86: Substituto na cobertura de Férias | D86: 0.0093 | E86: =ROUND(D86*$E$34,2) -> 0
A87: B | B87: Substituto na cobertura de Ausências Legais | D87: 0.0056 | E87: =ROUND(D87*$E$34,2) -> 0
A88: C | B88: Substituto na cobertura de Licença-Paternidade | D88: 0.0006 | E88: =ROUND(D88*$E$34,2) -> 0
A89: D | B89: Substituto na cobertura de Ausência por acidente de trabalho | D89: 0.0033 | E89: =ROUND(D89*$E$34,2) -> 0
A90: E | B90: Substituto na cobertura de Afastamento Maternidade | D90: 0.0004 | E90: =ROUND(D90*$E$34,2) -> 0
A91: F | B91: Substituto na cobertura de Ausencia por doença | D91: 0.0002 | E91: =ROUND(D91*$E$34,2) -> 0
A92: TOTAL SUBMÓDULO 4.1 | D92: =SUM(D86:D91) -> 0.0194 | E92: =SUM(E86:E91) -> 0
A94: Submódulo 4.2 - Substituto na Intrajornada | D94: % | E94: VALOR (R$)
A95: A | B95: Substituto na cobertura de Intervalo para repouso ou alimentação | D95: 0 | E95: =ROUND(D95*$E$34,2) -> 0
A96: TOTAL SUBMÓDULO 4.2 | D96: =SUM(D95) -> 0 | E96: =ROUND(SUM(E95:E95),2) -> 0
A98: QUADRO-RESUMO DO MÓDULO 4 - CUSTO DE REPOSIÇÃO DO PROFISSIONAL AUSENTE
A99: Módulo 4 - Custo de Reposição do Profissional Ausente | E99: VALOR (R$)
A100: 4.1 | B100: Substituto nas Ausências Legais | E100: =E92 -> 0
A101: 4.2 | B101: Substituto na Intrajornada | E101: =E96 -> 0
A102: TOTAL DO MÓDULO 4 | E102: =SUM(E100:E101) -> 0
A104: MÓDULO 5 – INSUMOS DIVERSOS
A105: 5 | B105: INSUMOS DIVERSOS | E105: VALOR (R$)
A106: A | B106: Uniforme/EPIs | D106: - | E106: 43.08
A107: B | B107: Materiais | D107: - | E107: =Materiais!F40 -> 0
A108: C | B108: Equipamentos | D108: - | E108: =Materiais!F59 -> 0 | H108: =(E42+E53+E82+E92)/E34 -> #DIV/0!
A109: TOTAL DO MÓDULO 5 | D109: - | E109: =SUM(E106:E108) -> 43.08 | H109: =(E42+E53+E82+E92+E113+E114)/E34 -> #DIV/0!
A111: MÓDULO 6 – CUSTOS INDIRETOS, TRIBUTOS E LUCRO
A112: 6 | B112: CUSTOS INDIRETOS, TRIBUTOS E LUCRO | D112: % | E112: VALOR (R$) | I112: Mensal | J112: Global
A113: A | B113: Custos Indiretos | D113: 0 | E113: =ROUND(E128*D113,2) -> 0 | H113: Estimado
A114: B | B114: Lucro | D114: 0 | E114: =ROUND((E128+E113)*D114,2) -> 0 | H114: Proposta | I114: =Consolidada!F44 -> #REF!
A115: C | B115: TRIBUTOS | K115: Lance | L115: 745561.8
A116: C.1 | B116: PIS - Opção pelo Lucro Real - utilizada a média de recolhimento dos últimos 12 meses | D116: 0 | E116: =ROUND((($E$128+$E$113+$E$114)/(1-($D$116+$D$117+$D$118)))*D116,2) -> 0
...

Sheet incluir planilha demais postos
B6: *observar as exigências do TR - anexo I e III (insalubridades)

Sheet Materiais
B3: ITEM UNIFORMES | C3: CUSTO UNITÁRIO | D3: QTD. | E3: VALOR TOTAL | F3: VALOR AMORTIZADO
B4: MEIAS DE ALGODÃO (PAR) | E4: =SUM(D4*C4) -> 0 | F4: =IF(D4>0,((E4/12)/D4),"0") -> 0
B5: COTURNOS COR PRETA (PAR) | E5: =SUM(D5*C5) -> 0 | F5: =IF(D5>0,((E5/12)/D5),"0") -> 0
B6: BOTINAS NA COR PRETA (PAR) | E6: =SUM(D6*C6) -> 0 | F6: =IF(D6>0,((E6/12)/D6),"0") -> 0
B7: SAPATOS NA COR PRETA | E7: =SUM(D7*C7) -> 0 | F7: =IF(D7>0,((E7/12)/D7),"0") -> 0
B8: CAMISETA MANGA CURTA | E8: =SUM(D8*C8) -> 0 | F8: =IF(D8>0,((E8/12)/D8),"0") -> 0
B9: CAMISETA MANGA LONGA | E9: =SUM(D9*C9) -> 0 | F9: =IF(D9>0,((E9/12)/D9),"0") -> 0
B10: JALECO | E10: =SUM(D10*C10) -> 0 | F10: =IF(D10>0,((E10/12)/D10),"0") -> 0
B11: CALÇA | E11: =SUM(D11*C11) -> 0 | F11: =IF(D11>0,((E11/12)/D11),"0") -> 0
B12: CINTO | E12: =SUM(D12*C12) -> 0 | F12: =IF(D12>0,((E12/12)/D12),"0") -> 0
B13: JAQUETA DE FRIO OU JAPONA | E13: =SUM(D13*C13) -> 0 | F13: =IF(D13>0,((E13/12)/D13),"0") -> 0
B14: CAMISA SOCIAL BRANCA MANGA CURTA | E14: =SUM(D14*C14) -> 0 | F14: =IF(D14>0,((E14/12)/D14),"0") -> 0
B15: CAMISA SOCIAL BRANCA MANGA COMPRIDA | E15: =SUM(D15*C15) -> 0 | F15: =IF(D15>0,((E15/12)/D15),"0") -> 0
... B19: MOLETON | E19: =SUM(D19*C19) -> 0 | F19: =IF(D19>0,((E19/12)/D19),"0") -> 0
B20: TOTAL | F20: =SUM(F4:F19) -> 0
B24: ITEM MATERIAIS | C24: CUSTO UNITÁRIO | D24: QTD. | E24: VALOR TOTAL | F24: VALOR AMORTIZADO
B25: ASPIRADOR DE PÓ INDUSTRIAL | E25: =SUM(D25*C25) -> 0 | F25: =IF(D25>0,((E25/12)/D25),"0") -> 0
B26: ENCERADEIRA BANDEIRANTE 350 | E26: =SUM(D26*C26) -> 0 | F26: =IF(D26>0,((E26/12)/D26),"0") -> 0
B27: ESCADA 6 DEGRAUS | E27: =SUM(D27*C27) -> 0 | F27: =IF(D27>0,((E27/12)/D27),"0") -> 0
B28: ESPANADOR DE PENAS Nº 50 | E28: =SUM(D28*C28) -> 0 | F28: =IF(D28>0,((E28/12)/D28),"0") -> 0
B29: DISCOS P/ ENCERADEIRA 350 | E29: =SUM(D29*C29) -> 0 | F29: =IF(D29>0,((E29/12)/D29),"0") -> 0
B30: BALDE PLÁSTICO | E30: =SUM(D30*C30) -> 0 | F30: =IF(D30>0,((E30/12)/D30),"0") -> 0
B31: VASSOURA PELO | E31: =SUM(D31*C31) -> 0 | F31: =IF(D31>0,((E31/12)/D31),"0") -> 0
B32: VASSOURINHA SANITÁRIA | E32: =SUM(D32*C32) -> 0 | F32: =IF(D32>0,((E32/12)/D32),"0") -> 0
B33: VASSOURA FEITICEIRA | E33: =SUM(D33*C33) -> 0 | F33: =IF(D33>0,((E33/12)/D33),"0") -> 0
B34: DESENTUPIDOR DE VASO SANITÁRIO | E34: =SUM(D34*C34) -> 0 | F34: =IF(D34>0,((E34/12)/D34),"0") -> 0
B35: PÁ DE LIXO | E35: =SUM(D35*C35) -> 0 | F35: =IF(D35>0,((E35/12)/D35),"0") -> 0
B36: RODO 2 BORRACHAS | E36: =SUM(D36*C36) -> 0 | F36: =IF(D36>0,((E36/12)/D36),"0") -> 0
... B39: PLACAS SINALIZAÇÃO PISO MOLHADO TOMKI | E39: =SUM(D39*C39) -> 0 | F39: =IF(D39>0,((E39/12)/D39),"0") -> 0
B40: TOTAL | F40: =SUM(F25:F39) -> 0
B44: ITEM EQUIPAMENTOS (EPI) | C44: CUSTO UNITÁRIO | D44: QTD. | E44: VALOR TOTAL | F44: VALOR AMORTIZADO
B45: QUEPE (COM EMBLEMA) | E45: =SUM(D45*C45) -> 0 | F45: =IF(D45>0,((E45/12)/D45),"0") -> 0
B46: CAPA DE CHUVA | E46: =SUM(D46*C46) -> 0 | F46: =IF(D46>0,((E46/12)/D46),"0") -> 0
B47: CRACHÁ | E47: =SUM(D47*C47) -> 0 | F47: =IF(D47>0,((E47/12)/D47),"0") -> 0
B48: DISTINTIVO TIPO BROCHE | E48: =SUM(D48*C48) -> 0 | F48: =IF(D48>0,((E48/12)/D48),"0") -> 0
B49: CACETETE | E49: =SUM(D49*C49) -> 0 | F49: =IF(D49>0,((E49/12)/D49),"0") -> 0
B50: PORTA CACETETE | E50: =SUM(D50*C50) -> 0 | F50: =IF(D50>0,((E50/12)/D50),"0") -> 0
B51: APITO | E51: =SUM(D51*C51) -> 0 | F51: =IF(D51>0,((E51/12)/D51),"0") -> 0
B52: CORDÃO DE APITO | E52: =SUM(D52*C52) -> 0 | F52: =IF(D52>0,((E52/12)/D52),"0") -> 0
B53: LANTERNA GRANDE | E53: =SUM(D53*C53) -> 0 | F53: =IF(D53>0,((E53/12)/D53),"0") -> 0
B54: 3 PILHAS GRANDES PARA LANTERNA | E54: =SUM(D54*C54) -> 0 | F54: =IF(D54>0,((E54/12)/D54),"0") -> 0
B55: KIT DE PRIMEIROS SOCORROS | E55: =SUM(D55*C55) -> 0 | F55: =IF(D55>0,((E55/12)/D55),"0") -> 0
B56: ÓCULOS DE SEGURANÇA | E56: =SUM(D56*C56) -> 0 | F56: =IF(D56>0,((E56/12)/D56),"0") -> 0
... B58: MARCARA | E58: =SUM(D58*C58) -> 0 | F58: =IF(D58>0,((E58/12)/D58),"0") -> 0
B59: TOTAL | F59: =SUM(F45:F57) -> 0

Sheet Nov Ham
A1: PLANILHA DE FORMAÇÃO DE PREÇOS PARA APRESENTAÇÃO DA PROPOSTA
A3: Discriminação dos Serviços
A4: A | B4: Data de apresentação da proposta | E4: 44887
A5: B | B5: Município | E5: Novo Hamburgo/RS
A6: C | B6: Ano do Acordo, Convenção ou Dissídio Coletivo | E6: 2022
A7: D | B7: Nº de meses de execução contratual | E7: 12
A9: Identificação do Serviço
A10: Tipo de Serviço | C10: Unidade de Medida | D10: Quantidade total a contratar (em função da unidade de medida)
A11: Servente 30 horas Novo Hamburgo | C11: POSTO | D11: 1
A13: Dados para composição dos custos referentes à mão de obra
A14: 1 | B14: Tipo de serviço (mesmo serviço com características distintas) | E14: Asseio e Conservação
A15: 2 | B15: Classificação Brasileira de Ocupações (CBO) | E15: 5143
A16: 3 | B16: Salário Nominativo da Categoria Profissional | E16: 1431.04
A17: 4 | B17: Categoria profissional (vinculada à execução contratual) | E17: =A11 -> Servente 30 horas Novo Hamburgo
A18: 5 | B18: Data base da categoria (dia/mês/ano) | E18: 44562
A20: MÓDULO 1 - COMPOSIÇÃO DA REMUNERAÇÃO
A21: 1 | B21: COMPOSIÇÃO DA REMUNERAÇÃO | D21: % | E21: VALOR (R$)
A22: A | B22: Salário Base | D22: 0 | E22: =ROUND((E16/220)*150,2) -> 975.71
A23: B | B23: Adicional de Insalubridade | D23: 0.4 | E23: =E16*D23 -> 572.416
A24: C | B24: Adicional de Periculosidade | D24: 0 | E24: 0
A25: D | B25: Adicional Noturno | D25: 0 | E25: 0
A26: C | B26: Hora Noturna Reduzida | D26: 0 | E26: 0
A27: D | B27: Feriado Trabalhado | D27: 0 | E27: 0
A28: E | B28: Outros | D28: 0 | E28: 0
A29: F | B29: Reflexo sobre o D.S.R | D29: 0 | E29: 0
A30: Subtotal módulo 1 (incide encargos sociais e trabalhistas) | E30: =SUM(E22:E29) -> 1548.126
A32: MÓDULO 2 – ENCARGOS E BENEFÍCIOS ANUAIS, MENSAIS E DIÁRIOS
A33: Submódulo 2.1 - 13º Salário, Férias e Adicional de Férias | D33: % | E33: VALOR (R$)
A34: A | B34: 13 (Décimo-terceiro) salário | D34: 0.0833 | E34: =ROUND(D34*$E$30,2) -> 128.96
A35: B | B35: Férias e Adicional de Férias | D35: 0.1111 | E35: =ROUND(D35*$E$30,2) -> 172
A36: TOTAL SUBMÓDULO 2.1 | D36: =SUM(D34:D35) -> 0.1944 | E36: =SUM(E34:E35) -> 300.96
A38: Submódulo 2.2 - GPS, FGTS e Outras Contribuições | D38: % | E38: VALOR (R$)
A39: A | B39: INSS | D39: 0.2 | E39: =ROUND(D39*($E$30+$E$36),2) -> 369.82
A40: B | B40: Salário Educação | D40: 0.025 | E40: =ROUND(D40*($E$30+$E$36),2) -> 46.23
A41: C | B41: SAT (Seguro Acidente de Trabalho) | D41: 0.0333 | E41: =ROUND(D41*($E$30+$E$36),2) -> 61.57
A42: D | B42: SESC ou SESI | D42: 0.015 | E42: =ROUND(D42*($E$30+$E$36),2) -> 27.74
A43: E | B43: SENAI - SENAC | D43: 0.01 | E43: =ROUND(D43*($E$30+$E$36),2) -> 18.49
A44: F | B44: SEBRAE | D44: 0.006 | E44: =ROUND(D44*($E$30+$E$36),2) -> 11.09
A45: G | B45: INCRA | D45: 0.002 | E45: =ROUND(D45*($E$30+$E$36),2) -> 3.7
A46: H | B46: FGTS | D46: 0.08 | E46: =ROUND(D46*($E$30+$E$36),2) -> 147.93
A47: TOTAL SUBMÓDULO 2.2 | D47: =SUM(D39:D46) -> 0.3713 | E47: =SUM(E39:E46) -> 686.57
A49: Submódulo 2.3 - Benefícios Mensais e Diários | D49: % | E49: VALOR (R$)
A50: A | B50: ="Auxílio Transporte Público: [ (Valor da Tarifa: R$ "&F50&" x "&G50&" dias trabalhados x 2 passagens por dia) - (Salário base x 6% de desconto legal) ]" -> Auxílio Transporte Público: [ (Valor da Tarifa: R$ 4,6 x 21 dias trabalhados x 2 passagens por dia) - (Salário base x 6% de desconto legal) ] | D50: - | E50: =IF(ROUND((G50*2*F50)-(0.06*E22),2)<=0,0,ROUND((G50*2*F50)-(0.06*E22),2)) -> 134.66 | F50: 4.6 | G50: 21
A51: B | B51: ="Auxílio Alimentação (Vales, cesta básica etc.): [ (Valor do V.A: R$ "&F51&" x "&G51&" vale por mês) - desconto legal de "&H51*100&"%]" -> Auxílio Alimentação (Vales, cesta básica etc.): [ (Valor do V.A: R$ 11 x 21 vale por mês) - desconto legal de 19%] | D51: - | E51: =ROUND((F51*G51)-(F51*G51*H51),2) -> 187.11 | F51: 11 | G51: 21 | H51: 0.19
A52: C | B52: Benefício Social familiar | D52: - | E52: 18.5
A53: D | B53: Outros | D53: - | E53: 0
A54: TOTAL SUBMÓDULO 2.3 | E54: =SUM(E50:E53) -> 340.27
A56: QUADRO-RESUMO DO MÓDULO 2 - ENCARGOS, BENEFÍCIOS ANUAIS, MENSAIS E DIÁRIOS
A57: Módulo 2 - Encargos, Benefícios Anuais, Mensais e Diários | E57: VALOR (R$)
A58: 2.1 | B58: 13º Salário, Férias e Adicional de Férias | E58: =E36 -> 300.96
A59: 2.2 | B59: GPS, FGTS e Outras Contribuições | E59: =E47 -> 686.57
A60: 2.3 | B60: Benefícios Mensais e Diários | E60: =E54 -> 340.27
A61: TOTAL DO MÓDULO 2 | E61: =SUM(E58:E60) -> 1327.8
A63: MÓDULO 3 – PROVISÃO PARA RESCISÃO
A64: 3 | B64: PROVISÃO PARA RESCISÃO | D64: % | E64: VALOR (R$)
A65: A | B65: Aviso Prévio Indenizado | D65: 0.0042 | E65: =ROUND(D65*$E$30,2) -> 6.5
A66: B | B66: Incidência do FGTS sobre Aviso Prévio Indenizado | D66: =D46*D65 -> 0.000336 | E66: =ROUND(D66*$E$30,2) -> 0.52
A67: C | B67: Multa do FGTS e Contribuição Social sobre o Aviso Prévio Indenizado | D67: 0.0349 | E67: =ROUND(D67*$E$30,2) -> 54.03
A68: D | B68: Aviso Prévio Trabalhado | D68: ='Memória Encargos'!C50 -> 0.0019 | E68: =ROUND(D68*$E$30,2) -> 2.94
A69: E | B69: Incidência dos encargos do submódulo 2.2 sobre Aviso Prévio Trabalhado | D69: =D47*D68 -> 0.00070547 | E69: =ROUND(D69*$E$30,2) -> 1.09
A70: F | B70: Multa do FGTS e Contribuição Social sobre o Aviso Prévio Trabalhado | D70: ='Memória Encargos'!C62 -> 0.0051 | E70: =ROUND(D70*$E$30,2) -> 7.9
A71: TOTAL DO MÓDULO 3 | D71: =SUM(D65:D70) -> 0.04714147 | E71: =SUM(E65:E70) -> 72.98
A73: MÓDULO 4 – CUSTO DE REPOSIÇÃO DO PROFISSIONAL AUSENTE
B74: Submódulo 4.1 - Substituto nas Ausências Legais | D74: % | E74: VALOR (R$)
A75: A | B75: Substituto na cobertura de Férias | D75: 0.0093 | E75: =ROUND(D75*$E$30,2) -> 14.4
A76: B | B76: Substituto na cobertura de Ausências Legais | D76: 0.0056 | E76: =ROUND(D76*$E$30,2) -> 8.67
A77: C | B77: Substituto na cobertura de Licença-Paternidade | D77: 0.0006 | E77: =ROUND(D77*$E$30,2) -> 0.93
A78: D | B78: Substituto na cobertura de Ausência por acidente de trabalho | D78: 0.0033 | E78: =ROUND(D78*$E$30,2) -> 5.11
A79: E | B79: Substituto na cobertura de Afastamento Maternidade | D79: 0.0004 | E79: =ROUND(D79*$E$30,2) -> 0.62
A80: TOTAL SUBMÓDULO 4.1 | D80: =SUM(D75:D79) -> 0.0192 | E80: =SUM(E75:E79) -> 29.73
A82: Submódulo 4.2 - Substituto na Intrajornada | D82: % | E82: VALOR (R$)
A83: A | B83: Substituto na cobertura de Intervalo para repouso ou alimentação | D83: 0 | E83: =ROUND(D83*$E$30,2) -> 0
A84: TOTAL SUBMÓDULO 4.2 | D84: =SUM(D83) -> 0 | E84: =ROUND(SUM(E83:E83),2) -> 0
A86: QUADRO-RESUMO DO MÓDULO 4 - CUSTO DE REPOSIÇÃO DO PROFISSIONAL AUSENTE
A87: Módulo 4 - Custo de Reposição do Profissional Ausente | E87: VALOR (R$)
A88: 4.1 | B88: Substituto nas Ausências Legais | E88: =E80 -> 29.73
A89: 4.2 | B89: Substituto na Intrajornada | E89: =E84 -> 0
A90: TOTAL DO MÓDULO 4 | E90: =SUM(E88:E89) -> 29.73
A92: MÓDULO 5 – INSUMOS DIVERSOS
A93: 5 | B93: INSUMOS DIVERSOS | E93: VALOR (R$)
A94: A | B94: Uniforme/EPIs | D94: - | E94: =Materiais!F20 -> 0
A95: B | B95: Materiais | D95: - | E95: =Materiais!F40 -> 0
A96: C | B96: Equipamentos | D96: - | E96: =Materiais!F59 -> 0 | H96: =(E36+E47+E71+E80)/E30 -> 0.70423208
A97: TOTAL DO MÓDULO 5 | D97: - | E97: =SUM(E94:E96) -> 0 | H97: =(E36+E47+E71+E80+E101+E102)/E30 -> 0.87094978
A99: MÓDULO 6 – CUSTOS INDIRETOS, TRIBUTOS E LUCRO
A100: 6 | B100: CUSTOS INDIRETOS, TRIBUTOS E LUCRO | D100: % | E100: VALOR (R$) | I100: Mensal | J100: Global
A101: A | B101: Custos Indiretos | D101: 0.03 | E101: =ROUND(E116*D101,2) -> 89.36 | H101: Estimado
A102: B | B102: Lucro | D102: 0.055 | E102: =ROUND((E116+E101)*D102,2) -> 168.74 | H102: Proposta | I102: =Consolidada!F44 -> #REF!
A103: C | B103: TRIBUTOS | K103: Lance | L103: 745561.8
A104: C.1 | B104: PIS - Opção pelo Lucro Real - utilizada a média de recolhimento dos últimos 12 meses | D104: ='Apuração SPED'!F16 -> 0.013110871 | E104: =ROUND((($E$116+$E$101+$E$102)/(1-($D$104+$D$105+$D$106)))*D104,2) -> 46.81
A105: C.2 | B105: COFINS - Opção pelo Lucro Real - utilizada a média de recolhimento dos últimos 12 meses | D105: ='Apuração SPED'!F33 -> 0.060385251 | E105: =ROUND((($E$116+$E$101+$E$102)/(1-($D$104+$D$105+$D$106)))*D105,2) -> 215.61
A106: C.3 | B106: ISS - Alíquota vigente no local da prestação dos serviços | D106: 0.02 | E106: =ROUND((($E$116+$E$101+$E$102)/(1-($D$104+$D$105+$D$106)))*D106,2) -> 71.41
A107: TOTAL DO MÓDULO 6 | D107: =SUM(D101:D106) -> 0.17849612 | E107: =SUM(E101:E106) -> 591.93
A109: QUADRO RESUMO DO CUSTO POR EMPREGADO
A110: Mão de Obra vinculada à execução contratual (valor por empregado) | E110: VALOR (R$)
A111: A | B111: MÓDULO 1 - COMPOSIÇÃO DA REMUNERAÇÃO | E111: =E30 -> 1548.126
A112: B | B112: MÓDULO 2 – ENCARGOS E BENEFÍCIOS ANUAIS, MENSAIS E DIÁRIOS | E112: =E61 -> 1327.8
A113: C | B113: MÓDULO 3 – PROVISÃO PARA RESCISÃO | E113: =E71 -> 72.98
A114: D | B114: MÓDULO 4 – CUSTO DE REPOSIÇÃO DO PROFISSIONAL AUSENTE | E114: =E90 -> 29.73
A115: E | B115: MÓDULO 5 – INSUMOS DIVERSOS | E115: =E97 -> 0
...

Sheet Pass Fun
A1: PLANILHA DE FORMAÇÃO DE PREÇOS PARA APRESENTAÇÃO DA PROPOSTA
A3: Discriminação dos Serviços
A4: A | B4: Data de apresentação da proposta | E4: 44887
A5: B | B5: Município | E5: Passo Fundo/RS
A6: C | B6: Ano do Acordo, Convenção ou Dissídio Coletivo | E6: 2022
A7: D | B7: Nº de meses de execução contratual | E7: 12
A9: Identificação do Serviço
A10: Tipo de Serviço | C10: Unidade de Medida | D10: Quantidade total a contratar (em função da unidade de medida)
A11: Servente 30 horas Passo Fundo | C11: POSTO | D11: 1
A13: Dados para composição dos custos referentes à mão de obra
A14: 1 | B14: Tipo de serviço (mesmo serviço com características distintas) | E14: Asseio e Conservação
A15: 2 | B15: Classificação Brasileira de Ocupações (CBO) | E15: 5143
A16: 3 | B16: Salário Nominativo da Categoria Profissional | E16: 1431.04
A17: 4 | B17: Categoria profissional (vinculada à execução contratual) | E17: =A11 -> Servente 30 horas Passo Fundo
A18: 5 | B18: Data base da categoria (dia/mês/ano) | E18: 44562
A20: MÓDULO 1 - COMPOSIÇÃO DA REMUNERAÇÃO
A21: 1 | B21: COMPOSIÇÃO DA REMUNERAÇÃO | D21: % | E21: VALOR (R$)
A22: A | B22: Salário Base | D22: 0 | E22: =ROUND((E16/220)*150,2) -> 975.71
A23: B | B23: Adicional de Insalubridade | D23: 0.4 | E23: =E16*D23 -> 572.416
A24: C | B24: Adicional de Periculosidade | D24: 0 | E24: 0
A25: D | B25: Adicional Noturno | D25: 0 | E25: 0
A26: C | B26: Hora Noturna Reduzida | D26: 0 | E26: 0
A27: D | B27: Feriado Trabalhado | D27: 0 | E27: 0
A28: E | B28: Outros | D28: 0 | E28: 0
A29: F | B29: Reflexo sobre o D.S.R | D29: 0 | E29: 0
A30: Subtotal módulo 1 (incide encargos sociais e trabalhistas) | E30: =SUM(E22:E29) -> 1548.126
A32: MÓDULO 2 – ENCARGOS E BENEFÍCIOS ANUAIS, MENSAIS E DIÁRIOS
A33: Submódulo 2.1 - 13º Salário, Férias e Adicional de Férias | D33: % | E33: VALOR (R$)
A34: A | B34: 13 (Décimo-terceiro) salário | D34: 0.0833 | E34: =ROUND(D34*$E$30,2) -> 128.96
A35: B | B35: Férias e Adicional de Férias | D35: 0.1111 | E35: =ROUND(D35*$E$30,2) -> 172
A36: TOTAL SUBMÓDULO 2.1 | D36: =SUM(D34:D35) -> 0.1944 | E36: =SUM(E34:E35) -> 300.96
A38: Submódulo 2.2 - GPS, FGTS e Outras Contribuições | D38: % | E38: VALOR (R$)
A39: A | B39: INSS | D39: 0.2 | E39: =ROUND(D39*($E$30+$E$36),2) -> 369.82
A40: B | B40: Salário Educação | D40: 0.025 | E40: =ROUND(D40*($E$30+$E$36),2) -> 46.23
A41: C | B41: SAT (Seguro Acidente de Trabalho) | D41: 0.0333 | E41: =ROUND(D41*($E$30+$E$36),2) -> 61.57
A42: D | B42: SESC ou SESI | D42: 0.015 | E42: =ROUND(D42*($E$30+$E$36),2) -> 27.74
A43: E | B43: SENAI - SENAC | D43: 0.01 | E43: =ROUND(D43*($E$30+$E$36),2) -> 18.49
A44: F | B44: SEBRAE | D44: 0.006 | E44: =ROUND(D44*($E$30+$E$36),2) -> 11.09
A45: G | B45: INCRA | D45: 0.002 | E45: =ROUND(D45*($E$30+$E$36),2) -> 3.7
A46: H | B46: FGTS | D46: 0.08 | E46: =ROUND(D46*($E$30+$E$36),2) -> 147.93
A47: TOTAL SUBMÓDULO 2.2 | D47: =SUM(D39:D46) -> 0.3713 | E47: =SUM(E39:E46) -> 686.57
A49: Submódulo 2.3 - Benefícios Mensais e Diários | D49: % | E49: VALOR (R$)
A50: A | B50: ="Auxílio Transporte Público: [ (Valor da Tarifa: R$ "&F50&" x "&G50&" dias trabalhados x 2 passagens por dia) - (Salário base x 6% de desconto legal) ]" -> Auxílio Transporte Público: [ (Valor da Tarifa: R$ 5,5 x 21 dias trabalhados x 2 passagens por dia) - (Salário base x 6% de desconto legal) ] | D50: - | E50: =IF(ROUND((G50*2*F50)-(0.06*E22),2)<=0,0,ROUND((G50*2*F50)-(0.06*E22),2)) -> 172.46 | F50: 5.5 | G50: 21
A51: B | B51: ="Auxílio Alimentação (Vales, cesta básica etc.): [ (Valor do V.A: R$ "&F51&" x "&G51&" vale por mês) - desconto legal de "&H51*100&"%]" -> Auxílio Alimentação (Vales, cesta básica etc.): [ (Valor do V.A: R$ 11 x 21 vale por mês) - desconto legal de 19%] | D51: - | E51: =ROUND((F51*G51)-(F51*G51*H51),2) -> 187.11 | F51: 11 | G51: 21 | H51: 0.19
A52: C | B52: Benefício Social familiar | D52: - | E52: 18.5
A53: D | B53: Outros | D53: - | E53: 0
A54: TOTAL SUBMÓDULO 2.3 | E54: =SUM(E50:E53) -> 378.07
A56: QUADRO-RESUMO DO MÓDULO 2 - ENCARGOS, BENEFÍCIOS ANUAIS, MENSAIS E DIÁRIOS
A57: Módulo 2 - Encargos, Benefícios Anuais, Mensais e Diários | E57: VALOR (R$)
A58: 2.1 | B58: 13º Salário, Férias e Adicional de Férias | E58: =E36 -> 300.96
A59: 2.2 | B59: GPS, FGTS e Outras Contribuições | E59: =E47 -> 686.57
A60: 2.3 | B60: Benefícios Mensais e Diários | E60: =E54 -> 378.07
A61: TOTAL DO MÓDULO 2 | E61: =SUM(E58:E60) -> 1365.6
A63: MÓDULO 3 – PROVISÃO PARA RESCISÃO
A64: 3 | B64: PROVISÃO PARA RESCISÃO | D64: % | E64: VALOR (R$)
A65: A | B65: Aviso Prévio Indenizado | D65: 0.0042 | E65: =ROUND(D65*$E$30,2) -> 6.5
A66: B | B66: Incidência do FGTS sobre Aviso Prévio Indenizado | D66: =D46*D65 -> 0.000336 | E66: =ROUND(D66*$E$30,2) -> 0.52
A67: C | B67: Multa do FGTS e Contribuição Social sobre o Aviso Prévio Indenizado | D67: 0.0349 | E67: =ROUND(D67*$E$30,2) -> 54.03
A68: D | B68: Aviso Prévio Trabalhado | D68: ='Memória Encargos'!C50 -> 0.0019 | E68: =ROUND(D68*$E$30,2) -> 2.94
A69: E | B69: Incidência dos encargos do submódulo 2.2 sobre Aviso Prévio Trabalhado | D69: =D47*D68 -> 0.00070547 | E69: =ROUND(D69*$E$30,2) -> 1.09
A70: F | B70: Multa do FGTS e Contribuição Social sobre o Aviso Prévio Trabalhado | D70: ='Memória Encargos'!C62 -> 0.0051 | E70: =ROUND(D70*$E$30,2) -> 7.9
A71: TOTAL DO MÓDULO 3 | D71: =SUM(D65:D70) -> 0.04714147 | E71: =SUM(E65:E70) -> 72.98
A73: MÓDULO 4 – CUSTO DE REPOSIÇÃO DO PROFISSIONAL AUSENTE
B74: Submódulo 4.1 - Substituto nas Ausências Legais | D74: % | E74: VALOR (R$)
A75: A | B75: Substituto na cobertura de Férias | D75: 0.0093 | E75: =ROUND(D75*$E$30,2) -> 14.4
A76: B | B76: Substituto na cobertura de Ausências Legais | D76: 0.0056 | E76: =ROUND(D76*$E$30,2) -> 8.67
A77: C | B77: Substituto na cobertura de Licença-Paternidade | D77: 0.0006 | E77: =ROUND(D77*$E$30,2) -> 0.93
A78: D | B78: Substituto na cobertura de Ausência por acidente de trabalho | D78: 0.0033 | E78: =ROUND(D78*$E$30,2) -> 5.11
A79: E | B79: Substituto na cobertura de Afastamento Maternidade | D79: 0.0004 | E79: =ROUND(D79*$E$30,2) -> 0.62
A80: TOTAL SUBMÓDULO 4.1 | D80: =SUM(D75:D79) -> 0.0192 | E80: =SUM(E75:E79) -> 29.73
A82: Submódulo 4.2 - Substituto na Intrajornada | D82: % | E82: VALOR (R$)
A83: A | B83: Substituto na cobertura de Intervalo para repouso ou alimentação | D83: 0 | E83: =ROUND(D83*$E$30,2) -> 0
A84: TOTAL SUBMÓDULO 4.2 | D84: =SUM(D83) -> 0 | E84: =ROUND(SUM(E83:E83),2) -> 0
A86: QUADRO-RESUMO DO MÓDULO 4 - CUSTO DE REPOSIÇÃO DO PROFISSIONAL AUSENTE
A87: Módulo 4 - Custo de Reposição do Profissional Ausente | E87: VALOR (R$)
A88: 4.1 | B88: Substituto nas Ausências Legais | E88: =E80 -> 29.73
A89: 4.2 | B89: Substituto na Intrajornada | E89: =E84 -> 0
A90: TOTAL DO MÓDULO 4 | E90: =SUM(E88:E89) -> 29.73
A92: MÓDULO 5 – INSUMOS DIVERSOS
A93: 5 | B93: INSUMOS DIVERSOS | E93: VALOR (R$)
A94: A | B94: Uniforme/EPIs | D94: - | E94: =Materiais!F20 -> 0
A95: B | B95: Materiais | D95: - | E95: =Materiais!F40 -> 0
A96: C | B96: Equipamentos | D96: - | E96: =Materiais!F59 -> 0 | H96: =(E36+E47+E71+E80)/E30 -> 0.70423208
A97: TOTAL DO MÓDULO 5 | D97: - | E97: =SUM(E94:E96) -> 0 | H97: =(E36+E47+E71+E80+E101+E102)/E30 -> 0.87306201
A99: MÓDULO 6 – CUSTOS INDIRETOS, TRIBUTOS E LUCRO
A100: 6 | B100: CUSTOS INDIRETOS, TRIBUTOS E LUCRO | D100: % | E100: VALOR (R$) | I100: Mensal | J100: Global
A101: A | B101: Custos Indiretos | D101: 0.03 | E101: =ROUND(E116*D101,2) -> 90.49 | H101: Estimado
A102: B | B102: Lucro | D102: 0.055 | E102: =ROUND((E116+E101)*D102,2) -> 170.88 | H102: Proposta | I102: =Consolidada!F44 -> #REF!
A103: C | B103: TRIBUTOS | K103: Lance | L103: 745561.8
A104: C.1 | B104: PIS - Opção pelo Lucro Real - utilizada a média de recolhimento dos últimos 12 meses | D104: ='Apuração SPED'!F16 -> 0.013110871 | E104: =ROUND((($E$116+$E$101+$E$102)/(1-($D$104+$D$105+$D$106)))*D104,2) -> 47.41
A105: C.2 | B105: COFINS - Opção pelo Lucro Real - utilizada a média de recolhimento dos últimos 12 meses | D105: ='Apuração SPED'!F33 -> 0.060385251 | E105: =ROUND((($E$116+$E$101+$E$102)/(1-($D$104+$D$105+$D$106)))*D105,2) -> 218.35
A106: C.3 | B106: ISS - Alíquota vigente no local da prestação dos serviços | D106: 0.02 | E106: =ROUND((($E$116+$E$101+$E$102)/(1-($D$104+$D$105+$D$106)))*D106,2) -> 72.32
A107: TOTAL DO MÓDULO 6 | D107: =SUM(D101:D106) -> 0.17849612 | E107: =SUM(E101:E106) -> 599.45
A109: QUADRO RESUMO DO CUSTO POR EMPREGADO
A110: Mão de Obra vinculada à execução contratual (valor por empregado) | E110: VALOR (R$)
A111: A | B111: MÓDULO 1 - COMPOSIÇÃO DA REMUNERAÇÃO | E111: =E30 -> 1548.126
A112: B | B112: MÓDULO 2 – ENCARGOS E BENEFÍCIOS ANUAIS, MENSAIS E DIÁRIOS | E112: =E61 -> 1365.6
A113: C | B113: MÓDULO 3 – PROVISÃO PARA RESCISÃO | E113: =E71 -> 72.98
A114: D | B114: MÓDULO 4 – CUSTO DE REPOSIÇÃO DO PROFISSIONAL AUSENTE | E114: =E90 -> 29.73
A115: E | B115: MÓDULO 5 – INSUMOS DIVERSOS | E115: =E97 -> 0
...

Sheet Pelotas
A1: PLANILHA DE FORMAÇÃO DE PREÇOS PARA APRESENTAÇÃO DA PROPOSTA
A3: Discriminação dos Serviços
A4: A | B4: Data de apresentação da proposta | E4: 44887
A5: B | B5: Município | E5: Pelotas/RS
A6: C | B6: Ano do Acordo, Convenção ou Dissídio Coletivo | E6: 2022
A7: D | B7: Nº de meses de execução contratual | E7: 12
A9: Identificação do Serviço
A10: Tipo de Serviço | C10: Unidade de Medida | D10: Quantidade total a contratar (em função da unidade de medida)
A11: Servente 30 horas Pelotas | C11: POSTO | D11: 1
A13: Dados para composição dos custos referentes à mão de obra
A14: 1 | B14: Tipo de serviço (mesmo serviço com características distintas) | E14: Asseio e Conservação
A15: 2 | B15: Classificação Brasileira de Ocupações (CBO) | E15: 5143
A16: 3 | B16: Salário Nominativo da Categoria Profissional | E16: 1431.04
A17: 4 | B17: Categoria profissional (vinculada à execução contratual) | E17: =A11 -> Servente 30 horas Pelotas
A18: 5 | B18: Data base da categoria (dia/mês/ano) | E18: 44562
A20: MÓDULO 1 - COMPOSIÇÃO DA REMUNERAÇÃO
A21: 1 | B21: COMPOSIÇÃO DA REMUNERAÇÃO | D21: % | E21: VALOR (R$)
A22: A | B22: Salário Base | D22: 0 | E22: =ROUND((E16/220)*150,2) -> 975.71
A23: B | B23: Adicional de Insalubridade | D23: 0.4 | E23: =E16*D23 -> 572.416
A24: C | B24: Adicional de Periculosidade | D24: 0 | E24: 0
A25: D | B25: Adicional Noturno | D25: 0 | E25: 0
A26: C | B26: Hora Noturna Reduzida | D26: 0 | E26: 0
A27: D | B27: Feriado Trabalhado | D27: 0 | E27: 0
A28: E | B28: Outros | D28: 0 | E28: 0
A29: F | B29: Reflexo sobre o D.S.R | D29: 0 | E29: 0
A30: Subtotal módulo 1 (incide encargos sociais e trabalhistas) | E30: =SUM(E22:E29) -> 1548.126
A32: MÓDULO 2 – ENCARGOS E BENEFÍCIOS ANUAIS, MENSAIS E DIÁRIOS
A33: Submódulo 2.1 - 13º Salário, Férias e Adicional de Férias | D33: % | E33: VALOR (R$)
A34: A | B34: 13 (Décimo-terceiro) salário | D34: 0.0833 | E34: =ROUND(D34*$E$30,2) -> 128.96
A35: B | B35: Férias e Adicional de Férias | D35: 0.1111 | E35: =ROUND(D35*$E$30,2) -> 172
A36: TOTAL SUBMÓDULO 2.1 | D36: =SUM(D34:D35) -> 0.1944 | E36: =SUM(E34:E35) -> 300.96
A38: Submódulo 2.2 - GPS, FGTS e Outras Contribuições | D38: % | E38: VALOR (R$)
A39: A | B39: INSS | D39: 0.2 | E39: =ROUND(D39*($E$30+$E$36),2) -> 369.82
A40: B | B40: Salário Educação | D40: 0.025 | E40: =ROUND(D40*($E$30+$E$36),2) -> 46.23
A41: C | B41: SAT (Seguro Acidente de Trabalho) | D41: 0.0333 | E41: =ROUND(D41*($E$30+$E$36),2) -> 61.57
A42: D | B42: SESC ou SESI | D42: 0.015 | E42: =ROUND(D42*($E$30+$E$36),2) -> 27.74
A43: E | B43: SENAI - SENAC | D43: 0.01 | E43: =ROUND(D43*($E$30+$E$36),2) -> 18.49
A44: F | B44: SEBRAE | D44: 0.006 | E44: =ROUND(D44*($E$30+$E$36),2) -> 11.09
A45: G | B45: INCRA | D45: 0.002 | E45: =ROUND(D45*($E$30+$E$36),2) -> 3.7
A46: H | B46: FGTS | D46: 0.08 | E46: =ROUND(D46*($E$30+$E$36),2) -> 147.93
A47: TOTAL SUBMÓDULO 2.2 | D47: =SUM(D39:D46) -> 0.3713 | E47: =SUM(E39:E46) -> 686.57
A49: Submódulo 2.3 - Benefícios Mensais e Diários | D49: % | E49: VALOR (R$)
A50: A | B50: ="Auxílio Transporte Público: [ (Valor da Tarifa: R$ "&F50&" x "&G50&" dias trabalhados x 2 passagens por dia) - (Salário base x 6% de desconto legal) ]" -> Auxílio Transporte Público: [ (Valor da Tarifa: R$ 5 x 21 dias trabalhados x 2 passagens por dia) - (Salário base x 6% de desconto legal) ] | D50: - | E50: =IF(ROUND((G50*2*F50)-(0.06*E22),2)<=0,0,ROUND((G50*2*F50)-(0.06*E22),2)) -> 151.46 | F50: 5 | G50: 21
A51: B | B51: ="Auxílio Alimentação (Vales, cesta básica etc.): [ (Valor do V.A: R$ "&F51&" x "&G51&" vale por mês) - desconto legal de "&H51*100&"%]" -> Auxílio Alimentação (Vales, cesta básica etc.): [ (Valor do V.A: R$ 11 x 21 vale por mês) - desconto legal de 19%] | D51: - | E51: =ROUND((F51*G51)-(F51*G51*H51),2) -> 187.11 | F51: 11 | G51: 21 | H51: 0.19
A52: C | B52: Benefício Social familiar | D52: - | E52: 18.5
A53: D | B53: Outros | D53: - | E53: 0
A54: TOTAL SUBMÓDULO 2.3 | E54: =SUM(E50:E53) -> 357.07
A56: QUADRO-RESUMO DO MÓDULO 2 - ENCARGOS, BENEFÍCIOS ANUAIS, MENSAIS E DIÁRIOS
A57: Módulo 2 - Encargos, Benefícios Anuais, Mensais e Diários | E57: VALOR (R$)
A58: 2.1 | B58: 13º Salário, Férias e Adicional de Férias | E58: =E36 -> 300.96
A59: 2.2 | B59: GPS, FGTS e Outras Contribuições | E59: =E47 -> 686.57
A60: 2.3 | B60: Benefícios Mensais e Diários | E60: =E54 -> 357.07
A61: TOTAL DO MÓDULO 2 | E61: =SUM(E58:E60) -> 1344.6
A63: MÓDULO 3 – PROVISÃO PARA RESCISÃO
A64: 3 | B64: PROVISÃO PARA RESCISÃO | D64: % | E64: VALOR (R$)
A65: A | B65: Aviso Prévio Indenizado | D65: 0.0042 | E65: =ROUND(D65*$E$30,2) -> 6.5
A66: B | B66: Incidência do FGTS sobre Aviso Prévio Indenizado | D66: =D46*D65 -> 0.000336 | E66: =ROUND(D66*$E$30,2) -> 0.52
A67: C | B67: Multa do FGTS e Contribuição Social sobre o Aviso Prévio Indenizado | D67: 0.0349 | E67: =ROUND(D67*$E$30,2) -> 54.03
A68: D | B68: Aviso Prévio Trabalhado | D68: ='Memória Encargos'!C50 -> 0.0019 | E68: =ROUND(D68*$E$30,2) -> 2.94
A69: E | B69: Incidência dos encargos do submódulo 2.2 sobre Aviso Prévio Trabalhado | D69: =D47*D68 -> 0.00070547 | E69: =ROUND(D69*$E$30,2) -> 1.09
A70: F | B70: Multa do FGTS e Contribuição Social sobre o Aviso Prévio Trabalhado | D70: ='Memória Encargos'!C62 -> 0.0051 | E70: =ROUND(D70*$E$30,2) -> 7.9
A71: TOTAL DO MÓDULO 3 | D71: =SUM(D65:D70) -> 0.04714147 | E71: =SUM(E65:E70) -> 72.98
A73: MÓDULO 4 – CUSTO DE REPOSIÇÃO DO PROFISSIONAL AUSENTE
B74: Submódulo 4.1 - Substituto nas Ausências Legais | D74: % | E74: VALOR (R$)
A75: A | B75: Substituto na cobertura de Férias | D75: 0.0093 | E75: =ROUND(D75*$E$30,2) -> 14.4
A76: B | B76: Substituto na cobertura de Ausências Legais | D76: 0.0056 | E76: =ROUND(D76*$E$30,2) -> 8.67
A77: C | B77: Substituto na cobertura de Licença-Paternidade | D77: 0.0006 | E77: =ROUND(D77*$E$30,2) -> 0.93
A78: D | B78: Substituto na cobertura de Ausência por acidente de trabalho | D78: 0.0033 | E78: =ROUND(D78*$E$30,2) -> 5.11
A79: E | B79: Substituto na cobertura de Afastamento Maternidade | D79: 0.0004 | E79: =ROUND(D79*$E$30,2) -> 0.62
A80: TOTAL SUBMÓDULO 4.1 | D80: =SUM(D75:D79) -> 0.0192 | E80: =SUM(E75:E79) -> 29.73
A82: Submódulo 4.2 - Substituto na Intrajornada | D82: % | E82: VALOR (R$)
A83: A | B83: Substituto na cobertura de Intervalo para repouso ou alimentação | D83: 0 | E83: =ROUND(D83*$E$30,2) -> 0
A84: TOTAL SUBMÓDULO 4.2 | D84: =SUM(D83) -> 0 | E84: =ROUND(SUM(E83:E83),2) -> 0
A86: QUADRO-RESUMO DO MÓDULO 4 - CUSTO DE REPOSIÇÃO DO PROFISSIONAL AUSENTE
A87: Módulo 4 - Custo de Reposição do Profissional Ausente | E87: VALOR (R$)
A88: 4.1 | B88: Substituto nas Ausências Legais | E88: =E80 -> 29.73
A89: 4.2 | B89: Substituto na Intrajornada | E89: =E84 -> 0
A90: TOTAL DO MÓDULO 4 | E90: =SUM(E88:E89) -> 29.73
A92: MÓDULO 5 – INSUMOS DIVERSOS
A93: 5 | B93: INSUMOS DIVERSOS | E93: VALOR (R$)
A94: A | B94: Uniforme/EPIs | D94: - | E94: =Materiais!F20 -> 0
A95: B | B95: Materiais | D95: - | E95: =Materiais!F40 -> 0
A96: C | B96: Equipamentos | D96: - | E96: =Materiais!F59 -> 0 | H96: =(E36+E47+E71+E80)/E30 -> 0.70423208
A97: TOTAL DO MÓDULO 5 | D97: - | E97: =SUM(E94:E96) -> 0 | H97: =(E36+E47+E71+E80+E101+E102)/E30 -> 0.8718864
A99: MÓDULO 6 – CUSTOS INDIRETOS, TRIBUTOS E LUCRO
A100: 6 | B100: CUSTOS INDIRETOS, TRIBUTOS E LUCRO | D100: % | E100: VALOR (R$) | I100: Mensal | J100: Global
A101: A | B101: Custos Indiretos | D101: 0.03 | E101: =ROUND(E116*D101,2) -> 89.86 | H101: Estimado
A102: B | B102: Lucro | D102: 0.055 | E102: =ROUND((E116+E101)*D102,2) -> 169.69 | H102: Proposta | I102: =Consolidada!F44 -> #REF!
A103: C | B103: TRIBUTOS | K103: Lance | L103: 745561.8
A104: C.1 | B104: PIS - Opção pelo Lucro Real - utilizada a média de recolhimento dos últimos 12 meses | D104: ='Apuração SPED'!F16 -> 0.013110871 | E104: =ROUND((($E$116+$E$101+$E$102)/(1-($D$104+$D$105+$D$106)))*D104,2) -> 47.87
A105: C.2 | B105: COFINS - Opção pelo Lucro Real - utilizada a média de recolhimento dos últimos 12 meses | D105: ='Apuração SPED'!F33 -> 0.060385251 | E105: =ROUND((($E$116+$E$101+$E$102)/(1-($D$104+$D$105+$D$106)))*D105,2) -> 220.47
A106: C.3 | B106: ISS - Alíquota vigente no local da prestação dos serviços | D106: 0.035 | E106: =ROUND((($E$116+$E$101+$E$102)/(1-($D$104+$D$105+$D$106)))*D106,2) -> 127.79
A107: TOTAL DO MÓDULO 6 | D107: =SUM(D101:D106) -> 0.19349612 | E107: =SUM(E101:E106) -> 655.68
A109: QUADRO RESUMO DO CUSTO POR EMPREGADO
A110: Mão de Obra vinculada à execução contratual (valor por empregado) | E110: VALOR (R$)
A111: A | B111: MÓDULO 1 - COMPOSIÇÃO DA REMUNERAÇÃO | E111: =E30 -> 1548.126
A112: B | B112: MÓDULO 2 – ENCARGOS E BENEFÍCIOS ANUAIS, MENSAIS E DIÁRIOS | E112: =E61 -> 1344.6
A113: C | B113: MÓDULO 3 – PROVISÃO PARA RESCISÃO | E113: =E71 -> 72.98
A114: D | B114: MÓDULO 4 – CUSTO DE REPOSIÇÃO DO PROFISSIONAL AUSENTE | E114: =E90 -> 29.73
A115: E | B115: MÓDULO 5 – INSUMOS DIVERSOS | E115: =E97 -> 0
...

Sheet Sat Crz
A1: PLANILHA DE FORMAÇÃO DE PREÇOS PARA APRESENTAÇÃO DA PROPOSTA
A3: Discriminação dos Serviços
A4: A | B4: Data de apresentação da proposta | E4: 44887
A5: B | B5: Município | E5: Santa Cruz do Sul/RS
A6: C | B6: Ano do Acordo, Convenção ou Dissídio Coletivo | E6: 2022
A7: D | B7: Nº de meses de execução contratual | E7: 12
A9: Identificação do Serviço
A10: Tipo de Serviço | C10: Unidade de Medida | D10: Quantidade total a contratar (em função da unidade de medida)
A11: Servente 30 horas Santa Cruz do Sul | C11: POSTO | D11: 1
A13: Dados para composição dos custos referentes à mão de obra
A14: 1 | B14: Tipo de serviço (mesmo serviço com características distintas) | E14: Asseio e Conservação
A15: 2 | B15: Classificação Brasileira de Ocupações (CBO) | E15: 5143
A16: 3 | B16: Salário Nominativo da Categoria Profissional | E16: 1431.04
A17: 4 | B17: Categoria profissional (vinculada à execução contratual) | E17: =A11 -> Servente 30 horas Santa Cruz do Sul
A18: 5 | B18: Data base da categoria (dia/mês/ano) | E18: 44562
A20: MÓDULO 1 - COMPOSIÇÃO DA REMUNERAÇÃO
A21: 1 | B21: COMPOSIÇÃO DA REMUNERAÇÃO | D21: % | E21: VALOR (R$)
A22: A | B22: Salário Base | D22: 0 | E22: =ROUND((E16/220)*150,2) -> 975.71
A23: B | B23: Adicional de Insalubridade | D23: 0.4 | E23: =E16*D23 -> 572.416
A24: C | B24: Adicional de Periculosidade | D24: 0 | E24: 0
A25: D | B25: Adicional Noturno | D25: 0 | E25: 0
A26: C | B26: Hora Noturna Reduzida | D26: 0 | E26: 0
A27: D | B27: Feriado Trabalhado | D27: 0 | E27: 0
A28: E | B28: Outros | D28: 0 | E28: 0
A29: F | B29: Reflexo sobre o D.S.R | D29: 0 | E29: 0
A30: Subtotal módulo 1 (incide encargos sociais e trabalhistas) | E30: =SUM(E22:E29) -> 1548.126
A32: MÓDULO 2 – ENCARGOS E BENEFÍCIOS ANUAIS, MENSAIS E DIÁRIOS
A33: Submódulo 2.1 - 13º Salário, Férias e Adicional de Férias | D33: % | E33: VALOR (R$)
A34: A | B34: 13 (Décimo-terceiro) salário | D34: 0.0833 | E34: =ROUND(D34*$E$30,2) -> 128.96
A35: B | B35: Férias e Adicional de Férias | D35: 0.1111 | E35: =ROUND(D35*$E$30,2) -> 172
A36: TOTAL SUBMÓDULO 2.1 | D36: =SUM(D34:D35) -> 0.1944 | E36: =SUM(E34:E35) -> 300.96
A38: Submódulo 2.2 - GPS, FGTS e Outras Contribuições | D38: % | E38: VALOR (R$)
A39: A | B39: INSS | D39: 0.2 | E39: =ROUND(D39*($E$30+$E$36),2) -> 369.82
A40: B | B40: Salário Educação | D40: 0.025 | E40: =ROUND(D40*($E$30+$E$36),2) -> 46.23
A41: C | B41: SAT (Seguro Acidente de Trabalho) | D41: 0.0333 | E41: =ROUND(D41*($E$30+$E$36),2) -> 61.57
A42: D | B42: SESC ou SESI | D42: 0.015 | E42: =ROUND(D42*($E$30+$E$36),2) -> 27.74
A43: E | B43: SENAI - SENAC | D43: 0.01 | E43: =ROUND(D43*($E$30+$E$36),2) -> 18.49
A44: F | B44: SEBRAE | D44: 0.006 | E44: =ROUND(D44*($E$30+$E$36),2) -> 11.09
A45: G | B45: INCRA | D45: 0.002 | E45: =ROUND(D45*($E$30+$E$36),2) -> 3.7
A46: H | B46: FGTS | D46: 0.08 | E46: =ROUND(D46*($E$30+$E$36),2) -> 147.93
A47: TOTAL SUBMÓDULO 2.2 | D47: =SUM(D39:D46) -> 0.3713 | E47: =SUM(E39:E46) -> 686.57
A49: Submódulo 2.3 - Benefícios Mensais e Diários | D49: % | E49: VALOR (R$)
A50: A | B50: ="Auxílio Transporte Público: [ (Valor da Tarifa: R$ "&F50&" x "&G50&" dias trabalhados x 2 passagens por dia) - (Salário base x 6% de desconto legal) ]" -> Auxílio Transporte Público: [ (Valor da Tarifa: R$ 4,45 x 21 dias trabalhados x 2 passagens por dia) - (Salário base x 6% de desconto legal) ] | D50: - | E50: =IF(ROUND((G50*2*F50)-(0.06*E22),2)<=0,0,ROUND((G50*2*F50)-(0.06*E22),2)) -> 128.36 | F50: 4.45 | G50: 21
A51: B | B51: ="Auxílio Alimentação (Vales, cesta básica etc.): [ (Valor do V.A: R$ "&F51&" x "&G51&" vale por mês) - desconto legal de "&H51*100&"%]" -> Auxílio Alimentação (Vales, cesta básica etc.): [ (Valor do V.A: R$ 11 x 21 vale por mês) - desconto legal de 19%] | D51: - | E51: =ROUND((F51*G51)-(F51*G51*H51),2) -> 187.11 | F51: 11 | G51: 21 | H51: 0.19
A52: C | B52: Benefício Social familiar | D52: - | E52: 18.5
A53: D | B53: Outros | D53: - | E53: 0
A54: TOTAL SUBMÓDULO 2.3 | E54: =SUM(E50:E53) -> 333.97
A56: QUADRO-RESUMO DO MÓDULO 2 - ENCARGOS, BENEFÍCIOS ANUAIS, MENSAIS E DIÁRIOS
A57: Módulo 2 - Encargos, Benefícios Anuais, Mensais e Diários | E57: VALOR (R$)
A58: 2.1 | B58: 13º Salário, Férias e Adicional de Férias | E58: =E36 -> 300.96
A59: 2.2 | B59: GPS, FGTS e Outras Contribuições | E59: =E47 -> 686.57
A60: 2.3 | B60: Benefícios Mensais e Diários | E60: =E54 -> 333.97
A61: TOTAL DO MÓDULO 2 | E61: =SUM(E58:E60) -> 1321.5
A63: MÓDULO 3 – PROVISÃO PARA RESCISÃO
A64: 3 | B64: PROVISÃO PARA RESCISÃO | D64: % | E64: VALOR (R$)
A65: A | B65: Aviso Prévio Indenizado | D65: 0.0042 | E65: =ROUND(D65*$E$30,2) -> 6.5
A66: B | B66: Incidência do FGTS sobre Aviso Prévio Indenizado | D66: =D46*D65 -> 0.000336 | E66: =ROUND(D66*$E$30,2) -> 0.52
A67: C | B67: Multa do FGTS e Contribuição Social sobre o Aviso Prévio Indenizado | D67: 0.0349 | E67: =ROUND(D67*$E$30,2) -> 54.03
A68: D | B68: Aviso Prévio Trabalhado | D68: ='Memória Encargos'!C50 -> 0.0019 | E68: =ROUND(D68*$E$30,2) -> 2.94
A69: E | B69: Incidência dos encargos do submódulo 2.2 sobre Aviso Prévio Trabalhado | D69: =D47*D68 -> 0.00070547 | E69: =ROUND(D69*$E$30,2) -> 1.09
A70: F | B70: Multa do FGTS e Contribuição Social sobre o Aviso Prévio Trabalhado | D70: ='Memória Encargos'!C62 -> 0.0051 | E70: =ROUND(D70*$E$30,2) -> 7.9
A71: TOTAL DO MÓDULO 3 | D71: =SUM(D65:D70) -> 0.04714147 | E71: =SUM(E65:E70) -> 72.98
A73: MÓDULO 4 – CUSTO DE REPOSIÇÃO DO PROFISSIONAL AUSENTE
B74: Submódulo 4.1 - Substituto nas Ausências Legais | D74: % | E74: VALOR (R$)
A75: A | B75: Substituto na cobertura de Férias | D75: 0.0093 | E75: =ROUND(D75*$E$30,2) -> 14.4
A76: B | B76: Substituto na cobertura de Ausências Legais | D76: 0.0056 | E76: =ROUND(D76*$E$30,2) -> 8.67
A77: C | B77: Substituto na cobertura de Licença-Paternidade | D77: 0.0006 | E77: =ROUND(D77*$E$30,2) -> 0.93
A78: D | B78: Substituto na cobertura de Ausência por acidente de trabalho | D78: 0.0033 | E78: =ROUND(D78*$E$30,2) -> 5.11
A79: E | B79: Substituto na cobertura de Afastamento Maternidade | D79: 0.0004 | E79: =ROUND(D79*$E$30,2) -> 0.62
A80: TOTAL SUBMÓDULO 4.1 | D80: =SUM(D75:D79) -> 0.0192 | E80: =SUM(E75:E79) -> 29.73
A82: Submódulo 4.2 - Substituto na Intrajornada | D82: % | E82: VALOR (R$)
A83: A | B83: Substituto na cobertura de Intervalo para repouso ou alimentação | D83: 0 | E83: =ROUND(D83*$E$30,2) -> 0
A84: TOTAL SUBMÓDULO 4.2 | D84: =SUM(D83) -> 0 | E84: =ROUND(SUM(E83:E83),2) -> 0
A86: QUADRO-RESUMO DO MÓDULO 4 - CUSTO DE REPOSIÇÃO DO PROFISSIONAL AUSENTE
A87: Módulo 4 - Custo de Reposição do Profissional Ausente | E87: VALOR (R$)
A88: 4.1 | B88: Substituto nas Ausências Legais | E88: =E80 -> 29.73
A89: 4.2 | B89: Substituto na Intrajornada | E89: =E84 -> 0
A90: TOTAL DO MÓDULO 4 | E90: =SUM(E88:E89) -> 29.73
A92: MÓDULO 5 – INSUMOS DIVERSOS
A93: 5 | B93: INSUMOS DIVERSOS | E93: VALOR (R$)
A94: A | B94: Uniforme/EPIs | D94: - | E94: =Materiais!F20 -> 0
A95: B | B95: Materiais | D95: - | E95: =Materiais!F40 -> 0
A96: C | B96: Equipamentos | D96: - | E96: =Materiais!F59 -> 0 | H96: =(E36+E47+E71+E80)/E30 -> 0.70423208
A97: TOTAL DO MÓDULO 5 | D97: - | E97: =SUM(E94:E96) -> 0 | H97: =(E36+E47+E71+E80+E101+E102)/E30 -> 0.87059451
A99: MÓDULO 6 – CUSTOS INDIRETOS, TRIBUTOS E LUCRO
A100: 6 | B100: CUSTOS INDIRETOS, TRIBUTOS E LUCRO | D100: % | E100: VALOR (R$) | I100: Mensal | J100: Global
A101: A | B101: Custos Indiretos | D101: 0.03 | E101: =ROUND(E116*D101,2) -> 89.17 | H101: Estimado
A102: B | B102: Lucro | D102: 0.055 | E102: =ROUND((E116+E101)*D102,2) -> 168.38 | H102: Proposta | I102: =Consolidada!F44 -> #REF!
A103: C | B103: TRIBUTOS | K103: Lance | L103: 745561.8
A104: C.1 | B104: PIS - Opção pelo Lucro Real - utilizada a média de recolhimento dos últimos 12 meses | D104: ='Apuração SPED'!F16 -> 0.013110871 | E104: =ROUND((($E$116+$E$101+$E$102)/(1-($D$104+$D$105+$D$106)))*D104,2) -> 46.71
A105: C.2 | B105: COFINS - Opção pelo Lucro Real - utilizada a média de recolhimento dos últimos 12 meses | D105: ='Apuração SPED'!F33 -> 0.060385251 | E105: =ROUND((($E$116+$E$101+$E$102)/(1-($D$104+$D$105+$D$106)))*D105,2) -> 215.15
A106: C.3 | B106: ISS - Alíquota vigente no local da prestação dos serviços | D106: 0.02 | E106: =ROUND((($E$116+$E$101+$E$102)/(1-($D$104+$D$105+$D$106)))*D106,2) -> 71.26
A107: TOTAL DO MÓDULO 6 | D107: =SUM(D101:D106) -> 0.17849612 | E107: =SUM(E101:E106) -> 590.67
A109: QUADRO RESUMO DO CUSTO POR EMPREGADO
A110: Mão de Obra vinculada à execução contratual (valor por empregado) | E110: VALOR (R$)
A111: A | B111: MÓDULO 1 - COMPOSIÇÃO DA REMUNERAÇÃO | E111: =E30 -> 1548.126
A112: B | B112: MÓDULO 2 – ENCARGOS E BENEFÍCIOS ANUAIS, MENSAIS E DIÁRIOS | E112: =E61 -> 1321.5
A113: C | B113: MÓDULO 3 – PROVISÃO PARA RESCISÃO | E113: =E71 -> 72.98
A114: D | B114: MÓDULO 4 – CUSTO DE REPOSIÇÃO DO PROFISSIONAL AUSENTE | E114: =E90 -> 29.73
A115: E | B115: MÓDULO 5 – INSUMOS DIVERSOS | E115: =E97 -> 0
...

Sheet Sta Mr
A1: PLANILHA DE FORMAÇÃO DE PREÇOS PARA APRESENTAÇÃO DA PROPOSTA
A3: Discriminação dos Serviços
A4: A | B4: Data de apresentação da proposta | E4: 44887
A5: B | B5: Município | E5: Santa Maria/RS
A6: C | B6: Ano do Acordo, Convenção ou Dissídio Coletivo | E6: 2022
A7: D | B7: Nº de meses de execução contratual | E7: 12
A9: Identificação do Serviço
A10: Tipo de Serviço | C10: Unidade de Medida | D10: Quantidade total a contratar (em função da unidade de medida)
A11: Servente 30 horas Santa Maria | C11: POSTO | D11: 1
A13: Dados para composição dos custos referentes à mão de obra
A14: 1 | B14: Tipo de serviço (mesmo serviço com características distintas) | E14: Asseio e Conservação
A15: 2 | B15: Classificação Brasileira de Ocupações (CBO) | E15: 5143
A16: 3 | B16: Salário Nominativo da Categoria Profissional | E16: 1431.04
A17: 4 | B17: Categoria profissional (vinculada à execução contratual) | E17: =A11 -> Servente 30 horas Santa Maria
A18: 5 | B18: Data base da categoria (dia/mês/ano) | E18: 44562
A20: MÓDULO 1 - COMPOSIÇÃO DA REMUNERAÇÃO
A21: 1 | B21: COMPOSIÇÃO DA REMUNERAÇÃO | D21: % | E21: VALOR (R$)
A22: A | B22: Salário Base | D22: 0 | E22: =ROUND((E16/220)*150,2) -> 975.71
A23: B | B23: Adicional de Insalubridade | D23: 0.4 | E23: =E16*D23 -> 572.416
A24: C | B24: Adicional de Periculosidade | D24: 0 | E24: 0
A25: D | B25: Adicional Noturno | D25: 0 | E25: 0
A26: C | B26: Hora Noturna Reduzida | D26: 0 | E26: 0
A27: D | B27: Feriado Trabalhado | D27: 0 | E27: 0
A28: E | B28: Outros | D28: 0 | E28: 0
A29: F | B29: Reflexo sobre o D.S.R | D29: 0 | E29: 0
A30: Subtotal módulo 1 (incide encargos sociais e trabalhistas) | E30: =SUM(E22:E29) -> 1548.126
A32: MÓDULO 2 – ENCARGOS E BENEFÍCIOS ANUAIS, MENSAIS E DIÁRIOS
A33: Submódulo 2.1 - 13º Salário, Férias e Adicional de Férias | D33: % | E33: VALOR (R$)
A34: A | B34: 13 (Décimo-terceiro) salário | D34: 0.0833 | E34: =ROUND(D34*$E$30,2) -> 128.96
A35: B | B35: Férias e Adicional de Férias | D35: 0.1111 | E35: =ROUND(D35*$E$30,2) -> 172
A36: TOTAL SUBMÓDULO 2.1 | D36: =SUM(D34:D35) -> 0.1944 | E36: =SUM(E34:E35) -> 300.96
A38: Submódulo 2.2 - GPS, FGTS e Outras Contribuições | D38: % | E38: VALOR (R$)
A39: A | B39: INSS | D39: 0.2 | E39: =ROUND(D39*($E$30+$E$36),2) -> 369.82
A40: B | B40: Salário Educação | D40: 0.025 | E40: =ROUND(D40*($E$30+$E$36),2) -> 46.23
A41: C | B41: SAT (Seguro Acidente de Trabalho) | D41: 0.0333 | E41: =ROUND(D41*($E$30+$E$36),2) -> 61.57
A42: D | B42: SESC ou SESI | D42: 0.015 | E42: =ROUND(D42*($E$30+$E$36),2) -> 27.74
A43: E | B43: SENAI - SENAC | D43: 0.01 | E43: =ROUND(D43*($E$30+$E$36),2) -> 18.49
A44: F | B44: SEBRAE | D44: 0.006 | E44: =ROUND(D44*($E$30+$E$36),2) -> 11.09
A45: G | B45: INCRA | D45: 0.002 | E45: =ROUND(D45*($E$30+$E$36),2) -> 3.7
A46: H | B46: FGTS | D46: 0.08 | E46: =ROUND(D46*($E$30+$E$36),2) -> 147.93
A47: TOTAL SUBMÓDULO 2.2 | D47: =SUM(D39:D46) -> 0.3713 | E47: =SUM(E39:E46) -> 686.57
A49: Submódulo 2.3 - Benefícios Mensais e Diários | D49: % | E49: VALOR (R$)
A50: A | B50: ="Auxílio Transporte Público: [ (Valor da Tarifa: R$ "&F50&" x "&G50&" dias trabalhados x 2 passagens por dia) - (Salário base x 6% de desconto legal) ]" -> Auxílio Transporte Público: [ (Valor da Tarifa: R$ 5 x 21 dias trabalhados x 2 passagens por dia) - (Salário base x 6% de desconto legal) ] | D50: - | E50: =IF(ROUND((G50*2*F50)-(0.06*E22),2)<=0,0,ROUND((G50*2*F50)-(0.06*E22),2)) -> 151.46 | F50: 5 | G50: 21
A51: B | B51: ="Auxílio Alimentação (Vales, cesta básica etc.): [ (Valor do V.A: R$ "&F51&" x "&G51&" vale por mês) - desconto legal de "&H51*100&"%]" -> Auxílio Alimentação (Vales, cesta básica etc.): [ (Valor do V.A: R$ 11 x 21 vale por mês) - desconto legal de 19%] | D51: - | E51: =ROUND((F51*G51)-(F51*G51*H51),2) -> 187.11 | F51: 11 | G51: 21 | H51: 0.19
A52: C | B52: Benefício Social familiar | D52: - | E52: 18.5
A53: D | B53: Outros | D53: - | E53: 0
A54: TOTAL SUBMÓDULO 2.3 | E54: =SUM(E50:E53) -> 357.07
A56: QUADRO-RESUMO DO MÓDULO 2 - ENCARGOS, BENEFÍCIOS ANUAIS, MENSAIS E DIÁRIOS
A57: Módulo 2 - Encargos, Benefícios Anuais, Mensais e Diários | E57: VALOR (R$)
A58: 2.1 | B58: 13º Salário, Férias e Adicional de Férias | E58: =E36 -> 300.96
A59: 2.2 | B59: GPS, FGTS e Outras Contribuições | E59: =E47 -> 686.57
A60: 2.3 | B60: Benefícios Mensais e Diários | E60: =E54 -> 357.07
A61: TOTAL DO MÓDULO 2 | E61: =SUM(E58:E60) -> 1344.6
A63: MÓDULO 3 – PROVISÃO PARA RESCISÃO
A64: 3 | B64: PROVISÃO PARA RESCISÃO | D64: % | E64: VALOR (R$)
A65: A | B65: Aviso Prévio Indenizado | D65: 0.0042 | E65: =ROUND(D65*$E$30,2) -> 6.5
A66: B | B66: Incidência do FGTS sobre Aviso Prévio Indenizado | D66: =D46*D65 -> 0.000336 | E66: =ROUND(D66*$E$30,2) -> 0.52
A67: C | B67: Multa do FGTS e Contribuição Social sobre o Aviso Prévio Indenizado | D67: 0.0349 | E67: =ROUND(D67*$E$30,2) -> 54.03
A68: D | B68: Aviso Prévio Trabalhado | D68: ='Memória Encargos'!C50 -> 0.0019 | E68: =ROUND(D68*$E$30,2) -> 2.94
A69: E | B69: Incidência dos encargos do submódulo 2.2 sobre Aviso Prévio Trabalhado | D69: =D47*D68 -> 0.00070547 | E69: =ROUND(D69*$E$30,2) -> 1.09
A70: F | B70: Multa do FGTS e Contribuição Social sobre o Aviso Prévio Trabalhado | D70: ='Memória Encargos'!C62 -> 0.0051 | E70: =ROUND(D70*$E$30,2) -> 7.9
A71: TOTAL DO MÓDULO 3 | D71: =SUM(D65:D70) -> 0.04714147 | E71: =SUM(E65:E70) -> 72.98
A73: MÓDULO 4 – CUSTO DE REPOSIÇÃO DO PROFISSIONAL AUSENTE
B74: Submódulo 4.1 - Substituto nas Ausências Legais | D74: % | E74: VALOR (R$)
A75: A | B75: Substituto na cobertura de Férias | D75: 0.0093 | E75: =ROUND(D75*$E$30,2) -> 14.4
A76: B | B76: Substituto na cobertura de Ausências Legais | D76: 0.0056 | E76: =ROUND(D76*$E$30,2) -> 8.67
A77: C | B77: Substituto na cobertura de Licença-Paternidade | D77: 0.0006 | E77: =ROUND(D77*$E$30,2) -> 0.93
A78: D | B78: Substituto na cobertura de Ausência por acidente de trabalho | D78: 0.0033 | E78: =ROUND(D78*$E$30,2) -> 5.11
A79: E | B79: Substituto na cobertura de Afastamento Maternidade | D79: 0.0004 | E79: =ROUND(D79*$E$30,2) -> 0.62
A80: TOTAL SUBMÓDULO 4.1 | D80: =SUM(D75:D79) -> 0.0192 | E80: =SUM(E75:E79) -> 29.73
A82: Submódulo 4.2 - Substituto na Intrajornada | D82: % | E82: VALOR (R$)
A83: A | B83: Substituto na cobertura de Intervalo para repouso ou alimentação | D83: 0 | E83: =ROUND(D83*$E$30,2) -> 0
A84: TOTAL SUBMÓDULO 4.2 | D84: =SUM(D83) -> 0 | E84: =ROUND(SUM(E83:E83),2) -> 0
A86: QUADRO-RESUMO DO MÓDULO 4 - CUSTO DE REPOSIÇÃO DO PROFISSIONAL AUSENTE
A87: Módulo 4 - Custo de Reposição do Profissional Ausente | E87: VALOR (R$)
A88: 4.1 | B88: Substituto nas Ausências Legais | E88: =E80 -> 29.73
A89: 4.2 | B89: Substituto na Intrajornada | E89: =E84 -> 0
A90: TOTAL DO MÓDULO 4 | E90: =SUM(E88:E89) -> 29.73
A92: MÓDULO 5 – INSUMOS DIVERSOS
A93: 5 | B93: INSUMOS DIVERSOS | E93: VALOR (R$)
A94: A | B94: Uniforme/EPIs | D94: - | E94: =Materiais!F20 -> 0
A95: B | B95: Materiais | D95: - | E95: =Materiais!F40 -> 0
A96: C | B96: Equipamentos | D96: - | E96: =Materiais!F59 -> 0 | H96: =(E36+E47+E71+E80)/E30 -> 0.70423208
A97: TOTAL DO MÓDULO 5 | D97: - | E97: =SUM(E94:E96) -> 0 | H97: =(E36+E47+E71+E80+E101+E102)/E30 -> 0.8718864
A99: MÓDULO 6 – CUSTOS INDIRETOS, TRIBUTOS E LUCRO
A100: 6 | B100: CUSTOS INDIRETOS, TRIBUTOS E LUCRO | D100: % | E100: VALOR (R$) | I100: Mensal | J100: Global
A101: A | B101: Custos Indiretos | D101: 0.03 | E101: =ROUND(E116*D101,2) -> 89.86 | H101: Estimado
A102: B | B102: Lucro | D102: 0.055 | E102: =ROUND((E116+E101)*D102,2) -> 169.69 | H102: Proposta | I102: =Consolidada!F44 -> #REF!
A103: C | B103: TRIBUTOS | K103: Lance | L103: 745561.8
A104: C.1 | B104: PIS - Opção pelo Lucro Real - utilizada a média de recolhimento dos últimos 12 meses | D104: ='Apuração SPED'!F16 -> 0.013110871 | E104: =ROUND((($E$116+$E$101+$E$102)/(1-($D$104+$D$105+$D$106)))*D104,2) -> 48.14
A105: C.2 | B105: COFINS - Opção pelo Lucro Real - utilizada a média de recolhimento dos últimos 12 meses | D105: ='Apuração SPED'!F33 -> 0.060385251 | E105: =ROUND((($E$116+$E$101+$E$102)/(1-($D$104+$D$105+$D$106)))*D105,2) -> 221.72
A106: C.3 | B106: ISS - Alíquota vigente no local da prestação dos serviços | D106: 0.04 | E106: =ROUND((($E$116+$E$101+$E$102)/(1-($D$104+$D$105+$D$106)))*D106,2) -> 146.87
A107: TOTAL DO MÓDULO 6 | D107: =SUM(D101:D106) -> 0.19849612 | E107: =SUM(E101:E106) -> 676.28
A109: QUADRO RESUMO DO CUSTO POR EMPREGADO
A110: Mão de Obra vinculada à execução contratual (valor por empregado) | E110: VALOR (R$)
A111: A | B111: MÓDULO 1 - COMPOSIÇÃO DA REMUNERAÇÃO | E111: =E30 -> 1548.126
A112: B | B112: MÓDULO 2 – ENCARGOS E BENEFÍCIOS ANUAIS, MENSAIS E DIÁRIOS | E112: =E61 -> 1344.6
A113: C | B113: MÓDULO 3 – PROVISÃO PARA RESCISÃO | E113: =E71 -> 72.98
A114: D | B114: MÓDULO 4 – CUSTO DE REPOSIÇÃO DO PROFISSIONAL AUSENTE | E114: =E90 -> 29.73
A115: E | B115: MÓDULO 5 – INSUMOS DIVERSOS | E115: =E97 -> 0
...

Sheet Livram
A1: PLANILHA DE FORMAÇÃO DE PREÇOS PARA APRESENTAÇÃO DA PROPOSTA
A3: Discriminação dos Serviços
A4: A | B4: Data de apresentação da proposta | E4: 44887
A5: B | B5: Município | E5: Sant'Ana do Livramento/RS
A6: C | B6: Ano do Acordo, Convenção ou Dissídio Coletivo | E6: 2022
A7: D | B7: Nº de meses de execução contratual | E7: 12
A9: Identificação do Serviço
A10: Tipo de Serviço | C10: Unidade de Medida | D10: Quantidade total a contratar (em função da unidade de medida)
A11: Servente 30 horas Santana do Livramento | C11: POSTO | D11: 1
A13: Dados para composição dos custos referentes à mão de obra
A14: 1 | B14: Tipo de serviço (mesmo serviço com características distintas) | E14: Asseio e Conservação
A15: 2 | B15: Classificação Brasileira de Ocupações (CBO) | E15: 5143
A16: 3 | B16: Salário Nominativo da Categoria Profissional | E16: 1431.04
A17: 4 | B17: Categoria profissional (vinculada à execução contratual) | E17: =A11 -> Servente 30 horas Santana do Livramento
A18: 5 | B18: Data base da categoria (dia/mês/ano) | E18: 44562
A20: MÓDULO 1 - COMPOSIÇÃO DA REMUNERAÇÃO
A21: 1 | B21: COMPOSIÇÃO DA REMUNERAÇÃO | D21: % | E21: VALOR (R$)
A22: A | B22: Salário Base | D22: 0 | E22: =ROUND((E16/220)*150,2) -> 975.71
A23: B | B23: Adicional de Insalubridade | D23: 0.4 | E23: =E16*D23 -> 572.416
A24: C | B24: Adicional de Periculosidade | D24: 0 | E24: 0
A25: D | B25: Adicional Noturno | D25: 0 | E25: 0
A26: C | B26: Hora Noturna Reduzida | D26: 0 | E26: 0
A27: D | B27: Feriado Trabalhado | D27: 0 | E27: 0
A28: E | B28: Outros | D28: 0 | E28: 0
A29: F | B29: Reflexo sobre o D.S.R | D29: 0 | E29: 0
A30: Subtotal módulo 1 (incide encargos sociais e trabalhistas) | E30: =SUM(E22:E29) -> 1548.126
A32: MÓDULO 2 – ENCARGOS E BENEFÍCIOS ANUAIS, MENSAIS E DIÁRIOS
A33: Submódulo 2.1 - 13º Salário, Férias e Adicional de Férias | D33: % | E33: VALOR (R$)
A34: A | B34: 13 (Décimo-terceiro) salário | D34: 0.0833 | E34: =ROUND(D34*$E$30,2) -> 128.96
A35: B | B35: Férias e Adicional de Férias | D35: 0.1111 | E35: =ROUND(D35*$E$30,2) -> 172
A36: TOTAL SUBMÓDULO 2.1 | D36: =SUM(D34:D35) -> 0.1944 | E36: =SUM(E34:E35) -> 300.96
A38: Submódulo 2.2 - GPS, FGTS e Outras Contribuições | D38: % | E38: VALOR (R$)
A39: A | B39: INSS | D39: 0.2 | E39: =ROUND(D39*($E$30+$E$36),2) -> 369.82
A40: B | B40: Salário Educação | D40: 0.025 | E40: =ROUND(D40*($E$30+$E$36),2) -> 46.23
A41: C | B41: SAT (Seguro Acidente de Trabalho) | D41: 0.0333 | E41: =ROUND(D41*($E$30+$E$36),2) -> 61.57
A42: D | B42: SESC ou SESI | D42: 0.015 | E42: =ROUND(D42*($E$30+$E$36),2) -> 27.74
A43: E | B43: SENAI - SENAC | D43: 0.01 | E43: =ROUND(D43*($E$30+$E$36),2) -> 18.49
A44: F | B44: SEBRAE | D44: 0.006 | E44: =ROUND(D44*($E$30+$E$36),2) -> 11.09
A45: G | B45: INCRA | D45: 0.002 | E45: =ROUND(D45*($E$30+$E$36),2) -> 3.7
A46: H | B46: FGTS | D46: 0.08 | E46: =ROUND(D46*($E$30+$E$36),2) -> 147.93
A47: TOTAL SUBMÓDULO 2.2 | D47: =SUM(D39:D46) -> 0.3713 | E47: =SUM(E39:E46) -> 686.57
A49: Submódulo 2.3 - Benefícios Mensais e Diários | D49: % | E49: VALOR (R$)
A50: A | B50: ="Auxílio Transporte Público: [ (Valor da Tarifa: R$ "&F50&" x "&G50&" dias trabalhados x 2 passagens por dia) - (Salário base x 6% de desconto legal) ]" -> Auxílio Transporte Público: [ (Valor da Tarifa: R$ 3 x 21 dias trabalhados x 2 passagens por dia) - (Salário base x 6% de desconto legal) ] | D50: - | E50: =IF(ROUND((G50*2*F50)-(0.06*E22),2)<=0,0,ROUND((G50*2*F50)-(0.06*E22),2)) -> 67.46 | F50: 3 | G50: 21
A51: B | B51: ="Auxílio Alimentação (Vales, cesta básica etc.): [ (Valor do V.A: R$ "&F51&" x "&G51&" vale por mês) - desconto legal de "&H51*100&"%]" -> Auxílio Alimentação (Vales, cesta básica etc.): [ (Valor do V.A: R$ 11 x 21 vale por mês) - desconto legal de 19%] | D51: - | E51: =ROUND((F51*G51)-(F51*G51*H51),2) -> 187.11 | F51: 11 | G51: 21 | H51: 0.19
A52: C | B52: Benefício Social familiar | D52: - | E52: 18.5
A53: D | B53: Outros | D53: - | E53: 0
A54: TOTAL SUBMÓDULO 2.3 | E54: =SUM(E50:E53) -> 273.07
A56: QUADRO-RESUMO DO MÓDULO 2 - ENCARGOS, BENEFÍCIOS ANUAIS, MENSAIS E DIÁRIOS
A57: Módulo 2 - Encargos, Benefícios Anuais, Mensais e Diários | E57: VALOR (R$)
A58: 2.1 | B58: 13º Salário, Férias e Adicional de Férias | E58: =E36 -> 300.96
A59: 2.2 | B59: GPS, FGTS e Outras Contribuições | E59: =E47 -> 686.57
A60: 2.3 | B60: Benefícios Mensais e Diários | E60: =E54 -> 273.07
A61: TOTAL DO MÓDULO 2 | E61: =SUM(E58:E60) -> 1260.6
A63: MÓDULO 3 – PROVISÃO PARA RESCISÃO
A64: 3 | B64: PROVISÃO PARA RESCISÃO | D64: % | E64: VALOR (R$)
A65: A | B65: Aviso Prévio Indenizado | D65: 0.0042 | E65: =ROUND(D65*$E$30,2) -> 6.5
A66: B | B66: Incidência do FGTS sobre Aviso Prévio Indenizado | D66: =D46*D65 -> 0.000336 | E66: =ROUND(D66*$E$30,2) -> 0.52
A67: C | B67: Multa do FGTS e Contribuição Social sobre o Aviso Prévio Indenizado | D67: 0.0349 | E67: =ROUND(D67*$E$30,2) -> 54.03
A68: D | B68: Aviso Prévio Trabalhado | D68: ='Memória Encargos'!C50 -> 0.0019 | E68: =ROUND(D68*$E$30,2) -> 2.94
A69: E | B69: Incidência dos encargos do submódulo 2.2 sobre Aviso Prévio Trabalhado | D69: =D47*D68 -> 0.00070547 | E69: =ROUND(D69*$E$30,2) -> 1.09
A70: F | B70: Multa do FGTS e Contribuição Social sobre o Aviso Prévio Trabalhado | D70: ='Memória Encargos'!C62 -> 0.0051 | E70: =ROUND(D70*$E$30,2) -> 7.9
A71: TOTAL DO MÓDULO 3 | D71: =SUM(D65:D70) -> 0.04714147 | E71: =SUM(E65:E70) -> 72.98
A73: MÓDULO 4 – CUSTO DE REPOSIÇÃO DO PROFISSIONAL AUSENTE
B74: Submódulo 4.1 - Substituto nas Ausências Legais | D74: % | E74: VALOR (R$)
A75: A | B75: Substituto na cobertura de Férias | D75: 0.0093 | E75: =ROUND(D75*$E$30,2) -> 14.4
A76: B | B76: Substituto na cobertura de Ausências Legais | D76: 0.0056 | E76: =ROUND(D76*$E$30,2) -> 8.67
A77: C | B77: Substituto na cobertura de Licença-Paternidade | D77: 0.0006 | E77: =ROUND(D77*$E$30,2) -> 0.93
A78: D | B78: Substituto na cobertura de Ausência por acidente de trabalho | D78: 0.0033 | E78: =ROUND(D78*$E$30,2) -> 5.11
A79: E | B79: Substituto na cobertura de Afastamento Maternidade | D79: 0.0004 | E79: =ROUND(D79*$E$30,2) -> 0.62
A80: TOTAL SUBMÓDULO 4.1 | D80: =SUM(D75:D79) -> 0.0192 | E80: =SUM(E75:E79) -> 29.73
A82: Submódulo 4.2 - Substituto na Intrajornada | D82: % | E82: VALOR (R$)
A83: A | B83: Substituto na cobertura de Intervalo para repouso ou alimentação | D83: 0 | E83: =ROUND(D83*$E$30,2) -> 0
A84: TOTAL SUBMÓDULO 4.2 | D84: =SUM(D83) -> 0 | E84: =ROUND(SUM(E83:E83),2) -> 0
A86: QUADRO-RESUMO DO MÓDULO 4 - CUSTO DE REPOSIÇÃO DO PROFISSIONAL AUSENTE
A87: Módulo 4 - Custo de Reposição do Profissional Ausente | E87: VALOR (R$)
A88: 4.1 | B88: Substituto nas Ausências Legais | E88: =E80 -> 29.73
A89: 4.2 | B89: Substituto na Intrajornada | E89: =E84 -> 0
A90: TOTAL DO MÓDULO 4 | E90: =SUM(E88:E89) -> 29.73
A92: MÓDULO 5 – INSUMOS DIVERSOS
A93: 5 | B93: INSUMOS DIVERSOS | E93: VALOR (R$)
A94: A | B94: Uniforme/EPIs | D94: - | E94: =Materiais!F20 -> 0
A95: B | B95: Materiais | D95: - | E95: =Materiais!F40 -> 0
A96: C | B96: Equipamentos | D96: - | E96: =Materiais!F59 -> 0 | H96: =(E36+E47+E71+E80)/E30 -> 0.70423208
A97: TOTAL DO MÓDULO 5 | D97: - | E97: =SUM(E94:E96) -> 0 | H97: =(E36+E47+E71+E80+E101+E102)/E30 -> 0.86718394
A99: MÓDULO 6 – CUSTOS INDIRETOS, TRIBUTOS E LUCRO
A100: 6 | B100: CUSTOS INDIRETOS, TRIBUTOS E LUCRO | D100: % | E100: VALOR (R$) | I100: Mensal | J100: Global
A101: A | B101: Custos Indiretos | D101: 0.03 | E101: =ROUND(E116*D101,2) -> 87.34 | H101: Estimado
A102: B | B102: Lucro | D102: 0.055 | E102: =ROUND((E116+E101)*D102,2) -> 164.93 | H102: Proposta | I102: =Consolidada!F44 -> #REF!
A103: C | B103: TRIBUTOS | K103: Lance | L103: 745561.8
A104: C.1 | B104: PIS - Opção pelo Lucro Real - utilizada a média de recolhimento dos últimos 12 meses | D104: ='Apuração SPED'!F16 -> 0.013110871 | E104: =ROUND((($E$116+$E$101+$E$102)/(1-($D$104+$D$105+$D$106)))*D104,2) -> 46.27
A105: C.2 | B105: COFINS - Opção pelo Lucro Real - utilizada a média de recolhimento dos últimos 12 meses | D105: ='Apuração SPED'!F33 -> 0.060385251 | E105: =ROUND((($E$116+$E$101+$E$102)/(1-($D$104+$D$105+$D$106)))*D105,2) -> 213.1
A106: C.3 | B106: ISS - Alíquota vigente no local da prestação dos serviços | D106: 0.03 | E106: =ROUND((($E$116+$E$101+$E$102)/(1-($D$104+$D$105+$D$106)))*D106,2) -> 105.87
A107: TOTAL DO MÓDULO 6 | D107: =SUM(D101:D106) -> 0.18849612 | E107: =SUM(E101:E106) -> 617.51
A109: QUADRO RESUMO DO CUSTO POR EMPREGADO
A110: Mão de Obra vinculada à execução contratual (valor por empregado) | E110: VALOR (R$)
A111: A | B111: MÓDULO 1 - COMPOSIÇÃO DA REMUNERAÇÃO | E111: =E30 -> 1548.126
A112: B | B112: MÓDULO 2 – ENCARGOS E BENEFÍCIOS ANUAIS, MENSAIS E DIÁRIOS | E112: =E61 -> 1260.6
A113: C | B113: MÓDULO 3 – PROVISÃO PARA RESCISÃO | E113: =E71 -> 72.98
A114: D | B114: MÓDULO 4 – CUSTO DE REPOSIÇÃO DO PROFISSIONAL AUSENTE | E114: =E90 -> 29.73
A115: E | B115: MÓDULO 5 – INSUMOS DIVERSOS | E115: =E97 -> 0
...

Sheet Sao Leopo
A1: PLANILHA DE FORMAÇÃO DE PREÇOS PARA APRESENTAÇÃO DA PROPOSTA
A3: Discriminação dos Serviços
A4: A | B4: Data de apresentação da proposta | E4: 44887
A5: B | B5: Município | E5: São Leopoldo/RS
A6: C | B6: Ano do Acordo, Convenção ou Dissídio Coletivo | E6: 2022
A7: D | B7: Nº de meses de execução contratual | E7: 12
A9: Identificação do Serviço
A10: Tipo de Serviço | C10: Unidade de Medida | D10: Quantidade total a contratar (em função da unidade de medida)
A11: Servente 30 horas São Leopoldo | C11: POSTO | D11: 1
A13: Dados para composição dos custos referentes à mão de obra
A14: 1 | B14: Tipo de serviço (mesmo serviço com características distintas) | E14: Asseio e Conservação
A15: 2 | B15: Classificação Brasileira de Ocupações (CBO) | E15: 5143
A16: 3 | B16: Salário Nominativo da Categoria Profissional | E16: 1431.04
A17: 4 | B17: Categoria profissional (vinculada à execução contratual) | E17: =A11 -> Servente 30 horas São Leopoldo
A18: 5 | B18: Data base da categoria (dia/mês/ano) | E18: 44562
A20: MÓDULO 1 - COMPOSIÇÃO DA REMUNERAÇÃO
A21: 1 | B21: COMPOSIÇÃO DA REMUNERAÇÃO | D21: % | E21: VALOR (R$)
A22: A | B22: Salário Base | D22: 0 | E22: =ROUND((E16/220)*150,2) -> 975.71
A23: B | B23: Adicional de Insalubridade | D23: 0.4 | E23: =E16*D23 -> 572.416
A24: C | B24: Adicional de Periculosidade | D24: 0 | E24: 0
A25: D | B25: Adicional Noturno | D25: 0 | E25: 0
A26: C | B26: Hora Noturna Reduzida | D26: 0 | E26: 0
A27: D | B27: Feriado Trabalhado | D27: 0 | E27: 0
A28: E | B28: Outros | D28: 0 | E28: 0
A29: F | B29: Reflexo sobre o D.S.R | D29: 0 | E29: 0
A30: Subtotal módulo 1 (incide encargos sociais e trabalhistas) | E30: =SUM(E22:E29) -> 1548.126
A32: MÓDULO 2 – ENCARGOS E BENEFÍCIOS ANUAIS, MENSAIS E DIÁRIOS
A33: Submódulo 2.1 - 13º Salário, Férias e Adicional de Férias | D33: % | E33: VALOR (R$)
A34: A | B34: 13 (Décimo-terceiro) salário | D34: 0.0833 | E34: =ROUND(D34*$E$30,2) -> 128.96
A35: B | B35: Férias e Adicional de Férias | D35: 0.1111 | E35: =ROUND(D35*$E$30,2) -> 172
A36: TOTAL SUBMÓDULO 2.1 | D36: =SUM(D34:D35) -> 0.1944 | E36: =SUM(E34:E35) -> 300.96
A38: Submódulo 2.2 - GPS, FGTS e Outras Contribuições | D38: % | E38: VALOR (R$)
A39: A | B39: INSS | D39: 0.2 | E39: =ROUND(D39*($E$30+$E$36),2) -> 369.82
A40: B | B40: Salário Educação | D40: 0.025 | E40: =ROUND(D40*($E$30+$E$36),2) -> 46.23
A41: C | B41: SAT (Seguro Acidente de Trabalho) | D41: 0.0333 | E41: =ROUND(D41*($E$30+$E$36),2) -> 61.57
A42: D | B42: SESC ou SESI | D42: 0.015 | E42: =ROUND(D42*($E$30+$E$36),2) -> 27.74
A43: E | B43: SENAI - SENAC | D43: 0.01 | E43: =ROUND(D43*($E$30+$E$36),2) -> 18.49
A44: F | B44: SEBRAE | D44: 0.006 | E44: =ROUND(D44*($E$30+$E$36),2) -> 11.09
A45: G | B45: INCRA | D45: 0.002 | E45: =ROUND(D45*($E$30+$E$36),2) -> 3.7
A46: H | B46: FGTS | D46: 0.08 | E46: =ROUND(D46*($E$30+$E$36),2) -> 147.93
A47: TOTAL SUBMÓDULO 2.2 | D47: =SUM(D39:D46) -> 0.3713 | E47: =SUM(E39:E46) -> 686.57
A49: Submódulo 2.3 - Benefícios Mensais e Diários | D49: % | E49: VALOR (R$)
A50: A | B50: ="Auxílio Transporte Público: [ (Valor da Tarifa: R$ "&F50&" x "&G50&" dias trabalhados x 2 passagens por dia) - (Salário base x 6% de desconto legal) ]" -> Auxílio Transporte Público: [ (Valor da Tarifa: R$ 4,6 x 21 dias trabalhados x 2 passagens por dia) - (Salário base x 6% de desconto legal) ] | D50: - | E50: =IF(ROUND((G50*2*F50)-(0.06*E22),2)<=0,0,ROUND((G50*2*F50)-(0.06*E22),2)) -> 134.66 | F50: 4.6 | G50: 21
A51: B | B51: ="Auxílio Alimentação (Vales, cesta básica etc.): [ (Valor do V.A: R$ "&F51&" x "&G51&" vale por mês) - desconto legal de "&H51*100&"%]" -> Auxílio Alimentação (Vales, cesta básica etc.): [ (Valor do V.A: R$ 11 x 21 vale por mês) - desconto legal de 19%] | D51: - | E51: =ROUND((F51*G51)-(F51*G51*H51),2) -> 187.11 | F51: 11 | G51: 21 | H51: 0.19
A52: C | B52: Benefício Social familiar | D52: - | E52: 18.5
A53: D | B53: Outros | D53: - | E53: 0
A54: TOTAL SUBMÓDULO 2.3 | E54: =SUM(E50:E53) -> 340.27
A56: QUADRO-RESUMO DO MÓDULO 2 - ENCARGOS, BENEFÍCIOS ANUAIS, MENSAIS E DIÁRIOS
A57: Módulo 2 - Encargos, Benefícios Anuais, Mensais e Diários | E57: VALOR (R$)
A58: 2.1 | B58: 13º Salário, Férias e Adicional de Férias | E58: =E36 -> 300.96
A59: 2.2 | B59: GPS, FGTS e Outras Contribuições | E59: =E47 -> 686.57
A60: 2.3 | B60: Benefícios Mensais e Diários | E60: =E54 -> 340.27
A61: TOTAL DO MÓDULO 2 | E61: =SUM(E58:E60) -> 1327.8
A63: MÓDULO 3 – PROVISÃO PARA RESCISÃO
A64: 3 | B64: PROVISÃO PARA RESCISÃO | D64: % | E64: VALOR (R$)
A65: A | B65: Aviso Prévio Indenizado | D65: 0.0042 | E65: =ROUND(D65*$E$30,2) -> 6.5
A66: B | B66: Incidência do FGTS sobre Aviso Prévio Indenizado | D66: =D46*D65 -> 0.000336 | E66: =ROUND(D66*$E$30,2) -> 0.52
A67: C | B67: Multa do FGTS e Contribuição Social sobre o Aviso Prévio Indenizado | D67: 0.0349 | E67: =ROUND(D67*$E$30,2) -> 54.03
A68: D | B68: Aviso Prévio Trabalhado | D68: ='Memória Encargos'!C50 -> 0.0019 | E68: =ROUND(D68*$E$30,2) -> 2.94
A69: E | B69: Incidência dos encargos do submódulo 2.2 sobre Aviso Prévio Trabalhado | D69: =D47*D68 -> 0.00070547 | E69: =ROUND(D69*$E$30,2) -> 1.09
A70: F | B70: Multa do FGTS e Contribuição Social sobre o Aviso Prévio Trabalhado | D70: ='Memória Encargos'!C62 -> 0.0051 | E70: =ROUND(D70*$E$30,2) -> 7.9
A71: TOTAL DO MÓDULO 3 | D71: =SUM(D65:D70) -> 0.04714147 | E71: =SUM(E65:E70) -> 72.98
A73: MÓDULO 4 – CUSTO DE REPOSIÇÃO DO PROFISSIONAL AUSENTE
B74: Submódulo 4.1 - Substituto nas Ausências Legais | D74: % | E74: VALOR (R$)
A75: A | B75: Substituto na cobertura de Férias | D75: 0.0093 | E75: =ROUND(D75*$E$30,2) -> 14.4
A76: B | B76: Substituto na cobertura de Ausências Legais | D76: 0.0056 | E76: =ROUND(D76*$E$30,2) -> 8.67
A77: C | B77: Substituto na cobertura de Licença-Paternidade | D77: 0.0006 | E77: =ROUND(D77*$E$30,2) -> 0.93
A78: D | B78: Substituto na cobertura de Ausência por acidente de trabalho | D78: 0.0033 | E78: =ROUND(D78*$E$30,2) -> 5.11
A79: E | B79: Substituto na cobertura de Afastamento Maternidade | D79: 0.0004 | E79: =ROUND(D79*$E$30,2) -> 0.62
A80: TOTAL SUBMÓDULO 4.1 | D80: =SUM(D75:D79) -> 0.0192 | E80: =SUM(E75:E79) -> 29.73
A82: Submódulo 4.2 - Substituto na Intrajornada | D82: % | E82: VALOR (R$)
A83: A | B83: Substituto na cobertura de Intervalo para repouso ou alimentação | D83: 0 | E83: =ROUND(D83*$E$30,2) -> 0
A84: TOTAL SUBMÓDULO 4.2 | D84: =SUM(D83) -> 0 | E84: =ROUND(SUM(E83:E83),2) -> 0
A86: QUADRO-RESUMO DO MÓDULO 4 - CUSTO DE REPOSIÇÃO DO PROFISSIONAL AUSENTE
A87: Módulo 4 - Custo de Reposição do Profissional Ausente | E87: VALOR (R$)
A88: 4.1 | B88: Substituto nas Ausências Legais | E88: =E80 -> 29.73
A89: 4.2 | B89: Substituto na Intrajornada | E89: =E84 -> 0
A90: TOTAL DO MÓDULO 4 | E90: =SUM(E88:E89) -> 29.73
A92: MÓDULO 5 – INSUMOS DIVERSOS
A93: 5 | B93: INSUMOS DIVERSOS | E93: VALOR (R$)
A94: A | B94: Uniforme/EPIs | D94: - | E94: =Materiais!F20 -> 0
A95: B | B95: Materiais | D95: - | E95: =Materiais!F40 -> 0
A96: C | B96: Equipamentos | D96: - | E96: =Materiais!F59 -> 0 | H96: =(E36+E47+E71+E80)/E30 -> 0.70423208
A97: TOTAL DO MÓDULO 5 | D97: - | E97: =SUM(E94:E96) -> 0 | H97: =(E36+E47+E71+E80+E101+E102)/E30 -> 0.86732604
A99: MÓDULO 6 – CUSTOS INDIRETOS, TRIBUTOS E LUCRO
A100: 6 | B100: CUSTOS INDIRETOS, TRIBUTOS E LUCRO | D100: % | E100: VALOR (R$) | I100: Mensal | J100: Global
A101: A | B101: Custos Indiretos | D101: 0.03 | E101: =ROUND(E116*D101,2) -> 89.36 | H101: Estimado
A102: B | B102: Lucro | D102: 0.053171622 | E102: =ROUND((E116+E101)*D102,2) -> 163.13 | H102: Proposta | I102: =Consolidada!F44 -> #REF!
A103: C | B103: TRIBUTOS | K103: Lance | L103: 745561.8
A104: C.1 | B104: PIS - Opção pelo Lucro Real - utilizada a média de recolhimento dos últimos 12 meses | D104: ='Apuração SPED'!F16 -> 0.013110871 | E104: =ROUND((($E$116+$E$101+$E$102)/(1-($D$104+$D$105+$D$106)))*D104,2) -> 47.25
A105: C.2 | B105: COFINS - Opção pelo Lucro Real - utilizada a média de recolhimento dos últimos 12 meses | D105: ='Apuração SPED'!F33 -> 0.060385251 | E105: =ROUND((($E$116+$E$101+$E$102)/(1-($D$104+$D$105+$D$106)))*D105,2) -> 217.64
A106: C.3 | B106: ISS - Alíquota vigente no local da prestação dos serviços | D106: 0.03 | E106: =ROUND((($E$116+$E$101+$E$102)/(1-($D$104+$D$105+$D$106)))*D106,2) -> 108.12
A107: TOTAL DO MÓDULO 6 | D107: =SUM(D101:D106) -> 0.18666774 | E107: =SUM(E101:E106) -> 625.5
A109: QUADRO RESUMO DO CUSTO POR EMPREGADO
A110: Mão de Obra vinculada à execução contratual (valor por empregado) | E110: VALOR (R$)
A111: A | B111: MÓDULO 1 - COMPOSIÇÃO DA REMUNERAÇÃO | E111: =E30 -> 1548.126
A112: B | B112: MÓDULO 2 – ENCARGOS E BENEFÍCIOS ANUAIS, MENSAIS E DIÁRIOS | E112: =E61 -> 1327.8
A113: C | B113: MÓDULO 3 – PROVISÃO PARA RESCISÃO | E113: =E71 -> 72.98
A114: D | B114: MÓDULO 4 – CUSTO DE REPOSIÇÃO DO PROFISSIONAL AUSENTE | E114: =E90 -> 29.73
A115: E | B115: MÓDULO 5 – INSUMOS DIVERSOS | E115: =E97 -> 0
...

Sheet Apuração SPED
A2: APURAÇÃO DO PERCENTUAL MÉDIO DE RECOLHIMENTO DE PIS
A3: MÊS | B3: FATURAMENTO MENSAL A | C3: CONTRIBUIÇÃO APURADA B | D3: CRÉDITO DESCONTADO C | E3: CONTRIBUIÇÃO DEVIDA D = (B - C) | F3: PERCENTUAL EFETIVO E = D / A
A4: 44470 | B4: 70605537 | C4: 1164966.1 | D4: 252927.68 | E4: =C4-D4 -> 912038.44 | F4: =E4/B4 -> 0.012917378
A5: 44501 | B5: 75157035 | C5: 1240028.4 | D5: 256842.16 | E5: =C5-D5 -> 983186.28 | F5: =E5/B5 -> 0.01308176
A6: 44531 | B6: 84489831 | C6: 1394053.5 | D6: 200847.43 | E6: =C6-D6 -> 1193206.1 | F6: =E6/B6 -> 0.014122481
A7: 44562 | B7: 61793402 | C7: 1019568.7 | D7: 280367.68 | E7: =C7-D7 -> 739201.01 | F7: =E7/B7 -> 0.011962459
A8: 44593 | B8: 67011486 | C8: 1105667.4 | D8: 197693.87 | E8: =C8-D8 -> 907973.56 | F8: =E8/B8 -> 0.013549521
A9: 44621 | B9: 71563373 | C9: 1180773 | D9: 282799.61 | E9: =C9-D9 -> 897973.43 | F9: =E9/B9 -> 0.012547947
A10: 44652 | B10: 66408169 | C10: 1095713.9 | D10: 236940.35 | E10: =C10-D10 -> 858773.58 | F10: =E10/B10 -> 0.012931746
A11: 44682 | B11: 70436408 | C11: 1162176.7 | D11: 239544.09 | E11: =C11-D11 -> 922632.63 | F11: =E11/B11 -> 0.013098803
A12: 44713 | B12: 68558116 | C12: =1131185.07 -> 1131185.1 | D12: 234968.75 | E12: =C12-D12 -> 896216.32 | F12: =E12/B12 -> 0.013072359
A13: 44743 | B13: 73607802 | C13: 1214507.1 | D13: 223595.98 | E13: =C13-D13 -> 990911.13 | F13: =E13/B13 -> 0.013462039
A14: 44774 | B14: 72063063 | C14: 1189016.2 | D14: 246520.9 | E14: =C14-D14 -> 942495.29 | F14: =E14/B14 -> 0.013078757
A15: 44805 | B15: 69250018 | C15: 1142605.1 | D15: 230592.43 | E15: =C15-D15 -> 912012.62 | F15: =E15/B15 -> 0.013169854
A16: Percentual médio do período | F16: =H16/G16 -> 0.013110871 | G16: =SUM(B4:B15) -> 8.5094424e+08 | H16: =SUM(E4:E15) -> 11156620
A19: APURAÇÃO DO PERCENTUAL MÉDIO DE RECOLHIMENTO DE COFINS
A20: MÊS | B20: FATURAMENTO MENSAL A | C20: CONTRIBUIÇÃO APURADA B | D20: CRÉDITO DESCONTADO C | E20: CONTRIBUIÇÃO DEVIDA D = (B - C) | F20: PERCENTUAL EFETIVO E = D / A
A21: =A4 -> 44470 | B21: =B4 -> 70605537 | C21: 5365996.3 | D21: 1165000.2 | E21: =C21-D21 -> 4200996.1 | F21: =E21/B21 -> 0.059499527
A22: =A5 -> 44501 | B22: =B5 -> 75157035 | C22: 5711742.9 | D22: 1183030.6 | E22: =C22-D22 -> 4528712.3 | F22: =E22/B22 -> 0.060256666
A23: =A6 -> 44531 | B23: =B6 -> 84489831 | C23: 6421198 | D23: 925115.44 | E23: =C23-D23 -> 5496082.6 | F23: =E23/B23 -> 0.065050226
A24: =A7 -> 44562 | B24: =B7 -> 61793402 | C24: 4696277 | D24: 1291390.5 | E24: =C24-D24 -> 3404886.5 | F24: =E24/B24 -> 0.055101134
A25: =A8 -> 44593 | B25: =B8 -> 67011486 | C25: 5092850.8 | D25: 915196.01 | E25: =C25-D25 -> 4177654.8 | F25: =E25/B25 -> 0.062342369
A26: =A9 -> 44621 | B26: =B9 -> 71563373 | C26: 5438793.5 | D26: 1302592.1 | E26: =C26-D26 -> 4136201.4 | F26: =E26/B26 -> 0.057797742
A27: =A10 -> 44652 | B27: =B10 -> 66408169 | C27: 5046999 | D27: 1091361.6 | E27: =C27-D27 -> 3955637.4 | F27: =E27/B27 -> 0.059565525
A28: =A11 -> 44682 | B28: =B11 -> 70436408 | C28: =5353142.76 -> 5353142.8 | D28: 1103354.6 | E28: =C28-D28 -> 4249788.1 | F28: =E28/B28 -> 0.060335106
A29: =A12 -> 44713 | B29: =B12 -> 68558116 | C29: =5210394.1 -> 5210394.1 | D29: 1082280.3 | E29: =C29-D29 -> 4128113.8 | F29: =E29/B29 -> 0.06021335
A30: =A13 -> 44743 | B30: =B13 -> 73607802 | C30: 5594170.8 | D30: 1029896.6 | E30: =C30-D30 -> 4564274.2 | F30: =E30/B30 -> 0.062008022
A31: =A14 -> 44774 | B31: =B14 -> 72063063 | C31: 5476767.3 | D31: 1135490.2 | E31: =C31-D31 -> 4341277.1 | F31: =E31/B31 -> 0.06024275
A32: =A15 -> 44805 | B32: =B15 -> 69250018 | C32: 5262980.3 | D32: 1062122.7 | E32: =C32-D32 -> 4200857.5 | F32: =E32/B32 -> 0.060662187
A33: Percentual médio do período | F33: =H33/G33 -> 0.060385251 | G33: =SUM(B21:B32) -> 8.5094424e+08 | H33: =SUM(E21:E32) -> 51384482

Sheet Memória Encargos
A1: MEMÓRIA DE CÁLCULO / JUSTIFICATIVA VALORES APRESENTADOS
A3: Submódulo 2.1 - 13º Salário e Adicional de Férias | C3: =ROUND(SUM(C5:C15),4) -> 0.1944
A5: A | B5: 13º Salário | C5: =H5 -> 0.0833 | H5: =ROUND(((1/12)),4) -> 0.0833
B6: CÁLCULO:
B7: = [ ( 1 ÷ 12 ) x 100 ] =
B8: = [ 0,0833x 100 ] =
B9: =8,33%
A11: B | B11: Férias e Adicional de Férias | C11: =H11 -> 0.1111 | H11: =ROUND((1/12)+(1/12/3),4) -> 0.1111
B12: CÁLCULO:
B13: = [ ( 1 ÷ 12 ) + ( 1 ÷ 3 x 1 ÷ 12) x 100 ] =
B14: = [ (0,08333 + 0,0278) x 100 ] =
B15: =11,11%
A17: Submódulo 2.2 - GPS, FGTS e Outras Contribuições | C17: =ROUND(SUM(C19:C26),4) -> 0.3713
A19: A | B19: INSS | C19: 0.2 | D19: Definidos por legislação (fixos)
A20: B | B20: Salário Educação | C20: 0.025
A21: C | B21: Seguro Acidente do Trabalho | C21: 0.0333
A22: D | B22: SESC ou SESI | C22: 0.015
A23: E | B23: SENAI ou SENAC | C23: 0.01
A24: F | B24: SEBRAE | C24: 0.006
A25: G | B25: INCRA | C25: 0.002
A26: H | B26: FGTS | C26: 0.08
A28: MÓDULO 3 – PROVISÃO PARA RESCISÃO | C28: =ROUND(SUM(C31:C65),4) -> 0.0471
A29: PROVISÃO PARA RESCISÃO
A31: A | B31: Aviso Prévio Indenizado | C31: =H31 -> 0.0042 | H31: =ROUND(H32*(1/12),4) -> 0.0042
B32: Estatística da Empresa 5,00% dos empregados são substituídos durante o ano (turnover da empresa) | H32: 0.05
B33: CÁLCULO:
B34: = { [ 0,05 x (1 ÷ 12) ] x 100 } =
B35: = { [ 0,05 x 0,083333 ] x 100 } =
B36: = { 0,0042x 100 } =
B37: = 0,42%
A39: B | B39: Incidência do FGTS sobre aviso prévio Indenizado | C39: =C31*C26 -> 0.000336 | D39: Apenas Incidências
B40: CÁLCULO:
B41: = { [ 0,42% x 8,00% ] } =
B42: = 0,03%
A44: C | B44: Multa do FGTS sobre o Aviso Prévio Indenizado | C44: =H44 -> 0.0349 | H44: =ROUND((0.08*0.4*0.9)*(1+1/11+1/11+1/3*1/11),4) -> 0.0349
B45: (Multa de 40% FGTS) + (Multa de 10% Contribuição Social - LC 110/01) em relação ao percentual de aviso prévio indenizado
B46: Considerando que 10% dos empregados pedem contas, essa penalidade recai sobre os 90% remanescentes. Considerando o pagamento da multa para os valores depositados relativos a salários, férias e 13º salário o cálculo.
B47: = { (0,08 x 0,4 x 0,9) x (1 + 1/11 + 1/11 + 1/3 * 1/11) x 100 }=
B48: = 3,49%
A50: D | B50: Aviso Prévio Trabalhado | C50: =H50 -> 0.0019 | H50: =ROUND(((7/30)/12)*H51,4) -> 0.0019
B51: DADOS: | H51: 0.1
B52: Redução de 7 dias ou de 2h por dia
B53: Cerca de 10,00% do pessoal é demitido nessa situação.
B54: CÁLCULO:
B55: = { [ ( 7 ÷ 30 ) ÷ 12 ] x 0,10 x 100 } =
B56: = { [ 0,2333 ÷ 12] x 0,10 x 100 } =
B57: = { 0,0019 x 100 } =
B58: = 0,19%
A60: E | B60: Incidência do Submódulo 4.1 sobre Aviso Prévio Trabalhado | C60: =C50*C17 -> 0.00070547 | D60: Apenas Incidências
A62: F | B62: Multa do FGTS sobre o Aviso Prévio Trabalhado | C62: 0.0051
B63: (Multa de 40% FGTS) + (Multa de 10% Contribuição Social - LC 110/01) em relação ao percentual de aviso prévio trabalhado
B64: De acordo com a Tabela (RESERVA MENSAL PARA O PAGAMENTO DE ENCARGOS TRABALHISTAS - PERCENTUAIS INCIDENTES SOBRE A REMUNERAÇÃO) do Anexo VII da Instrução Normativa nº 2 de 30 de abril de 2008, o percentual da Multa do FGTS e contribuição social sobre o aviso prévio indenizado e sobre o aviso prévio trabalhado é de 5%. Portanto, como o percentual da Multa do FGTS e contribuições sociais sobre Aviso Prévio Indenizado é de 4,36%, conforme calculado no item XV acima, o percentual da Multa do FGTS e contribuições sociais sobre Aviso Prévio trabalhado será de 0,64%.
B65: = (4,00% - 3,49%) x 100
B66: = 0,51%
A68: MÓDULO 4 – CUSTO DE REPOSIÇÃO DO PROFISSIONAL AUSENTE | C68: =ROUND(SUM(C71:C117),4) -> 0.0192
A69: Submódulo 4.1 - Ausências Legais
A71: A | B71: Substituto na cobertura de Férias | C71: =H71 -> 0.0093 | H71: =ROUND(((1/12)+(1/12/3))/12,4) -> 0.0093
B72: CÁLCULO:
B73: = [ (( 1 ÷ 12 ) + ( 1 ÷ 3 x 1 ÷ 12)) ÷ 12 x 100 ] =
B74: = [ (0,08333 + 0,0278) ÷ 12 x 100 ] =
B75: =11,11%
A77: B | B77: Substituto na cobertura de Ausências Legais | C77: =H77 -> 0.0056 | H77: =ROUND((H78/30)/12,4) -> 0.0056
B78: DADOS: | H78: 2
B79: Parâmetro: em média 2,00 ausências no ano
B80: CÁLCULO:
B81: { [ ( 2 ÷ 30 ) ÷ 12 ] X 100 } =
B82: = { [ 0,06 ÷ 12 ] X 100 } =
B83: = { 0,0056 X 100 } =
B84: = 0,56%
A86: C | B86: Substituto na cobertura de Licença-Paternidade | C86: =H86 -> 0.0006 | H86: =ROUND(((5/30)/12)*H87,4) -> 0.0006
B87: DADOS: | H87: 0.04
B88: Estatísticas da empresa: porcentagem dos funcionários que tornam-se pais em um ano
B89: Fórmula:
B90: = {[ (5 ÷ 30) ÷ 12 ] x % dos empregados que tornam-se pais em um ano ÷ 100} x 100
B91: CÁLCULO:
B92: 4,00% dos funcionários tornam-se pais em um ano, o cálculo será:
B93: = {[ (5 ÷ 30) ÷ 12 ] x 0,04 } x 100 =
B94: = { [ 0,1666 ÷ 12 ] x 0,04 } x 100 =
B95: = { 0,013889 x 0,04 } x 100 =
B96: = 0,0006 x 100 =
B97: =0,06%
A99: D | B99: Substituto na cobertura de Ausência por acidente de trabalho | C99: =H99 -> 0.0033 | H99: =ROUND(((15/30)/12)*H100,4) -> 0.0033
B100: DADOS: | H100: 0.08
B101: Estatística: 8,00% sofrem acidente durante o ano
B102: CÁLCULO:
B103: = { [ ( 15 ÷ 30 ) ÷ 12 ] x 0,08 } x 100 =
B104: = { [ 0,5 ÷ 12 ] x 0,08 } x 100 =
B105: = { 0,0416 x 0,08 } x 100 =
B106: = 0,0033 x 100 =
B107: = 0,33%
A109: E | B109: Substituto na cobertura de Afastamento Maternidade | C109: =H109 -> 0.0004 | H109: =ROUND((0.1111*H112*0.3333),4) -> 0.0004
B110: DADOS:
B111: 11,11% = 0,1111 (custo sobre os salários das férias integrais (12/12) dos trabalhadores)
B112: 1,00% = 0,01 (percentual estatístico adotado como de empregadas que se afastam por licença maternidade) | H112: 0.01
B113: 4 meses no ano = 4/12 = 0,3333 (período em um ano a que se referem as férias proporcionais ora calculadas)
B114: CÁLCULO:
B115: = [ ( 0,1111 x 0,01 x 0,3333 ) x 100 ] =
B116: = [ 0,0004 x 100 ] =
B117: = 0,04%

Sheet M2
B3: Complemento dos Serviços de Limpeza, Conservação e Jardinagem
B5: I - PREÇO MENSAL UNITÁRIO POR M²:
A7: 1 | B7: =C118 -> Pisos acarpetados
B8: MÃO DE OBRA | C8: (1) PRODUTIVIDADE (1/m²) | D8: (2) PREÇO HOMEM-MÊS (R$) | E8: (1 X 2) SUB-TOTAL (R$/m²)
B9: Encarregado | C9: ="1/("&$J$136&"x "&J9&")" -> 1/(0x 800) | D9: 0 | E9: =ROUND((1/($J$136*J9))*D9,2) -> #DIV/0! | J9: =$D$118 -> 800
B10: Servente | C10: ="1/"&J9 -> 1/800 | D10: =Canoas!E118 -> 3620.59 | E10: =ROUND(D10*(1/J9),2) -> 4.53
B11: TOTAL | E11: =ROUND(SUM(E9:E10),2) -> #DIV/0!
A13: =A7+1 -> 2 | B13: =C119 -> Pisos frios
B14: MÃO DE OBRA | C14: (1) PRODUTIVIDADE (1/m²) | D14: (2) PREÇO HOMEM-MÊS (R$) | E14: (1 X 2) SUB-TOTAL (R$/m²)
B15: Encarregado | C15: ="1/("&$J$136&"x "&J15&")" -> 1/(0x 800) | D15: 0 | E15: =ROUND((1/($J$136*J15))*D15,2) -> #DIV/0! | J15: =$D$119 -> 800
B16: Servente | C16: ="1/"&J15 -> 1/800 | D16: =Canoas!E118 -> 3620.59 | E16: =ROUND(D16*(1/J15),2) -> 4.53
B17: TOTAL | E17: =ROUND(SUM(E15:E16),2) -> #DIV/0!
A19: =A13+1 -> 3 | B19: =C120 -> Laboratórios
B20: MÃO DE OBRA | C20: (1) PRODUTIVIDADE (1/m²) | D20: (2) PREÇO HOMEM-MÊS (R$) | E20: (1 X 2) SUB-TOTAL (R$/m²)
B21: Encarregado | C21: ="1/("&$J$136&"x "&J21&")" -> 1/(0x 360) | D21: 0 | E21: =ROUND((1/($J$136*J21))*D21,2) -> #DIV/0! | J21: =$D$120 -> 360
B22: Servente | C22: ="1/"&J21 -> 1/360 | D22: =Canoas!E118 -> 3620.59 | E22: =ROUND(D22*(1/J21),2) -> 10.06
B23: TOTAL | E23: =ROUND(SUM(E21:E22),2) -> #DIV/0!
A25: =A19+1 -> 4 | B25: =C121 -> Almoxarifados/galpões
B26: MÃO DE OBRA | C26: (1) PRODUTIVIDADE (1/m²) | D26: (2) PREÇO HOMEM-MÊS (R$) | E26: (1 X 2) SUB-TOTAL (R$/m²)
B27: Encarregado | C27: ="1/("&$J$136&"x "&J27&")" -> 1/(0x 1500) | D27: 0 | E27: =ROUND((1/($J$136*J27))*D27,2) -> #DIV/0! | J27: =$D$121 -> 1500
B28: Servente | C28: ="1/"&J27 -> 1/1500 | D28: =Canoas!E118 -> 3620.59 | E28: =ROUND(D28*(1/J27),2) -> 2.41
B29: TOTAL | E29: =ROUND(SUM(E27:E28),2) -> #DIV/0!
A31: =A25+1 -> 5 | B31: =C122 -> Oficinas
B32: MÃO DE OBRA | C32: (1) PRODUTIVIDADE (1/m²) | D32: (2) PREÇO HOMEM-MÊS (R$) | E32: (1 X 2) SUB-TOTAL (R$/m²)
B33: Encarregado | C33: ="1/("&$J$136&"x "&J33&")" -> 1/(0x 1200) | D33: 0 | E33: =ROUND((1/($J$136*J33))*D33,2) -> #DIV/0! | J33: =$D$122 -> 1200
B34: Servente | C34: ="1/"&J33 -> 1/1200 | D34: =Canoas!E118 -> 3620.59 | E34: =ROUND(D34*(1/J33),2) -> 3.02
B35: TOTAL | E35: =ROUND(SUM(E33:E34),2) -> #DIV/0!
A37: =A31+1 -> 6 | B37: =C123 -> Áreas com espaços livres - saguão, hall e salão
B38: MÃO DE OBRA | C38: (1) PRODUTIVIDADE (1/m²) | D38: (2) PREÇO HOMEM-MÊS (R$) | E38: (1 X 2) SUB-TOTAL (R$/m²)
B39: Encarregado | C39: ="1/("&$J$136&"x "&J39&")" -> 1/(0x 1000) | D39: 0 | E39: =ROUND((1/($J$136*J39))*D39,2) -> #DIV/0! | J39: =$D$123 -> 1000
B40: Servente | C40: ="1/"&J39 -> 1/1000 | D40: =Canoas!E118 -> 3620.59 | E40: =ROUND(D40*(1/J39),2) -> 3.62
B41: TOTAL | E41: =ROUND(SUM(E39:E40),2) -> #DIV/0!
A43: =A37+1 -> 7 | B43: =C124 -> Banheiros
B44: MÃO DE OBRA | C44: (1) PRODUTIVIDADE (1/m²) | D44: (2) PREÇO HOMEM-MÊS (R$) | E44: (1 X 2) SUB-TOTAL (R$/m²)
B45: Encarregado | C45: ="1/("&$J$136&"x "&J45&")" -> 1/(0x 200) | D45: 0 | E45: =ROUND((1/($J$136*J45))*D45,2) -> #DIV/0! | J45: =$D$124 -> 200
B46: Servente | C46: ="1/"&J45 -> 1/200 | D46: =Canoas!E118 -> 3620.59 | E46: =ROUND(D46*(1/J45),2) -> 18.1
B47: TOTAL | E47: =ROUND(SUM(E45:E46),2) -> #DIV/0!
A49: =A43+1 -> 8 | B49: =C125 -> Pisos pavimentados adjacentes/contíguos às edificações
B50: MÃO DE OBRA | C50: (1) PRODUTIVIDADE (1/m²) | D50: (2) PREÇO HOMEM-MÊS (R$) | E50: (1 X 2) SUB-TOTAL (R$/m²)
B51: Encarregado | C51: ="1/("&$J$136&"x "&J51&")" -> 1/(0x 1800) | D51: 0 | E51: =ROUND((1/($J$136*J51))*D51,2) -> #DIV/0! | J51: =$D$125 -> 1800
B52: Servente | C52: ="1/"&J51 -> 1/1800 | D52: =Canoas!E118 -> 3620.59 | E52: =ROUND(D52*(1/J51),2) -> 2.01
B53: TOTAL | E53: =ROUND(SUM(E51:E52),2) -> #DIV/0!
A55: =A49+1 -> 9 | B55: =C126 -> Varrição de passeios e arruamentos
B56: MÃO DE OBRA | C56: (1) PRODUTIVIDADE (1/m²) | D56: (2) PREÇO HOMEM-MÊS (R$) | E56: (1 X 2) SUB-TOTAL (R$/m²)
B57: Encarregado | C57: ="1/("&$J$136&"x "&J57&")" -> 1/(0x 6000) | D57: 0 | E57: =ROUND((1/($J$136*J57))*D57,2) -> #DIV/0! | J57: =$D$126 -> 6000
B58: Servente | C58: ="1/"&J57 -> 1/6000 | D58: =Canoas!E118 -> 3620.59 | E58: =ROUND(D58*(1/J57),2) -> 0.6
B59: TOTAL | E59: =ROUND(SUM(E57:E58),2) -> #DIV/0!
A61: =A55+1 -> 10 | B61: =C127 -> Pátios e áreas verdes com alta frequência
B62: MÃO DE OBRA | C62: (1) PRODUTIVIDADE (1/m²) | D62: (2) PREÇO HOMEM-MÊS (R$) | E62: (1 X 2) SUB-TOTAL (R$/m²)
B63: Encarregado | C63: ="1/("&$J$136&"x "&J63&")" -> 1/(0x 1800) | D63: 0 | E63: =ROUND((1/($J$136*J63))*D63,2) -> #DIV/0! | J63: =$D$127 -> 1800
B64: Servente | C64: ="1/"&J63 -> 1/1800 | D64: =Canoas!E118 -> 3620.59 | E64: =ROUND(D64*(1/J63),2) -> 2.01
B65: TOTAL | E65: =ROUND(SUM(E63:E64),2) -> #DIV/0!
A67: =A61+1 -> 11 | B67: =C128 -> Pátios e áreas verdes com média frequência
B68: MÃO DE OBRA | C68: (1) PRODUTIVIDADE (1/m²) | D68: (2) PREÇO HOMEM-MÊS (R$) | E68: (1 X 2) SUB-TOTAL (R$/m²)
B69: Encarregado | C69: ="1/("&$J$136&"x "&J69&")" -> 1/(0x 1800) | D69: 0 | E69: =ROUND((1/($J$136*J69))*D69,2) -> #DIV/0! | J69: =$D$128 -> 1800
B70: Servente | C70: ="1/"&J69 -> 1/1800 | D70: =Canoas!E118 -> 3620.59 | E70: =ROUND(D70*(1/J69),2) -> 2.01
B71: TOTAL | E71: =ROUND(SUM(E69:E70),2) -> #DIV/0!
A73: =A67+1 -> 12 | B73: =C129 -> Pátios e áreas verdes com baixa frequência
B74: MÃO DE OBRA | C74: (1) PRODUTIVIDADE (1/m²) | D74: (2) PREÇO HOMEM-MÊS (R$) | E74: (1 X 2) SUB-TOTAL (R$/m²)
B75: Encarregado | C75: ="1/("&$J$136&"x "&J75&")" -> 1/(0x 1800) | D75: 0 | E75: =ROUND((1/($J$136*J75))*D75,2) -> #DIV/0! | J75: =$D$129 -> 1800
B76: Servente | C76: ="1/"&J75 -> 1/1800 | D76: =Canoas!E118 -> 3620.59 | E76: =ROUND(D76*(1/J75),2) -> 2.01
B77: TOTAL | E77: =ROUND(SUM(E75:E76),2) -> #DIV/0!
A79: =A73+1 -> 13 | B79: =C130 -> Coleta de detritos em pátios e áreas verdes com frequência diária
B80: MÃO DE OBRA | C80: (1) PRODUTIVIDADE (1/m²) | D80: (2) PREÇO HOMEM-MÊS (R$) | E80: (1 X 2) SUB-TOTAL (R$/m²)
B81: Encarregado | C81: ="1/("&$J$136&"x "&J81&")" -> 1/(0x 100000) | D81: 0 | E81: =ROUND((1/($J$136*J81))*D81,2) -> #DIV/0! | J81: =$D$130 -> 100000
B82: Servente | C82: ="1/"&J81 -> 1/100000 | D82: =Canoas!E118 -> 3620.59 | E82: =ROUND(D82*(1/J81),2) -> 0.04
B83: TOTAL | E83: =ROUND(SUM(E81:E82),2) -> #DIV/0!
A85: =A79+1 -> 14 | B85: =C131 -> Áreas Hospitalares e assemelhadas
B86: MÃO DE OBRA | C86: (1) PRODUTIVIDADE (1/m²) | D86: (2) PREÇO HOMEM-MÊS (R$) | E86: (1 X 2) SUB-TOTAL (R$/m²)
B87: Encarregado | C87: ="1/("&$J$136&"x "&J87&")" -> 1/(0x 360) | D87: 0 | E87: =ROUND((1/($J$136*J87))*D87,2) -> #DIV/0! | J87: =$D$131 -> 360
B88: Servente | C88: ="1/"&J87 -> 1/360 | D88: =Canoas!E118 -> 3620.59 | E88: =ROUND(D88*(1/J87),2) -> 10.06
B89: TOTAL | E89: =ROUND(SUM(E87:E88),2) -> #DIV/0!
A91: =A85+1 -> 15 | B91: =C132 -> Esquadrias Externas face externa com exposição a situação de risco
B92: MÃO DE OBRA | C92: (1) PRODUTIVIDADE (1/m²) | D92: (2) FREQUÊNCIA NO MÊS (HORAS) | E92: (3) JORNADA DE TRABALHO NO MÊS (HORAS) | F92: (4) ( 1 X 2 X 3 ) (ki) | G92: (5) PREÇO HOMEM-MÊS (R$) | H92: (6) =(4X5) SUBTOTAL (R$/m²)
B93: Encarregado | C93: ="1/("&$J$136&"x "&J93&")" -> 1/(0x 130) | D93: 16 | E93: 1/188,76 | F93: =ROUND((1/($J$136*J93))*(D93)*(1/188.76),7) -> #DIV/0! | G93: 0 | H93: =ROUND(F93*G93,2) -> #DIV/0! | J93: =$D$132 -> 130
B94: Servente | C94: ="1/"&J93 -> 1/130 | D94: 16 | E94: 1/188,76 | F94: =ROUND((1/(J93))*(D94)*(1/188.76),7) -> 0.000652 | G94: =Canoas!E118 -> 3620.59 | H94: =ROUND(F94*G94,2) -> 2.36
B95: TOTAL | H95: =ROUND(SUM(H93:H94),2) -> #DIV/0!
A97: =A91+1 -> 16 | B97: =C133 -> Esquadrias Externas face externa sem exposição a situação de risco
B98: MÃO DE OBRA | C98: (1) PRODUTIVIDADE (1/m²) | D98: (2) FREQUÊNCIA NO MÊS (HORAS) | E98: (3) JORNADA DE TRABALHO NO MÊS (HORAS) | F98: (4) ( 1 X 2 X 3 ) (ki) | G98: (5) PREÇO HOMEM-MÊS (R$) | H98: (6) =(4X5) SUBTOTAL (R$/m²)
B99: Encarregado | C99: ="1/("&$J$136&"x "&J99&")" -> 1/(0x 300) | D99: 16 | E99: 1/188,76 | F99: =ROUND((1/($J$136*J99))*(D99)*(1/188.76),7) -> #DIV/0! | G99: 0 | H99: =ROUND(F99*G99,2) -> #DIV/0! | J99: =$D$133 -> 300
B100: Servente | C100: ="1/"&J99 -> 1/300 | D100: 16 | E100: 1/188,76 | F100: =ROUND((1/(J99))*(D100)*(1/188.76),7) -> 0.0002825 | G100: =Canoas!E118 -> 3620.59 | H100: =ROUND(F100*G100,2) -> 1.02
B101: TOTAL | H101: =ROUND(SUM(H99:H100),2) -> #DIV/0!
A103: =A97+1 -> 17 | B103: =C134 -> Esquadrias Externas face interna
B104: MÃO DE OBRA | C104: (1) PRODUTIVIDADE (1/m²) | D104: (2) FREQUÊNCIA NO MÊS (HORAS) | E104: (3) JORNADA DE TRABALHO NO MÊS (HORAS) | F104: (4) ( 1 X 2 X 3 ) (ki) | G104: (5) PREÇO HOMEM-MÊS (R$) | H104: (6) =(4X5) SUBTOTAL (R$/m²)
B105: Encarregado | C105: ="1/("&$J$136&"x "&J105&")" -> 1/(0x 300) | D105: 16 | E105: 1/188,76 | F105: =ROUND((1/($J$136*J105))*(D105)*(1/188.76),7) -> #DIV/0! | G105: 0 | H105: =ROUND(F105*G105,2) -> #DIV/0! | J105: =$D$134 -> 300
B106: Servente | C106: ="1/"&J105 -> 1/300 | D106: 16 | E106: 1/188,76 | F106: =ROUND((1/(J105))*(D106)*(1/188.76),7) -> 0.0002825 | G106: =Canoas!E118 -> 3620.59 | H106: =ROUND(F106*G106,2) -> 1.02
B107: TOTAL | H107: =ROUND(SUM(H105:H106),2) -> #DIV/0!
A109: =A103+1 -> 18 | B109: =C135 -> Fachadas Envidraçadas
B110: MÃO DE OBRA | C110: (1) PRODUTIVIDADE (1/m²) | D110: (2) FREQUÊNCIA NO MÊS (HORAS) | E110: (3) JORNADA DE TRABALHO NO MÊS (HORAS) | F110: (4) ( 1 X 2 X 3 ) (ki) | G110: (5) PREÇO HOMEM-MÊS (R$) | H110: (6) =(4X5) SUBTOTAL (R$/m²)
B111: Encarregado | C111: ="1/("&$J$136&"x "&J111&")" -> 1/(0x 130) | D111: 8 | E111: 1/1132,6 | F111: =ROUND((1/($J$136*J111))*(D111)*(1/1132.6),7) -> #DIV/0! | G111: 0 | H111: =ROUND(F111*G111,2) -> #DIV/0! | J111: =$D$135 -> 130
B112: Servente | C112: ="1/"&J111 -> 1/130 | D112: 8 | E112: 1/1132,6 | F112: =ROUND((1/(J111))*(D112)*(1/1132.6),7) -> 5.43e-05 | G112: =Canoas!E118 -> 3620.59 | H112: =ROUND(F112*G112,2) -> 0.2
B113: TOTAL | H113: =ROUND(SUM(H111:H112),2) -> #DIV/0!
B115: II - VALOR MENSAL DOS SERVIÇOS:
B117: Item | C117: Tipo de Área | D117: Produtividade | E117: Valor M2 | F117: ÁREA (m²) | G117: SUB-TOTAL (R$) | H117: Valor 12 Meses | J117: Serventes | K117: Encarregados | Q117: ]
A118: 800 m2 a 1200 m2 | B118: 1 | C118: Pisos acarpetados | D118: 800 | E118: =E11 -> #DIV/0! | G118: =ROUND(F118*E118,2) -> #DIV/0! | H118: =ROUND(G118*12,2) -> #DIV/0! | J118: =F118/D118 -> 0 | K118: =J118/30 -> 0
A119: 800 m² a 1200 m2 | B119: 2 | C119: Pisos frios | D119: 800 | E119: =E17 -> #DIV/0! | G119: =ROUND(F119*E119,2) -> #DIV/0! | H119: =ROUND(G119*12,2) -> #DIV/0! | J119: =F119/D119 -> 0 | K119: =J119/30 -> 0
A120: 360 m² a 450 m2 | B120: 3 | C120: Laboratórios | D120: 360 | E120: =E23 -> #DIV/0! | G120: =ROUND(F120*E120,2) -> #DIV/0! | H120: =ROUND(G120*12,2) -> #DIV/0! | J120: =F120/D120 -> 0 | K120: =J120/30 -> 0
A121: 1500 m² a 2500 m2' | B121: 4 | C121: Almoxarifados/galpões | D121: 1500 | E121: =E29 -> #DIV/0! | G121: =ROUND(F121*E121,2) -> #DIV/0! | H121: =ROUND(G121*12,2) -> #DIV/0! | J121: =F121/D121 -> 0 | K121: =J121/30 -> 0
A122: 1200 m² a 1800 m2 | B122: 5 | C122: Oficinas | D122: 1200 | E122: =E35 -> #DIV/0! | G122: =ROUND(F122*E122,2) -> #DIV/0! | H122: =ROUND(G122*12,2) -> #DIV/0! | J122: =F122/D122 -> 0 | K122: =J122/30 -> 0
A123: 1000 m²a 1500 m2 | B123: 6 | C123: Áreas com espaços livres - saguão, hall e salão | D123: 1000 | E123: =E41 -> #DIV/0! | G123: =ROUND(F123*E123,2) -> #DIV/0! | H123: =ROUND(G123*12,2) -> #DIV/0! | J123: =F123/D123 -> 0 | K123: =J123/30 -> 0
...
